Workbook

Sheet Rank
A1: id | B1: Name | C1: State | D1: Living Expenses | E1: LivingRank | F1: In State tuition | G1: InState Rank | H1: Total In State | I1: Total InState Rank | J1: Out of State tuition | K1: Out of State Rank | L1: Total Out Of State | M1: Total Out of State Rank | N1: NAVLE Pass | O1: MapPosX | P1: MapPosY | Q1: VetSupplyImg | R1: Note
A2: aub | B2: Auburn | C2: Alabama | D2: 83319 | E2: =RANK(D2,D2:D32) -> 10 | F2: 88030 | G2: =RANK(F2,F2:F32,1) -> 9 | H2: =F2+D2 -> 171349 | I2: =RANK(H2,H2:H32,1) -> 13 | J2: 194402 | K2: =RANK(J2,J2:J32,1) -> 16 | L2: =J2+D2 -> 277721 | M2: =RANK(L2,L2:L32,1) -> 19 | N2: 98 | O2: 530 | P2: 385 | Q2: Auburn.png
A3: cos | B3: Colorado | C3: Colorado | D3: 61997 | E3: =RANK(D3,D2:D32) -> 27 | F3: 113140 | G3: =RANK(F3,F2:F32,1) -> 19 | H3: =F3+D3 -> 175137 | I3: =RANK(H3,H2:H32,1) -> 15 | J3: 238533 | K3: =RANK(J3,J2:J32,1) -> 28 | L3: =J3+D3 -> 300530 | M3: =RANK(L3,L2:L32,1) -> 24 | N3: 98 | O3: 250 | P3: 250 | Q3: Colorado.png
A4: cor | B4: Cornell | C4: New York | D4: 74134 | E4: =RANK(D4,D2:D32) -> 15 | F4: 131776 | G4: =RANK(F4,F2:F32,1) -> 23 | H4: =F4+D4 -> 205910 | I4: =RANK(H4,H2:H32,1) -> 22 | J4: 198337 | K4: =RANK(J4,J2:J32,1) -> 18 | L4: =J4+D4 -> 272471 | M4: =RANK(L4,L2:L32,1) -> 18 | N4: 98 | O4: 658 | P4: 135 | Q4: Cornell.png
A5: fls | B5: Florida | C5: Florida | D5: 69867 | E5: =RANK(D5,D2:D32) -> 21 | F5: 125950 | G5: =RANK(F5,F2:F32,1) -> 21 | H5: =F5+D5 -> 195817 | I5: =RANK(H5,H2:H32,1) -> 20 | J5: 219968 | K5: =RANK(J5,J2:J32,1) -> 26 | L5: =J5+D5 -> 289835 | M5: =RANK(L5,L2:L32,1) -> 23 | N5: 100 | O5: 608 | P5: 420 | Q5: Florida.png
A6: gas | B6: Georgia | C6: Georgia | D6: 70471 | E6: =RANK(D6,D2:D32) -> 20 | F6: 76547 | G6: =RANK(F6,F2:F32,1) -> 3 | H6: =F6+D6 -> 147018 | I6: =RANK(H6,H2:H32,1) -> 4 | J6: 190359 | K6: =RANK(J6,J2:J32,1) -> 14 | L6: =J6+D6 -> 260830 | M6: =RANK(L6,L2:L32,1) -> 14 | N6: 98 | O6: 580 | P6: 370 | Q6: Georgia.png
A7: ils | B7: Illinois | C7: Illinois | D7: 76832 | E7: =RANK(D7,D2:D32) -> 14 | F7: 110889 | G7: =RANK(F7,F2:F32,1) -> 18 | H7: =F7+D7 -> 187721 | I7: =RANK(H7,H2:H32,1) -> 19 | J7: 184684 | K7: =RANK(J7,J2:J32,1) -> 12 | L7: =J7+D7 -> 261516 | M7: =RANK(L7,L2:L32,1) -> 15 | N7: 95 | O7: 475 | P7: 225 | Q7: Illinois.png
A8: isu | B8: ISU | C8: Iowa | D8: 53997 | E8: =RANK(D8,D2:D32) -> 28 | F8: 85879 | G8: =RANK(F8,F2:F32,1) -> 6 | H8: =F8+D8 -> 139876 | I8: =RANK(H8,H2:H32,1) -> 2 | J8: 188458 | K8: =RANK(J8,J2:J32,1) -> 13 | L8: =J8+D8 -> 242455 | M8: =RANK(L8,L2:L32,1) -> 6 | N8: 99 | O8: 415 | P8: 200 | Q8: Iowa.png
A9: ksu | B9: K State | C9: Kansas | D9: 50833 | E9: =RANK(D9,D2:D32) -> 29 | F9: 104874 | G9: =RANK(F9,F2:F32,1) -> 16 | H9: =F9+D9 -> 155707 | I9: =RANK(H9,H2:H32,1) -> 8 | J9: 229273 | K9: =RANK(J9,J2:J32,1) -> 27 | L9: =J9+D9 -> 280106 | M9: =RANK(L9,L2:L32,1) -> 20 | N9: 98 | O9: 350 | P9: 260 | Q9: Kansas.png
A10: lsu | B10: LSU | C10: Louisianna | D10: 50070 | E10: =RANK(D10,D2:D32) -> 30 | F10: 87905 | G10: =RANK(F10,F2:F32,1) -> 8 | H10: =F10+D10 -> 137975 | I10: =RANK(H10,H2:H32,1) -> 1 | J10: 203545 | K10: =RANK(J10,J2:J32,1) -> 19 | L10: =J10+D10 -> 253615 | M10: =RANK(L10,L2:L32,1) -> 10 | N10: 97 | O10: 435 | P10: 400 | Q10: LSU.png
A11: mic | B11: Michigan | C11: Michigan | D11: 82582 | E11: =RANK(D11,D2:D32) -> 12 | F11: 122313 | G11: =RANK(F11,F2:F32,1) -> 20 | H11: =F11+D11 -> 204895 | I11: =RANK(H11,H2:H32,1) -> 21 | J11: 244957 | K11: =RANK(J11,J2:J32,1) -> 29 | L11: =J11+D11 -> 327539 | M11: =RANK(L11,L2:L32,1) -> 30 | O11: 530 | P11: 170 | Q11: Michigan.png
A12: mns | B12: Minnesota | C12: Minnesota | D12: 62609 | E12: =RANK(D12,D2:D32) -> 26 | F12: 145474 | G12: =RANK(F12,F2:F32,1) -> 24 | H12: =F12+D12 -> 208083 | I12: =RANK(H12,H2:H32,1) -> 23 | J12: 251944 | K12: =RANK(J12,J2:J32,1) -> 31 | L12: =J12+D12 -> 314553 | M12: =RANK(L12,L2:L32,1) -> 28 | N12: 97 | O12: 400 | P12: 140 | Q12: Minnesota.png
A13: mss | B13: Mississippi State | C13: Mississippi | D13: 73953 | E13: =RANK(D13,D2:D32) -> 16 | F13: 80729 | G13: =RANK(F13,F2:F32,1) -> 4 | H13: =F13+D13 -> 154682 | I13: =RANK(H13,H2:H32,1) -> 7 | J13: 192784 | K13: =RANK(J13,J2:J32,1) -> 15 | L13: =J13+D13 -> 266737 | M13: =RANK(L13,L2:L32,1) -> 17 | N13: 94 | O13: 480 | P13: 375 | T13: 217535.6
A14: mrs | B14: Missouri | C14: Missouri | D14: 81530 | E14: =RANK(D14,D2:D32) -> 13 | F14: 90056 | G14: =RANK(F14,F2:F32,1) -> 10 | H14: =F14+D14 -> 171586 | I14: =RANK(H14,H2:H32,1) -> 14 | J14: 119362 | K14: =RANK(J14,J2:J32,1) -> 3 | L14: =J14+D14 -> 200892 | M14: =RANK(L14,L2:L32,1) -> 3 | N14: 100 | O14: 430 | P14: 260 | Q14: missouri.png | R14: Tuition fees of up to $221,411 can be expected if the student does not establish in-state residency after the first year.
A15: ncs | B15: NC State | C15: North Carolina | D15: 88711 | E15: =RANK(D15,D2:D32) -> 9 | F15: 72782 | G15: =RANK(F15,F2:F32,1) -> 2 | H15: =F15+D15 -> 161493 | I15: =RANK(H15,H2:H32,1) -> 12 | J15: 95544 | K15: =RANK(J15,J2:J32,1) -> 1 | L15: =J15+D15 -> 184255 | M15: =RANK(L15,L2:L32,1) -> 1 | N15: 99 | O15: 650 | P15: 295 | Q15: North_Carolina.png | R15: Tuition fees of up to $217,535 can be expected if the student does not establish in-state residency after the first year.
A16: oks | B16: Oklahoma | C16: Oklahoma | D16: 71548 | E16: =RANK(D16,D2:D32) -> 18 | F16: 71853 | G16: =RANK(F16,F2:F32,1) -> 1 | H16: =F16+D16 -> 143401 | I16: =RANK(H16,H2:H32,1) -> 3 | J16: 162662 | K16: =RANK(J16,J2:J32,1) -> 8 | L16: =J16+D16 -> 234210 | M16: =RANK(L16,L2:L32,1) -> 5 | N16: 98 | O16: 365 | P16: 315 | Q16: Oklahoma.png
A17: ors | B17: Oregon State | C17: Oregon | D17: 62919 | E17: =RANK(D17,D2:D32) -> 25 | F17: 94449 | G17: =RANK(F17,F2:F32,1) -> 11 | H17: =F17+D17 -> 157368 | I17: =RANK(H17,H2:H32,1) -> 9 | J17: 179619 | K17: =RANK(J17,J2:J32,1) -> 10 | L17: =J17+D17 -> 242538 | M17: =RANK(L17,L2:L32,1) -> 7 | N17: 98 | O17: 65 | P17: 125 | Q17: Oregon.png
A18: ohs | B18: OSU-Ohio | C18: Ohio | D18: 94599 | E18: =RANK(D18,D2:D32) -> 6 | F18: 130172 | G18: =RANK(F18,F2:F32,1) -> 22 | H18: =F18+D18 -> 224771 | I18: =RANK(H18,H2:H32,1) -> 24 | J18: 163646 | K18: =RANK(J18,J2:J32,1) -> 9 | L18: =J18+D18 -> 258245 | M18: =RANK(L18,L2:L32,1) -> 11 | N18: 98 | O18: 563 | P18: 220 | Q18: Ohio.png | R18: Tuition fees of up to $280,209 can be expected if the student does not establish in-state residency after the first year.
A19: pur | B19: Purdue | C19: Indiana | D19: 64212 | E19: =RANK(D19,D2:D32) -> 24 | F19: 86623 | G19: =RANK(F19,F2:F32,1) -> 7 | H19: =F19+D19 -> 150835 | I19: =RANK(H19,H2:H32,1) -> 6 | J19: 197907 | K19: =RANK(J19,J2:J32,1) -> 17 | L19: =J19+D19 -> 262119 | M19: =RANK(L19,L2:L32,1) -> 16 | O19: 520 | P19: 240 | Q19: Purdue.png
A20: ros | B20: Ross | C20: Islands | D20: 102322 | E20: =RANK(D20,D2:D32) -> 2 | F20: 211975 | G20: =RANK(F20,F2:F32,1) -> 30 | H20: =F20+D20 -> 314297 | I20: =RANK(H20,H2:H32,1) -> 31 | J20: 211975 | K20: =RANK(J20,J2:J32,1) -> 21 | L20: =J20+D20 -> 314297 | M20: =RANK(L20,L2:L32,1) -> 27 | N20: 94 | O20: 315 | P20: 525 | Q20: ross_shortage.png
A21: stg | B21: St Georges | C21: Islands | D21: 102322 | E21: =RANK(D21,D2:D32) -> 2 | F21: 183064 | G21: =RANK(F21,F2:F32,1) -> 28 | H21: =F21+D21 -> 285386 | I21: =RANK(H21,H2:H32,1) -> 28 | J21: 183064 | K21: =RANK(J21,J2:J32,1) -> 11 | L21: =J21+D21 -> 285386 | M21: =RANK(L21,L2:L32,1) -> 21 | O21: 475 | P21: 525
A22: stm | B22: St Matthews | C22: Islands | D22: 102322 | E22: =RANK(D22,D2:D32) -> 2 | F22: 158427 | G22: =RANK(F22,F2:F32,1) -> 26 | H22: =F22+D22 -> 260749 | I22: =RANK(H22,H2:H32,1) -> 26 | J22: 158427 | K22: =RANK(J22,J2:J32,1) -> 5 | L22: =J22+D22 -> 260749 | M22: =RANK(L22,L2:L32,1) -> 13 | O22: 665 | P22: 525
A23: tam | B23: TAMU | C23: Texas | D23: 66091 | E23: =RANK(D23,D2:D32) -> 23 | F23: 95105 | G23: =RANK(F23,F2:F32,1) -> 12 | H23: =F23+D23 -> 161196 | I23: =RANK(H23,H2:H32,1) -> 11 | J23: 143256 | K23: =RANK(J23,J2:J32,1) -> 4 | L23: =J23+D23 -> 209347 | M23: =RANK(L23,L2:L32,1) -> 4 | N23: 99 | O23: 330 | P23: 385 | Q23: Texas.png
A24: tuf | B24: Tufts | C24: Massacheusetts | D24: 71440 | E24: =RANK(D24,D2:D32) -> 19 | F24: 189400 | G24: =RANK(F24,F2:F32,1) -> 29 | H24: =F24+D24 -> 260840 | I24: =RANK(H24,H2:H32,1) -> 27 | J24: 215161 | K24: =RANK(J24,J2:J32,1) -> 25 | L24: =J24+D24 -> 286601 | M24: =RANK(L24,L2:L32,1) -> 22 | N24: 99 | O24: 717 | P24: 156 | Q24: Tufts.png
A25: tus | B25: Tuskegee | C25: Alabama | D25: 83319 | E25: =RANK(D25,D2:D32) -> 10 | F25: 97353 | G25: =RANK(F25,F2:F32,1) -> 13 | H25: =F25+D25 -> 180672 | I25: =RANK(H25,H2:H32,1) -> 17 | J25: 162569 | K25: =RANK(J25,J2:J32,1) -> 7 | L25: =J25+D25 -> 245888 | M25: =RANK(L25,L2:L32,1) -> 8 | O25: 523 | P25: 347
A26: upn | B26: U Penn | C26: Pennsylvania | D26: 124347 | E26: =RANK(D26,D2:D32) -> 1 | F26: 171462 | G26: =RANK(F26,F2:F32,1) -> 27 | H26: =F26+D26 -> 295809 | I26: =RANK(H26,H2:H32,1) -> 29 | J26: 214890 | K26: =RANK(J26,J2:J32,1) -> 24 | L26: =J26+D26 -> 339237 | M26: =RANK(L26,L2:L32,1) -> 31 | N26: 99 | O26: 630 | P26: 200 | Q26: penn.png
A27: ucd | B27: UCDavis | C27: California | D27: 92530 | E27: =RANK(D27,D2:D32) -> 7 | F27: 148320 | G27: =RANK(F27,F2:F32,1) -> 25 | H27: =F27+D27 -> 240850 | I27: =RANK(H27,H2:H32,1) -> 25 | J27: 160565 | K27: =RANK(J27,J2:J32,1) -> 6 | L27: =J27+D27 -> 253095 | M27: =RANK(L27,L2:L32,1) -> 9 | N27: 97 | O27: 30 | P27: 200 | Q27: Davis.png | R27: Tuition fees of up to $203,205 can be expected if the student does not establish in-state residency after the first year.
A28: utn | B28: U Tenn | C28: Tennessee | D28: 89176 | E28: =RANK(D28,D2:D32) -> 8 | F28: 98312 | G28: =RANK(F28,F2:F32,1) -> 14 | H28: =F28+D28 -> 187488 | I28: =RANK(H28,H2:H32,1) -> 18 | J28: 211864 | K28: =RANK(J28,J2:J32,1) -> 20 | L28: =J28+D28 -> 301040 | M28: =RANK(L28,L2:L32,1) -> 25 | N28: 100 | O28: 520 | P28: 310 | Q28: tennessee.png
A29: vam | B29: VA MD | C29: Virginia | D29: 47411 | E29: =RANK(D29,D2:D32) -> 31 | F29: 99783 | G29: =RANK(F29,F2:F32,1) -> 15 | H29: =F29+D29 -> 147194 | I29: =RANK(H29,H2:H32,1) -> 5 | J29: 212810 | K29: =RANK(J29,J2:J32,1) -> 22 | L29: =J29+D29 -> 260221 | M29: =RANK(L29,L2:L32,1) -> 12 | N29: 100 | O29: 630 | P29: 262 | Q29: virginia.png
A30: was | B30: Washington | C30: Washington | D30: 67376 | E30: =RANK(D30,D2:D32) -> 22 | F30: 108496 | G30: =RANK(F30,F2:F32,1) -> 17 | H30: =F30+D30 -> 175872 | I30: =RANK(H30,H2:H32,1) -> 16 | J30: 247686 | K30: =RANK(J30,J2:J32,1) -> 30 | L30: =J30+D30 -> 315062 | M30: =RANK(L30,L2:L32,1) -> 29 | N30: 97 | O30: 85 | P30: 65 | Q30: Washington.png
A31: wst | B31: Western | C31: California | D31: 96508 | E31: =RANK(D31,D2:D32) -> 5 | F31: 214679 | G31: =RANK(F31,F2:F32,1) -> 31 | H31: =F31+D31 -> 311187 | I31: =RANK(H31,H2:H32,1) -> 30 | J31: 214679 | K31: =RANK(J31,J2:J32,1) -> 23 | L31: =J31+D31 -> 311187 | M31: =RANK(L31,L2:L32,1) -> 26 | N31: 96 | O31: 45 | P31: 275 | Q31: Western.png
A32: wis | B32: Wisconsin | C32: Wisconsin | D32: 72798 | E32: =RANK(D32,D2:D32) -> 17 | F32: 85323 | G32: =RANK(F32,F2:F32,1) -> 5 | H32: =F32+D32 -> 158121 | I32: =RANK(H32,H2:H32,1) -> 10 | J32: 115999 | K32: =RANK(J32,J2:J32,1) -> 2 | L32: =J32+D32 -> 188797 | M32: =RANK(L32,L2:L32,1) -> 2 | N32: 98 | O32: 460 | P32: 145 | Q32: Wisconsin.png

Sheet Tuition
A1: In-state tuition | F1: CLASS OF 2016 | G1: Out-of-state Tuition
A2: year 1 | B2: year 2 | C2: year 3 | D2: year 4 | H2: year 1 | I2: year 2 | J2: year 3 | K2: year 4
A3: 12-13 in | B3: 13-14 in | C3: 14-15 in | D3: 15-16 in | F3: % annual increase | H3: 12-13out | I3: 13-14 out | J3: 14-15out | K3: 15-16out
E4: TOTAL | F4: 0.0764 | G4: TOTAL
A5: 19640 | B5: =A5*(1+$F$4) -> 21140.496 | C5: =B5*(1+$F$4) -> 22755.63 | D5: =C5*(1+$F$4) -> 24494.16 | E5: =SUM(A5:D5) -> 88030.286 | F5: Auburn University College of Veterinary Medicine | G5: =SUM(H5:K5) -> 194401.71 | H5: 43372 | I5: =H5*(1+$F$4) -> 46685.621 | J5: =I5*(1+$F$4) -> 50252.402 | K5: =J5*(1+$F$4) -> 54091.686
A6: 29400 | B6: =A6*(1+$F$4) -> 31646.16 | C6: =B6*(1+$F$4) -> 34063.927 | D6: =C6*(1+$F$4) -> 36666.411 | E6: =SUM(A6:D6) -> 131776.5 | F6: Cornell University College of Veterinary Medicine | G6: =SUM(H6:K6) -> 198337.07 | H6: 44250 | I6: =H6*(1+$F$4) -> 47630.7 | J6: =I6*(1+$F$4) -> 51269.685 | K6: =J6*(1+$F$4) -> 55186.689
A7: 25242 | B7: =A7*(1+$F$4) -> 27170.489 | C7: =B7*(1+$F$4) -> 29246.314 | D7: =C7*(1+$F$4) -> 31480.733 | E7: =SUM(A7:D7) -> 113139.54 | F7: Colorado State University College of Veterinary Medicine | G7: =SUM(H7:K7) -> 238533.39 | H7: 53218 | I7: =H7*(1+$F$4) -> 57283.855 | J7: =I7*(1+$F$4) -> 61660.342 | K7: =J7*(1+$F$4) -> 66371.192
A8: 28100 | B8: =A8*(1+$F$4) -> 30246.84 | C8: =B8*(1+$F$4) -> 32557.699 | D8: =C8*(1+$F$4) -> 35045.107 | E8: =SUM(A8:D8) -> 125949.65 | F8: University of Florida College of Veterinary Medicine | G8: =SUM(H8:K8) -> 219968.14 | H8: 49076 | I8: =H8*(1+$F$4) -> 52825.406 | J8: =I8*(1+$F$4) -> 56861.267 | K8: =J8*(1+$F$4) -> 61205.468
A9: 24740 | B9: =A9*(1+$F$4) -> 26630.136 | C9: =B9*(1+$F$4) -> 28664.678 | D9: =C9*(1+$F$4) -> 30854.66 | E9: =SUM(A9:D9) -> 110889.47 | F9: University of Illinois College of Veterinary Medicine | G9: =SUM(H9:K9) -> 184684.31 | H9: 41204 | I9: =H9*(1+$F$4) -> 44351.986 | J9: =I9*(1+$F$4) -> 47740.477 | K9: =J9*(1+$F$4) -> 51387.85
A10: 19160 | B10: =A10*(1+$F$4) -> 20623.824 | C10: =B10*(1+$F$4) -> 22199.484 | D10: =C10*(1+$F$4) -> 23895.525 | E10: =SUM(A10:D10) -> 85878.833 | F10: Iowa State University College of Veterinary Medicine | G10: =SUM(H10:K10) -> 188458.32 | H10: 42046 | I10: =H10*(1+$F$4) -> 45258.314 | J10: =I10*(1+$F$4) -> 48716.05 | K10: =J10*(1+$F$4) -> 52437.956
A11: 23398 | B11: =A11*(1+$F$4) -> 25185.607 | C11: =B11*(1+$F$4) -> 27109.788 | D11: =C11*(1+$F$4) -> 29180.975 | E11: =SUM(A11:D11) -> 104874.37 | F11: Kansas State University College of Veterinary Medicine | G11: =SUM(H11:K11) -> 229273.18 | H11: 51152 | I11: =H11*(1+$F$4) -> 55060.013 | J11: =I11*(1+$F$4) -> 59266.598 | K11: =J11*(1+$F$4) -> 63794.566
A12: 19612 | B12: =A12*(1+$F$4) -> 21110.357 | C12: =B12*(1+$F$4) -> 22723.188 | D12: =C12*(1+$F$4) -> 24459.24 | E12: =SUM(A12:D12) -> 87904.784 | F12: Louisiana State University College of Veterinary Medicine | G12: =SUM(H12:K12) -> 203545.38 | H12: 45412 | I12: =H12*(1+$F$4) -> 48881.477 | J12: =I12*(1+$F$4) -> 52616.022 | K12: =J12*(1+$F$4) -> 56635.886
A13: 32456 | B13: =A13*(1+$F$4) -> 34935.638 | C13: =B13*(1+$F$4) -> 37604.721 | D13: =C13*(1+$F$4) -> 40477.722 | E13: =SUM(A13:D13) -> 145474.08 | F13: University of Minnesota College of Veterinary Medicine | G13: =SUM(H13:K13) -> 251944.11 | H13: 56210 | I13: =H13*(1+$F$4) -> 60504.444 | J13: =I13*(1+$F$4) -> 65126.984 | K13: =J13*(1+$F$4) -> 70102.685
A14: 18011 | B14: =A14*(1+$F$4) -> 19387.04 | C14: =B14*(1+$F$4) -> 20868.21 | D14: =C14*(1+$F$4) -> 22462.542 | E14: =SUM(A14:D14) -> 80728.792 | F14: Mississippi State University College of Veterinary Medicine | G14: =SUM(H14:K14) -> 192783.64 | H14: 43011 | I14: =H14*(1+$F$4) -> 46297.04 | J14: =I14*(1+$F$4) -> 49834.134 | K14: =J14*(1+$F$4) -> 53641.462
A15: 26016 | B15: =A15*(1+$F$4) -> 28003.622 | C15: 15072 | D15: 53221 | E15: =SUM(A15:D15) -> 122312.62 | F15: Michigan State University College of Veterinary Medicine | G15: =SUM(H15:K15) -> 244956.54 | H15: 52206 | I15: =H15*(1+$F$4) -> 56194.538 | J15: 30244 | K15: 106312
A16: 16238 | B16: =A16*(1+$F$4) -> 17478.583 | C16: =B16*(1+$F$4) -> 18813.947 | D16: =C16*(1+$F$4) -> 20251.333 | E16: =SUM(A16:D16) -> 72781.863 | F16: North Carolina State University College Veterinary Medicine NONRESx4 | G16: =SUM(H16:K16) -> 174805.56 | H16: 39000 | I16: =H16*(1+$F$4) -> 41979.6 | J16: =I16*(1+$F$4) -> 45186.841 | K16: =J16*(1+$F$4) -> 48639.116
A17: 16238 | B17: =A17*(1+$F$4) -> 17478.583 | C17: =B17*(1+$F$4) -> 18813.947 | D17: =C17*(1+$F$4) -> 20251.333 | E17: =SUM(A17:D17) -> 72781.863 | F17: North Carolina State University College of Veterinary Medicine | G17: =SUM(H17:K17) -> 95544 | H17: 39000 | I17: 17479 | J17: 18814 | K17: 20251
A18: 15835 | B18: 17316 | C18: 18639 | D18: 20063 | E18: =SUM(A18:D18) -> 71853 | F18: Oklahoma State University College of Veterinary Medicine | G18: =SUM(H18:K18) -> 162662 | H18: 36095 | I18: 39124 | J18: 42113 | K18: 45330
A19: 21072 | B19: =A19*(1+$F$4) -> 22681.901 | C19: =B19*(1+$F$4) -> 24414.798 | D19: =C19*(1+$F$4) -> 26280.089 | E19: =SUM(A19:D19) -> 94448.787 | F19: Oregon State University College of Veterinary Medicine | G19: =SUM(H19:K19) -> 179619.43 | H19: 40074 | I19: =H19*(1+$F$4) -> 43135.654 | J19: =I19*(1+$F$4) -> 46431.218 | K19: =J19*(1+$F$4) -> 49978.563
A20: 29042 | B20: =A20*(1+$F$4) -> 31260.809 | C20: =B20*(1+$F$4) -> 33649.135 | D20: =C20*(1+$F$4) -> 36219.928 | E20: =SUM(A20:D20) -> 130171.87 | F20: The Ohio State University College Veterinary Medicine NONRESx4 | G20: =SUM(H20:K20) -> 280208.83 | H20: 62516 | I20: =H20*(1+$F$4) -> 67292.222 | J20: =I20*(1+$F$4) -> 72433.348 | K20: =J20*(1+$F$4) -> 77967.256
A21: 29042 | B21: =A21*(1+$F$4) -> 31260.809 | C21: =B21*(1+$F$4) -> 33649.135 | D21: =C21*(1+$F$4) -> 36219.928 | E21: =SUM(A21:D21) -> 130171.87 | F21: The Ohio State University College of Veterinary Medicine | G21: =SUM(H21:K21) -> 163645.87 | H21: 62516 | I21: 31260.809 | J21: 33649.135 | K21: 36219.928
A22: 38254 | B22: =A22*(1+$F$4) -> 41176.606 | C22: =B22*(1+$F$4) -> 44322.498 | D22: =C22*(1+$F$4) -> 47708.737 | E22: =SUM(A22:D22) -> 171461.84 | F22: University of Pennsylvania School of Veterinary Medicine | G22: =SUM(H22:K22) -> 214889.82 | H22: 47943 | I22: =H22*(1+$F$4) -> 51605.845 | J22: =I22*(1+$F$4) -> 55548.532 | K22: =J22*(1+$F$4) -> 59792.44
A23: 19326 | B23: =A23*(1+$F$4) -> 20802.506 | C23: =B23*(1+$F$4) -> 22391.818 | D23: =C23*(1+$F$4) -> 24102.553 | E23: =SUM(A23:D23) -> 86622.877 | F23: Purdue University School of Veterinary Medicine | G23: =SUM(H23:K23) -> 197906.78 | H23: 44154 | I23: =H23*(1+$F$4) -> 47527.366 | J23: =I23*(1+$F$4) -> 51158.456 | K23: =J23*(1+$F$4) -> 55066.962
A24: 20478 | B24: =A24*(1+$F$4) -> 22042.519 | C24: =B24*(1+$F$4) -> 23726.568 | D24: =C24*(1+$F$4) -> 25539.277 | E24: =SUM(A24:D24) -> 91786.364 | F24: Texas A&M University College of Veterinary Medicine | G24: =SUM(H24:K24) -> 140194.06 | H24: 31278 | I24: =H24*(1+$F$4) -> 33667.639 | J24: =I24*(1+$F$4) -> 36239.847 | K24: =J24*(1+$F$4) -> 39008.571
A25: 21934 | B25: =A25*(1+$F$4) -> 23609.758 | C25: =B25*(1+$F$4) -> 25413.543 | D25: =C25*(1+$F$4) -> 27355.138 | E25: =SUM(A25:D25) -> 98312.438 | F25: University of Tennessee College of Veterinary Medicine | G25: =SUM(H25:K25) -> 211864.34 | H25: 47268 | I25: =H25*(1+$F$4) -> 50879.275 | J25: =I25*(1+$F$4) -> 54766.452 | K25: =J25*(1+$F$4) -> 58950.609
A26: =(((41062+3360)+214)+50)+150 -> 44836 | B26: =(((41062+3360)+214)+50)+1.0764 -> 44687.076 | C26: =B26*(1+$F$4) -> 48101.169 | D26: =C26*(1+$F$4) -> 51776.098 | E26: =SUM(A26:D26) -> 189400.34 | F26: Tufts University Cummings School of Veterinary Medicine | G26: =SUM(H26:K26) -> 215160.84 | H26: =(((44346+3360)+214)+50)+150 -> 48120 | I26: =(((44346+3360)+214)+50)*1.0764 -> 51634.908 | J26: =I26*(1+$F$4) -> 55579.815 | K26: =J26*(1+$F$4) -> 59826.113
A27: 21720 | B27: =A27*(1+$F$4) -> 23379.408 | C27: =B27*(1+$F$4) -> 25165.595 | D27: =C27*(1+$F$4) -> 27088.246 | E27: =SUM(A27:D27) -> 97353.249 | F27: Tuskegee University School of Veterinary Medicine | G27: =SUM(H27:K27) -> 162569.17 | H27: 36270 | I27: =H27*(1+$F$4) -> 39041.028 | J27: =I27*(1+$F$4) -> 42023.763 | K27: =J27*(1+$F$4) -> 45234.378
A28: 33091 | B28: =A28*(1+$F$4) -> 35619.152 | C28: =B28*(1+$F$4) -> 38340.456 | D28: =C28*(1+$F$4) -> 41269.666 | E28: =SUM(A28:D28) -> 148320.27 | F28: University of California, Davis School Veterinary Medicine NONRESx4 | G28: =SUM(H28:K28) -> 203204.74 | H28: 45336 | I28: =H28*(1+$F$4) -> 48799.67 | J28: =I28*(1+$F$4) -> 52527.965 | K28: =J28*(1+$F$4) -> 56541.102
A29: 33091 | B29: =A29*(1+$F$4) -> 35619.152 | C29: =B29*(1+$F$4) -> 38340.456 | D29: =C29*(1+$F$4) -> 41269.666 | E29: =SUM(A29:D29) -> 148320.27 | F29: University of California, Davis School of Veterinary Medicine | G29: =SUM(H29:K29) -> 160565.27 | H29: 45336 | I29: 35619.152 | J29: 38340.456 | K29: 41269.666
A30: 17078 | B30: =A30*(1+$F$4) -> 18382.759 | C30: =B30*(1+$F$4) -> 19787.202 | D30: =C30*(1+$F$4) -> 21298.944 | E30: =SUM(A30:D30) -> 76546.905 | F30: University of Georgia College of Veterinary Medicine | G30: =SUM(H30:K30) -> 190358.77 | H30: 42470 | I30: =H30*(1+$F$4) -> 45714.708 | J30: =I30*(1+$F$4) -> 49207.312 | K30: =J30*(1+$F$4) -> 52966.75
A31: 20092 | B31: =A31*(1+$F$4) -> 21627.029 | C31: =B31*(1+$F$4) -> 23279.334 | D31: =C31*(1+$F$4) -> 25057.875 | E31: =SUM(A31:D31) -> 90056.238 | F31: University of Missouri College Veterinary Medicine NONRESx4 | G31: =SUM(H31:K31) -> 221411.41 | H31: 49398 | I31: =H31*(1+$F$4) -> 53172.007 | J31: =I31*(1+$F$4) -> 57234.349 | K31: =J31*(1+$F$4) -> 61607.053
A32: 20092 | B32: =A32*(1+$F$4) -> 21627.029 | C32: =B32*(1+$F$4) -> 23279.334 | D32: =C32*(1+$F$4) -> 25057.875 | E32: =SUM(A32:D32) -> 90056.238 | F32: University of Missouri College of Veterinary Medicine | G32: =SUM(H32:K32) -> 119362.24 | H32: 49398 | I32: 21627.029 | J32: 23279.334 | K32: 25057.875
A33: 22740 | B33: =A33*(1+$F$4) -> 24477.336 | C33: =B33*(1+$F$4) -> 26347.404 | D33: =C33*(1+$F$4) -> 28360.346 | E33: =SUM(A33:D33) -> 101925.09 | F33: Utah State University | G33: =SUM(H33:K33) -> 191981.32 | H33: 42832 | I33: =H33*(1+$F$4) -> 46104.365 | J33: =I33*(1+$F$4) -> 49626.738 | K33: =J33*(1+$F$4) -> 53418.221
A34: 22262 | B34: =A34*(1+$F$4) -> 23962.817 | C34: =B34*(1+$F$4) -> 25793.576 | D34: =C34*(1+$F$4) -> 27764.205 | E34: =SUM(A34:D34) -> 99782.598 | F34: Virginia-Maryland Regional College of Veterinary Medicine | G34: =SUM(H34:K34) -> 212810.08 | H34: 47479 | I34: =H34*(1+$F$4) -> 51106.396 | J34: =I34*(1+$F$4) -> 55010.924 | K34: =J34*(1+$F$4) -> 59213.759
A35: 47896 | B35: =A35*(1+$F$4) -> 51555.254 | C35: =B35*(1+$F$4) -> 55494.076 | D35: =C35*(1+$F$4) -> 59733.823 | E35: =SUM(A35:D35) -> 214679.15 | F35: Western University of Health Sciences College of Veterinary Medicine | G35: =SUM(H35:K35) -> 214679.15 | H35: 47896 | I35: =H35*(1+$F$4) -> 51555.254 | J35: =I35*(1+$F$4) -> 55494.076 | K35: =J35*(1+$F$4) -> 59733.823
A36: 19036 | B36: =A36*(1+$F$4) -> 20490.35 | C36: =B36*(1+$F$4) -> 22055.813 | D36: =C36*(1+$F$4) -> 23740.877 | E36: =SUM(A36:D36) -> 85323.041 | F36: University of Wisconsin at Madison School of Veterinary Medicine | G36: =SUM(H36:K36) -> 115999.18 | H36: 25880 | I36: =H36*(1+$F$4) -> 27857.232 | J36: =I36*(1+$F$4) -> 29985.525 | K36: =J36*(1+$F$4) -> 32276.419
A37: 24206 | B37: =A37*(1+$F$4) -> 26055.338 | C37: =B37*(1+$F$4) -> 28045.966 | D37: =C37*(1+$F$4) -> 30188.678 | E37: =SUM(A37:D37) -> 108495.98 | F37: Washington State University College of Veterinary Medicine | G37: =SUM(H37:K37) -> 247686.03 | H37: 55260 | I37: =H37*(1+$F$4) -> 59481.864 | J37: =I37*(1+$F$4) -> 64026.278 | K37: =J37*(1+$F$4) -> 68917.886
A40: In-state tuition | F40: CLASS OF 2017 | G40: Out-of-state Tuition
A41: year 1 | B41: year 2 | C41: year 3 | D41: year 4 | H41: year 1 | I41: year 2 | J41: year 3 | K41: year 4
A42: 12-13 in | B42: 13-14 in | C42: 14-15 in | D42: 15-16 in | F42: % annual increase | H42: 12-13out | I42: 13-14 out | J42: 14-15out | K42: 15-16out
E43: TOTAL | F43: 0.0764 | G43: TOTAL
A44: =A5*0.0764+A5 -> 21140.496 | B44: =B5*0.0764+B5 -> 22755.63 | C44: =C5*0.0764+C5 -> 24494.16 | D44: =D5*0.0764+D5 -> 26365.514 | E44: =SUM(A44:D44) -> 94755.8 | F44: Auburn University College of Veterinary Medicine | G44: =SUM(H44:K44) -> 209254 | H44: =H5*0.0764+H5 -> 46685.621 | I44: =I5*0.0764+I5 -> 50252.402 | J44: =J5*0.0764+J5 -> 54091.686 | K44: =K5*0.0764+K5 -> 58224.291
A45: =A6*0.0764+A6 -> 31646.16 | B45: =B6*0.0764+B6 -> 34063.927 | C45: =C6*0.0764+C6 -> 36666.411 | D45: =D6*0.0764+D6 -> 39467.724 | E45: =SUM(A45:D45) -> 141844.22 | F45: Cornell University College of Veterinary Medicine | G45: =SUM(H45:K45) -> 213490.03 | H45: =H6*0.0764+H6 -> 47630.7 | I45: =I6*0.0764+I6 -> 51269.685 | J45: =J6*0.0764+J6 -> 55186.689 | K45: =K6*0.0764+K6 -> 59402.953
A46: =A7*0.0764+A7 -> 27170.489 | B46: =B7*0.0764+B7 -> 29246.314 | C46: =C7*0.0764+C7 -> 31480.733 | D46: =D7*0.0764+D7 -> 33885.861 | E46: =SUM(A46:D46) -> 121783.4 | F46: Colorado State University College of Veterinary Medicine | G46: =SUM(H46:K46) -> 256757.34 | H46: =H7*0.0764+H7 -> 57283.855 | I46: =I7*0.0764+I7 -> 61660.342 | J46: =J7*0.0764+J7 -> 66371.192 | K46: =K7*0.0764+K7 -> 71441.951
A47: =A8*0.0764+A8 -> 30246.84 | B47: =B8*0.0764+B8 -> 32557.699 | C47: =C8*0.0764+C8 -> 35045.107 | D47: =D8*0.0764+D8 -> 37722.553 | E47: =SUM(A47:D47) -> 135572.2 | F47: University of Florida College of Veterinary Medicine | G47: =SUM(H47:K47) -> 236773.71 | H47: =H8*0.0764+H8 -> 52825.406 | I47: =I8*0.0764+I8 -> 56861.267 | J47: =J8*0.0764+J8 -> 61205.468 | K47: =K8*0.0764+K8 -> 65881.566
A48: =A9*0.0764+A9 -> 26630.136 | B48: =B9*0.0764+B9 -> 28664.678 | C48: =C9*0.0764+C9 -> 30854.66 | D48: =D9*0.0764+D9 -> 33211.956 | E48: =SUM(A48:D48) -> 119361.43 | F48: University of Illinois College of Veterinary Medicine | G48: =SUM(H48:K48) -> 198794.19 | H48: =H9*0.0764+H9 -> 44351.986 | I48: =I9*0.0764+I9 -> 47740.477 | J48: =J9*0.0764+J9 -> 51387.85 | K48: =K9*0.0764+K9 -> 55313.881
A49: =A10*0.0764+A10 -> 20623.824 | B49: =B10*0.0764+B10 -> 22199.484 | C49: =C10*0.0764+C10 -> 23895.525 | D49: =D10*0.0764+D10 -> 25721.143 | E49: =SUM(A49:D49) -> 92439.976 | F49: Iowa State University College of Veterinary Medicine | G49: =SUM(H49:K49) -> 202856.54 | H49: =H10*0.0764+H10 -> 45258.314 | I49: =I10*0.0764+I10 -> 48716.05 | J49: =J10*0.0764+J10 -> 52437.956 | K49: =K10*0.0764+K10 -> 56444.216
A50: =A11*0.0764+A11 -> 25185.607 | B50: =B11*0.0764+B11 -> 27109.788 | C50: =C11*0.0764+C11 -> 29180.975 | D50: =D11*0.0764+D11 -> 31410.402 | E50: =SUM(A50:D50) -> 112886.77 | F50: Kansas State University College of Veterinary Medicine | G50: =SUM(H50:K50) -> 246789.65 | H50: =H11*0.0764+H11 -> 55060.013 | I50: =I11*0.0764+I11 -> 59266.598 | J50: =J11*0.0764+J11 -> 63794.566 | K50: =K11*0.0764+K11 -> 68668.471
A51: =A12*0.0764+A12 -> 21110.357 | B51: =B12*0.0764+B12 -> 22723.188 | C51: =C12*0.0764+C12 -> 24459.24 | D51: =D12*0.0764+D12 -> 26327.926 | E51: =SUM(A51:D51) -> 94620.71 | F51: Louisiana State University College of Veterinary Medicine | G51: =SUM(H51:K51) -> 219096.25 | H51: =H12*0.0764+H12 -> 48881.477 | I51: =I12*0.0764+I12 -> 52616.022 | J51: =J12*0.0764+J12 -> 56635.886 | K51: =K12*0.0764+K12 -> 60962.867
A52: =A13*0.0764+A13 -> 34935.638 | B52: =B13*0.0764+B13 -> 37604.721 | C52: =C13*0.0764+C13 -> 40477.722 | D52: =D13*0.0764+D13 -> 43570.22 | E52: =SUM(A52:D52) -> 156588.3 | F52: University of Minnesota College of Veterinary Medicine | G52: =SUM(H52:K52) -> 271192.64 | H52: =H13*0.0764+H13 -> 60504.444 | I52: =I13*0.0764+I13 -> 65126.984 | J52: =J13*0.0764+J13 -> 70102.685 | K52: =K13*0.0764+K13 -> 75458.53
A53: =A14*0.0764+A14 -> 19387.04 | B53: =B14*0.0764+B14 -> 20868.21 | C53: =C14*0.0764+C14 -> 22462.542 | D53: =D14*0.0764+D14 -> 24178.68 | E53: =SUM(A53:D53) -> 86896.472 | F53: Mississippi State University College of Veterinary Medicine | G53: =SUM(H53:K53) -> 207512.31 | H53: =H14*0.0764+H14 -> 46297.04 | I53: =I14*0.0764+I14 -> 49834.134 | J53: =J14*0.0764+J14 -> 53641.462 | K53: =K14*0.0764+K14 -> 57739.67
A54: =A15*0.0764+A15 -> 28003.622 | B54: =B15*0.0764+B15 -> 30143.099 | C54: =C15*0.0764+C15 -> 16223.501 | D54: =D15*0.0764+D15 -> 57287.084 | E54: =SUM(A54:D54) -> 131657.31 | F54: Michigan State University College of Veterinary Medicine | G54: =SUM(H54:K54) -> 263671.22 | H54: =H15*0.0764+H15 -> 56194.538 | I54: =I15*0.0764+I15 -> 60487.801 | J54: =J15*0.0764+J15 -> 32554.642 | K54: =K15*0.0764+K15 -> 114434.24
A55: =A16*0.0764+A16 -> 17478.583 | B55: =B16*0.0764+B16 -> 18813.947 | C55: =C16*0.0764+C16 -> 20251.333 | D55: =D16*0.0764+D16 -> 21798.534 | E55: =SUM(A55:D55) -> 78342.397 | F55: North Carolina State University College Veterinary Medicine NONRESx4 | G55: =SUM(H55:K55) -> 188160.7 | H55: =H16*0.0764+H16 -> 41979.6 | I55: =I16*0.0764+I16 -> 45186.841 | J55: =J16*0.0764+J16 -> 48639.116 | K55: =K16*0.0764+K16 -> 52355.145
... A76: =A37*0.0764+A37 -> 26055.338 | B76: =B37*0.0764+B37 -> 28045.966 | C76: =C37*0.0764+C37 -> 30188.678 | D76: =D37*0.0764+D37 -> 32495.093 | E76: =SUM(A76:D76) -> 116785.08 | F76: Washington State University College of Veterinary Medicine | G76: =SUM(H76:K76) -> 266609.24 | H76: =H37*0.0764+H37 -> 59481.864 | I76: =I37*0.0764+I37 -> 64026.278 | J76: =J37*0.0764+J37 -> 68917.886 | K76: =K37*0.0764+K37 -> 74183.213
A79: In-state tuition | F79: CLASS OF 2018 | G79: Out-of-state Tuition
A80: year 1 | B80: year 2 | C80: year 3 | D80: year 4 | H80: year 1 | I80: year 2 | J80: year 3 | K80: year 4
A81: 12-13 in | B81: 13-14 in | C81: 14-15 in | D81: 15-16 in | F81: % annual increase | H81: 12-13out | I81: 13-14 out | J81: 14-15out | K81: 15-16out
E82: TOTAL | F82: 0.0764 | G82: TOTAL
A83: =A44*0.0764+A44 -> 22755.63 | B83: =B44*0.0764+B44 -> 24494.16 | C83: =C44*0.0764+C44 -> 26365.514 | D83: =D44*0.0764+D44 -> 28379.839 | E83: =SUM(A83:D83) -> 101995.14 | F83: Auburn University College of Veterinary Medicine | G83: =SUM(H83:K83) -> 225241 | H83: =H44*0.0764+H44 -> 50252.402 | I83: =I44*0.0764+I44 -> 54091.686 | J83: =J44*0.0764+J44 -> 58224.291 | K83: =K44*0.0764+K44 -> 62672.626
A84: =A45*0.0764+A45 -> 34063.927 | B84: =B45*0.0764+B45 -> 36666.411 | C84: =C45*0.0764+C45 -> 39467.724 | D84: =D45*0.0764+D45 -> 42483.059 | E84: =SUM(A84:D84) -> 152681.12 | F84: Cornell University College of Veterinary Medicine | G84: =SUM(H84:K84) -> 229800.67 | H84: =H45*0.0764+H45 -> 51269.685 | I84: =I45*0.0764+I45 -> 55186.689 | J84: =J45*0.0764+J45 -> 59402.953 | K84: =K45*0.0764+K45 -> 63941.338
A85: =A46*0.0764+A46 -> 29246.314 | B85: =B46*0.0764+B46 -> 31480.733 | C85: =C46*0.0764+C46 -> 33885.861 | D85: =D46*0.0764+D46 -> 36474.74 | E85: =SUM(A85:D85) -> 131087.65 | F85: Colorado State University College of Veterinary Medicine | G85: =SUM(H85:K85) -> 276373.6 | H85: =H46*0.0764+H46 -> 61660.342 | I85: =I46*0.0764+I46 -> 66371.192 | J85: =J46*0.0764+J46 -> 71441.951 | K85: =K46*0.0764+K46 -> 76900.116
A86: =A47*0.0764+A47 -> 32557.699 | B86: =B47*0.0764+B47 -> 35045.107 | C86: =C47*0.0764+C47 -> 37722.553 | D86: =D47*0.0764+D47 -> 40604.556 | E86: =SUM(A86:D86) -> 145929.91 | F86: University of Florida College of Veterinary Medicine | G86: =SUM(H86:K86) -> 254863.22 | H86: =H47*0.0764+H47 -> 56861.267 | I86: =I47*0.0764+I47 -> 61205.468 | J86: =J47*0.0764+J47 -> 65881.566 | K86: =K47*0.0764+K47 -> 70914.918
A87: =A48*0.0764+A48 -> 28664.678 | B87: =B48*0.0764+B48 -> 30854.66 | C87: =C48*0.0764+C48 -> 33211.956 | D87: =D48*0.0764+D48 -> 35749.349 | E87: =SUM(A87:D87) -> 128480.64 | F87: University of Illinois College of Veterinary Medicine | G87: =SUM(H87:K87) -> 213982.07 | H87: =H48*0.0764+H48 -> 47740.477 | I87: =I48*0.0764+I48 -> 51387.85 | J87: =J48*0.0764+J48 -> 55313.881 | K87: =K48*0.0764+K48 -> 59539.862
A88: =A49*0.0764+A49 -> 22199.484 | B88: =B49*0.0764+B49 -> 23895.525 | C88: =C49*0.0764+C49 -> 25721.143 | D88: =D49*0.0764+D49 -> 27686.238 | E88: =SUM(A88:D88) -> 99502.39 | F88: Iowa State University College of Veterinary Medicine | G88: =SUM(H88:K88) -> 218354.77 | H88: =H49*0.0764+H49 -> 48716.05 | I88: =I49*0.0764+I49 -> 52437.956 | J88: =J49*0.0764+J49 -> 56444.216 | K88: =K49*0.0764+K49 -> 60756.554
A89: =A50*0.0764+A50 -> 27109.788 | B89: =B50*0.0764+B50 -> 29180.975 | C89: =C50*0.0764+C50 -> 31410.402 | D89: =D50*0.0764+D50 -> 33810.157 | E89: =SUM(A89:D89) -> 121511.32 | F89: Kansas State University College of Veterinary Medicine | G89: =SUM(H89:K89) -> 265644.38 | H89: =H50*0.0764+H50 -> 59266.598 | I89: =I50*0.0764+I50 -> 63794.566 | J89: =J50*0.0764+J50 -> 68668.471 | K89: =K50*0.0764+K50 -> 73914.742
A90: =A51*0.0764+A51 -> 22723.188 | B90: =B51*0.0764+B51 -> 24459.24 | C90: =C51*0.0764+C51 -> 26327.926 | D90: =D51*0.0764+D51 -> 28339.379 | E90: =SUM(A90:D90) -> 101849.73 | F90: Louisiana State University College of Veterinary Medicine | G90: =SUM(H90:K90) -> 235835.21 | H90: =H51*0.0764+H51 -> 52616.022 | I90: =I51*0.0764+I51 -> 56635.886 | J90: =J51*0.0764+J51 -> 60962.867 | K90: =K51*0.0764+K51 -> 65620.43
A91: =A52*0.0764+A52 -> 37604.721 | B91: =B52*0.0764+B52 -> 40477.722 | C91: =C52*0.0764+C52 -> 43570.22 | D91: =D52*0.0764+D52 -> 46898.985 | E91: =SUM(A91:D91) -> 168551.65 | F91: University of Minnesota College of Veterinary Medicine | G91: =SUM(H91:K91) -> 291911.76 | H91: =H52*0.0764+H52 -> 65126.984 | I91: =I52*0.0764+I52 -> 70102.685 | J91: =J52*0.0764+J52 -> 75458.53 | K91: =K52*0.0764+K52 -> 81223.562
A92: =A53*0.0764+A53 -> 20868.21 | B92: =B53*0.0764+B53 -> 22462.542 | C92: =C53*0.0764+C53 -> 24178.68 | D92: =D53*0.0764+D53 -> 26025.931 | E92: =SUM(A92:D92) -> 93535.362 | F92: Mississippi State University College of Veterinary Medicine | G92: =SUM(H92:K92) -> 223366.25 | H92: =H53*0.0764+H53 -> 49834.134 | I92: =I53*0.0764+I53 -> 53641.462 | J92: =J53*0.0764+J53 -> 57739.67 | K92: =K53*0.0764+K53 -> 62150.981
A93: =A54*0.0764+A54 -> 30143.099 | B93: =B54*0.0764+B54 -> 32446.032 | C93: =C54*0.0764+C54 -> 17462.976 | D93: =D54*0.0764+D54 -> 61663.818 | E93: =SUM(A93:D93) -> 141715.92 | F93: Michigan State University College of Veterinary Medicine | G93: =SUM(H93:K93) -> 283815.7 | H93: =H54*0.0764+H54 -> 60487.801 | I93: =I54*0.0764+I54 -> 65109.069 | J93: =J54*0.0764+J54 -> 35041.816 | K93: =K54*0.0764+K54 -> 123177.01
A94: =A55*0.0764+A55 -> 18813.947 | B94: =B55*0.0764+B55 -> 20251.333 | C94: =C55*0.0764+C55 -> 21798.534 | D94: =D55*0.0764+D55 -> 23463.942 | E94: =SUM(A94:D94) -> 84327.756 | F94: North Carolina State University College Veterinary Medicine NONRESx4 | G94: =SUM(H94:K94) -> 202536.18 | H94: =H55*0.0764+H55 -> 45186.841 | I94: =I55*0.0764+I55 -> 48639.116 | J94: =J55*0.0764+J55 -> 52355.145 | K94: =K55*0.0764+K55 -> 56355.078
... A115: =A76*0.0764+A76 -> 28045.966 | B115: =B76*0.0764+B76 -> 30188.678 | C115: =C76*0.0764+C76 -> 32495.093 | D115: =D76*0.0764+D76 -> 34977.718 | E115: =SUM(A115:D115) -> 125707.46 | F115: Washington State University College of Veterinary Medicine | G115: =SUM(H115:K115) -> 286978.19 | H115: =H76*0.0764+H76 -> 64026.278 | I115: =I76*0.0764+I76 -> 68917.886 | J115: =J76*0.0764+J76 -> 74183.213 | K115: =K76*0.0764+K76 -> 79850.81

Sheet Loan Payoff Comparison
A1: Assumptions: Stafford loans of up to 40500 were taken out each year, followed by GradPLUS loans to cover tuition and fees only. Interest is assumed to have been paid during all 4 years of school.
A3: CLASS OF 2016 | B3: IS Tuition | C3: IS Tuition: Monthly Payments | E3: OOS Tuition | F3: OOS Tuition: Monthly Payments | I3: IS Tuition: Total Paid | K3: OOS Tuition: Total Paid
C5: 10 years | D5: 25 years | F5: 10 years | G5: 25 years | I5: 10 years | J5: 25 years | K5: 10 years | L5: 25 years
A6: Auburn University College of Veterinary Medicine | B6: 88030.286 | C6: =(IF(Tuition!A5<(40500),PMT(6.8%/12,120,Tuition!A5+(Tuition!A5*0.0105),0,0),PMT(6.8%/12,120,Tuition!A5+((40500)*0.0105),0,0)+PMT(7.9%/12,120,(Tuition!A5-(40500))+((Tuition!A5-(40500))*0.042),0,0)))+(IF(Tuition!B5<(40500),PMT(6.8%/12,120,Tuition!B5+(Tuition!B5*0.0105),0,0),PMT(6.8%/12,120,Tuition!B5+((40500)*0.0105),0,0)+PMT(7.9%/12,120,(Tuition!B5-(40500))+((Tuition!B5-(40500))*0.042),0,0)))+(IF(Tuition!C5<(40500),PMT(6.8%/12,120,Tuition!C5+(Tuition!C5*0.0105),0,0),PMT(6.8%/12,120,Tuition!C5+((40500)*0.0105),0,0)+PMT(7.9%/12,120,(Tuition!C5-(40500))+((Tuition!C5-(40500))*0.042),0,0)))+(IF(Tuition!D5<(40500),PMT(6.8%/12,120,Tuition!D5+(Tuition!D5*0.0105),0,0),PMT(6.8%/12,120,Tuition!D5+((40500)*0.0105),0,0)+PMT(7.9%/12,120,(Tuition!D5-(40500))+((Tuition!D5-(40500))*0.042),0,0))) -> -1023.6925 | D6: =(IF(Tuition!A5<(40500),PMT(6.8%/12,300,Tuition!A5+(Tuition!A5*0.0105),0,0),PMT(6.8%/12,300,Tuition!A5+((40500)*0.0105),0,0)+PMT(7.9%/12,300,(Tuition!A5-(40500))+((Tuition!A5-(40500))*0.042),0,0)))+(IF(Tuition!B5<(40500),PMT(6.8%/12,300,Tuition!B5+(Tuition!B5*0.0105),0,0),PMT(6.8%/12,300,Tuition!B5+((40500)*0.0105),0,0)+PMT(7.9%/12,300,(Tuition!B5-(40500))+((Tuition!B5-(40500))*0.042),0,0)))+(IF(Tuition!C5<(40500),PMT(6.8%/12,300,Tuition!C5+(Tuition!C5*0.0105),0,0),PMT(6.8%/12,300,Tuition!C5+((40500)*0.0105),0,0)+PMT(7.9%/12,300,(Tuition!C5-(40500))+((Tuition!C5-(40500))*0.042),0,0)))+(IF(Tuition!D5<(40500),PMT(6.8%/12,300,Tuition!D5+(Tuition!D5*0.0105),0,0),PMT(6.8%/12,300,Tuition!D5+((40500)*0.0105),0,0)+PMT(7.9%/12,300,(Tuition!D5-(40500))+((Tuition!D5-(40500))*0.042),0,0))) -> -617.40909 | E6: 194401.71 | F6: =(IF(Tuition!H5<(40500),PMT(6.8%/12,120,Tuition!H5+(Tuition!H5*0.0105),0,0),PMT(6.8%/12,120,Tuition!H5+((40500)*0.0105),0,0)+PMT(7.9%/12,120,(Tuition!H5-(40500))+((Tuition!H5-(40500))*0.042),0,0)))+(IF(Tuition!I5<(40500),PMT(6.8%/12,120,Tuition!I5+(Tuition!I5*0.0105),0,0),PMT(6.8%/12,120,Tuition!I5+((40500)*0.0105),0,0)+PMT(7.9%/12,120,(Tuition!I5-(40500))+((Tuition!I5-(40500))*0.042),0,0)))+(IF(Tuition!J5<(40500),PMT(6.8%/12,120,Tuition!J5+(Tuition!J5*0.0105),0,0),PMT(6.8%/12,120,Tuition!J5+((40500)*0.0105),0,0)+PMT(7.9%/12,120,(Tuition!J5-(40500))+((Tuition!J5-(40500))*0.042),0,0)))+(IF(Tuition!K5<(40500),PMT(6.8%/12,120,Tuition!K5+(Tuition!K5*0.0105),0,0),PMT(6.8%/12,120,Tuition!K5+((40500)*0.0105),0,0)+PMT(7.9%/12,120,(Tuition!K5-(40500))+((Tuition!K5-(40500))*0.042),0,0))) -> -2664.6079 | G6: =(IF(Tuition!H5<(40500),PMT(6.8%/12,300,Tuition!H5+(Tuition!H5*0.0105),0,0),PMT(6.8%/12,300,Tuition!H5+((40500)*0.0105),0,0)+PMT(7.9%/12,300,(Tuition!H5-(40500))+((Tuition!H5-(40500))*0.042),0,0)))+(IF(Tuition!I5<(40500),PMT(6.8%/12,300,Tuition!I5+(Tuition!I5*0.0105),0,0),PMT(6.8%/12,300,Tuition!I5+((40500)*0.0105),0,0)+PMT(7.9%/12,300,(Tuition!I5-(40500))+((Tuition!I5-(40500))*0.042),0,0)))+(IF(Tuition!J5<(40500),PMT(6.8%/12,300,Tuition!J5+(Tuition!J5*0.0105),0,0),PMT(6.8%/12,300,Tuition!J5+((40500)*0.0105),0,0)+PMT(7.9%/12,300,(Tuition!J5-(40500))+((Tuition!J5-(40500))*0.042),0,0)))+(IF(Tuition!K5<(40500),PMT(6.8%/12,300,Tuition!K5+(Tuition!K5*0.0105),0,0),PMT(6.8%/12,300,Tuition!K5+((40500)*0.0105),0,0)+PMT(7.9%/12,300,(Tuition!K5-(40500))+((Tuition!K5-(40500))*0.042),0,0))) -> -1619.4466 | I6: =C6*120 -> -122843.1 | J6: =D6*300 -> -185222.73 | K6: =F6*120 -> -319752.95 | L6: =G6*300 -> -485833.99
A7: Cornell University College of Veterinary Medicine | B7: 131776.5 | C7: =(IF(Tuition!A6<(40500),PMT(6.8%/12,120,Tuition!A6+(Tuition!A6*0.0105),0,0),PMT(6.8%/12,120,Tuition!A6+((40500)*0.0105),0,0)+PMT(7.9%/12,120,(Tuition!A6-(40500))+((Tuition!A6-(40500))*0.042),0,0)))+(IF(Tuition!B6<(40500),PMT(6.8%/12,120,Tuition!B6+(Tuition!B6*0.0105),0,0),PMT(6.8%/12,120,Tuition!B6+((40500)*0.0105),0,0)+PMT(7.9%/12,120,(Tuition!B6-(40500))+((Tuition!B6-(40500))*0.042),0,0)))+(IF(Tuition!C6<(40500),PMT(6.8%/12,120,Tuition!C6+(Tuition!C6*0.0105),0,0),PMT(6.8%/12,120,Tuition!C6+((40500)*0.0105),0,0)+PMT(7.9%/12,120,(Tuition!C6-(40500))+((Tuition!C6-(40500))*0.042),0,0)))+(IF(Tuition!D6<(40500),PMT(6.8%/12,120,Tuition!D6+(Tuition!D6*0.0105),0,0),PMT(6.8%/12,120,Tuition!D6+((40500)*0.0105),0,0)+PMT(7.9%/12,120,(Tuition!D6-(40500))+((Tuition!D6-(40500))*0.042),0,0))) -> -1532.4114 | D7: =(IF(Tuition!A6<(40500),PMT(6.8%/12,300,Tuition!A6+(Tuition!A6*0.0105),0,0),PMT(6.8%/12,300,Tuition!A6+((40500)*0.0105),0,0)+PMT(7.9%/12,300,(Tuition!A6-(40500))+((Tuition!A6-(40500))*0.042),0,0)))+(IF(Tuition!B6<(40500),PMT(6.8%/12,300,Tuition!B6+(Tuition!B6*0.0105),0,0),PMT(6.8%/12,300,Tuition!B6+((40500)*0.0105),0,0)+PMT(7.9%/12,300,(Tuition!B6-(40500))+((Tuition!B6-(40500))*0.042),0,0)))+(IF(Tuition!C6<(40500),PMT(6.8%/12,300,Tuition!C6+(Tuition!C6*0.0105),0,0),PMT(6.8%/12,300,Tuition!C6+((40500)*0.0105),0,0)+PMT(7.9%/12,300,(Tuition!C6-(40500))+((Tuition!C6-(40500))*0.042),0,0)))+(IF(Tuition!D6<(40500),PMT(6.8%/12,300,Tuition!D6+(Tuition!D6*0.0105),0,0),PMT(6.8%/12,300,Tuition!D6+((40500)*0.0105),0,0)+PMT(7.9%/12,300,(Tuition!D6-(40500))+((Tuition!D6-(40500))*0.042),0,0))) -> -924.22745 | E7: 198337.07 | F7: =(IF(Tuition!H6<(40500),PMT(6.8%/12,120,Tuition!H6+(Tuition!H6*0.0105),0,0),PMT(6.8%/12,120,Tuition!H6+((40500)*0.0105),0,0)+PMT(7.9%/12,120,(Tuition!H6-(40500))+((Tuition!H6-(40500))*0.042),0,0)))+(IF(Tuition!I6<(40500),PMT(6.8%/12,120,Tuition!I6+(Tuition!I6*0.0105),0,0),PMT(6.8%/12,120,Tuition!I6+((40500)*0.0105),0,0)+PMT(7.9%/12,120,(Tuition!I6-(40500))+((Tuition!I6-(40500))*0.042),0,0)))+(IF(Tuition!J6<(40500),PMT(6.8%/12,120,Tuition!J6+(Tuition!J6*0.0105),0,0),PMT(6.8%/12,120,Tuition!J6+((40500)*0.0105),0,0)+PMT(7.9%/12,120,(Tuition!J6-(40500))+((Tuition!J6-(40500))*0.042),0,0)))+(IF(Tuition!K6<(40500),PMT(6.8%/12,120,Tuition!K6+(Tuition!K6*0.0105),0,0),PMT(6.8%/12,120,Tuition!K6+((40500)*0.0105),0,0)+PMT(7.9%/12,120,(Tuition!K6-(40500))+((Tuition!K6-(40500))*0.042),0,0))) -> -2759.432 | G7: =(IF(Tuition!H6<(40500),PMT(6.8%/12,300,Tuition!H6+(Tuition!H6*0.0105),0,0),PMT(6.8%/12,300,Tuition!H6+((40500)*0.0105),0,0)+PMT(7.9%/12,300,(Tuition!H6-(40500))+((Tuition!H6-(40500))*0.042),0,0)))+(IF(Tuition!I6<(40500),PMT(6.8%/12,300,Tuition!I6+(Tuition!I6*0.0105),0,0),PMT(6.8%/12,300,Tuition!I6+((40500)*0.0105),0,0)+PMT(7.9%/12,300,(Tuition!I6-(40500))+((Tuition!I6-(40500))*0.042),0,0)))+(IF(Tuition!J6<(40500),PMT(6.8%/12,300,Tuition!J6+(Tuition!J6*0.0105),0,0),PMT(6.8%/12,300,Tuition!J6+((40500)*0.0105),0,0)+PMT(7.9%/12,300,(Tuition!J6-(40500))+((Tuition!J6-(40500))*0.042),0,0)))+(IF(Tuition!K6<(40500),PMT(6.8%/12,300,Tuition!K6+(Tuition!K6*0.0105),0,0),PMT(6.8%/12,300,Tuition!K6+((40500)*0.0105),0,0)+PMT(7.9%/12,300,(Tuition!K6-(40500))+((Tuition!K6-(40500))*0.042),0,0))) -> -1678.1392 | I7: =C7*120 -> -183889.37 | J7: =D7*300 -> -277268.24 | K7: =F7*120 -> -331131.84 | L7: =G7*300 -> -503441.77
A8: Colorado State University College of Veterinary Medicine | B8: 113139.54 | C8: =(IF(Tuition!A7<(40500),PMT(6.8%/12,120,Tuition!A7+(Tuition!A7*0.0105),0,0),PMT(6.8%/12,120,Tuition!A7+((40500)*0.0105),0,0)+PMT(7.9%/12,120,(Tuition!A7-(40500))+((Tuition!A7-(40500))*0.042),0,0)))+(IF(Tuition!B7<(40500),PMT(6.8%/12,120,Tuition!B7+(Tuition!B7*0.0105),0,0),PMT(6.8%/12,120,Tuition!B7+((40500)*0.0105),0,0)+PMT(7.9%/12,120,(Tuition!B7-(40500))+((Tuition!B7-(40500))*0.042),0,0)))+(IF(Tuition!C7<(40500),PMT(6.8%/12,120,Tuition!C7+(Tuition!C7*0.0105),0,0),PMT(6.8%/12,120,Tuition!C7+((40500)*0.0105),0,0)+PMT(7.9%/12,120,(Tuition!C7-(40500))+((Tuition!C7-(40500))*0.042),0,0)))+(IF(Tuition!D7<(40500),PMT(6.8%/12,120,Tuition!D7+(Tuition!D7*0.0105),0,0),PMT(6.8%/12,120,Tuition!D7+((40500)*0.0105),0,0)+PMT(7.9%/12,120,(Tuition!D7-(40500))+((Tuition!D7-(40500))*0.042),0,0))) -> -1315.6847 | D8: =(IF(Tuition!A7<(40500),PMT(6.8%/12,300,Tuition!A7+(Tuition!A7*0.0105),0,0),PMT(6.8%/12,300,Tuition!A7+((40500)*0.0105),0,0)+PMT(7.9%/12,300,(Tuition!A7-(40500))+((Tuition!A7-(40500))*0.042),0,0)))+(IF(Tuition!B7<(40500),PMT(6.8%/12,300,Tuition!B7+(Tuition!B7*0.0105),0,0),PMT(6.8%/12,300,Tuition!B7+((40500)*0.0105),0,0)+PMT(7.9%/12,300,(Tuition!B7-(40500))+((Tuition!B7-(40500))*0.042),0,0)))+(IF(Tuition!C7<(40500),PMT(6.8%/12,300,Tuition!C7+(Tuition!C7*0.0105),0,0),PMT(6.8%/12,300,Tuition!C7+((40500)*0.0105),0,0)+PMT(7.9%/12,300,(Tuition!C7-(40500))+((Tuition!C7-(40500))*0.042),0,0)))+(IF(Tuition!D7<(40500),PMT(6.8%/12,300,Tuition!D7+(Tuition!D7*0.0105),0,0),PMT(6.8%/12,300,Tuition!D7+((40500)*0.0105),0,0)+PMT(7.9%/12,300,(Tuition!D7-(40500))+((Tuition!D7-(40500))*0.042),0,0))) -> -793.51528 | E8: 238533.39 | F8: =(IF(Tuition!H7<(40500),PMT(6.8%/12,120,Tuition!H7+(Tuition!H7*0.0105),0,0),PMT(6.8%/12,120,Tuition!H7+((40500)*0.0105),0,0)+PMT(7.9%/12,120,(Tuition!H7-(40500))+((Tuition!H7-(40500))*0.042),0,0)))+(IF(Tuition!I7<(40500),PMT(6.8%/12,120,Tuition!I7+(Tuition!I7*0.0105),0,0),PMT(6.8%/12,120,Tuition!I7+((40500)*0.0105),0,0)+PMT(7.9%/12,120,(Tuition!I7-(40500))+((Tuition!I7-(40500))*0.042),0,0)))+(IF(Tuition!J7<(40500),PMT(6.8%/12,120,Tuition!J7+(Tuition!J7*0.0105),0,0),PMT(6.8%/12,120,Tuition!J7+((40500)*0.0105),0,0)+PMT(7.9%/12,120,(Tuition!J7-(40500))+((Tuition!J7-(40500))*0.042),0,0)))+(IF(Tuition!K7<(40500),PMT(6.8%/12,120,Tuition!K7+(Tuition!K7*0.0105),0,0),PMT(6.8%/12,120,Tuition!K7+((40500)*0.0105),0,0)+PMT(7.9%/12,120,(Tuition!K7-(40500))+((Tuition!K7-(40500))*0.042),0,0))) -> -3727.9773 | G8: =(IF(Tuition!H7<(40500),PMT(6.8%/12,300,Tuition!H7+(Tuition!H7*0.0105),0,0),PMT(6.8%/12,300,Tuition!H7+((40500)*0.0105),0,0)+PMT(7.9%/12,300,(Tuition!H7-(40500))+((Tuition!H7-(40500))*0.042),0,0)))+(IF(Tuition!I7<(40500),PMT(6.8%/12,300,Tuition!I7+(Tuition!I7*0.0105),0,0),PMT(6.8%/12,300,Tuition!I7+((40500)*0.0105),0,0)+PMT(7.9%/12,300,(Tuition!I7-(40500))+((Tuition!I7-(40500))*0.042),0,0)))+(IF(Tuition!J7<(40500),PMT(6.8%/12,300,Tuition!J7+(Tuition!J7*0.0105),0,0),PMT(6.8%/12,300,Tuition!J7+((40500)*0.0105),0,0)+PMT(7.9%/12,300,(Tuition!J7-(40500))+((Tuition!J7-(40500))*0.042),0,0)))+(IF(Tuition!K7<(40500),PMT(6.8%/12,300,Tuition!K7+(Tuition!K7*0.0105),0,0),PMT(6.8%/12,300,Tuition!K7+((40500)*0.0105),0,0)+PMT(7.9%/12,300,(Tuition!K7-(40500))+((Tuition!K7-(40500))*0.042),0,0))) -> -2277.6327 | I8: =C8*120 -> -157882.16 | J8: =D8*300 -> -238054.59 | K8: =F8*120 -> -447357.28 | L8: =G8*300 -> -683289.82
A9: University of Florida College of Veterinary Medicine | B9: 125949.65 | C9: =(IF(Tuition!A8<(40500),PMT(6.8%/12,120,Tuition!A8+(Tuition!A8*0.0105),0,0),PMT(6.8%/12,120,Tuition!A8+((40500)*0.0105),0,0)+PMT(7.9%/12,120,(Tuition!A8-(40500))+((Tuition!A8-(40500))*0.042),0,0)))+(IF(Tuition!B8<(40500),PMT(6.8%/12,120,Tuition!B8+(Tuition!B8*0.0105),0,0),PMT(6.8%/12,120,Tuition!B8+((40500)*0.0105),0,0)+PMT(7.9%/12,120,(Tuition!B8-(40500))+((Tuition!B8-(40500))*0.042),0,0)))+(IF(Tuition!C8<(40500),PMT(6.8%/12,120,Tuition!C8+(Tuition!C8*0.0105),0,0),PMT(6.8%/12,120,Tuition!C8+((40500)*0.0105),0,0)+PMT(7.9%/12,120,(Tuition!C8-(40500))+((Tuition!C8-(40500))*0.042),0,0)))+(IF(Tuition!D8<(40500),PMT(6.8%/12,120,Tuition!D8+(Tuition!D8*0.0105),0,0),PMT(6.8%/12,120,Tuition!D8+((40500)*0.0105),0,0)+PMT(7.9%/12,120,(Tuition!D8-(40500))+((Tuition!D8-(40500))*0.042),0,0))) -> -1464.6517 | D9: =(IF(Tuition!A8<(40500),PMT(6.8%/12,300,Tuition!A8+(Tuition!A8*0.0105),0,0),PMT(6.8%/12,300,Tuition!A8+((40500)*0.0105),0,0)+PMT(7.9%/12,300,(Tuition!A8-(40500))+((Tuition!A8-(40500))*0.042),0,0)))+(IF(Tuition!B8<(40500),PMT(6.8%/12,300,Tuition!B8+(Tuition!B8*0.0105),0,0),PMT(6.8%/12,300,Tuition!B8+((40500)*0.0105),0,0)+PMT(7.9%/12,300,(Tuition!B8-(40500))+((Tuition!B8-(40500))*0.042),0,0)))+(IF(Tuition!C8<(40500),PMT(6.8%/12,300,Tuition!C8+(Tuition!C8*0.0105),0,0),PMT(6.8%/12,300,Tuition!C8+((40500)*0.0105),0,0)+PMT(7.9%/12,300,(Tuition!C8-(40500))+((Tuition!C8-(40500))*0.042),0,0)))+(IF(Tuition!D8<(40500),PMT(6.8%/12,300,Tuition!D8+(Tuition!D8*0.0105),0,0),PMT(6.8%/12,300,Tuition!D8+((40500)*0.0105),0,0)+PMT(7.9%/12,300,(Tuition!D8-(40500))+((Tuition!D8-(40500))*0.042),0,0))) -> -883.36025 | E9: 219968.14 | F9: =(IF(Tuition!H8<(40500),PMT(6.8%/12,120,Tuition!H8+(Tuition!H8*0.0105),0,0),PMT(6.8%/12,120,Tuition!H8+((40500)*0.0105),0,0)+PMT(7.9%/12,120,(Tuition!H8-(40500))+((Tuition!H8-(40500))*0.042),0,0)))+(IF(Tuition!I8<(40500),PMT(6.8%/12,120,Tuition!I8+(Tuition!I8*0.0105),0,0),PMT(6.8%/12,120,Tuition!I8+((40500)*0.0105),0,0)+PMT(7.9%/12,120,(Tuition!I8-(40500))+((Tuition!I8-(40500))*0.042),0,0)))+(IF(Tuition!J8<(40500),PMT(6.8%/12,120,Tuition!J8+(Tuition!J8*0.0105),0,0),PMT(6.8%/12,120,Tuition!J8+((40500)*0.0105),0,0)+PMT(7.9%/12,120,(Tuition!J8-(40500))+((Tuition!J8-(40500))*0.042),0,0)))+(IF(Tuition!K8<(40500),PMT(6.8%/12,120,Tuition!K8+(Tuition!K8*0.0105),0,0),PMT(6.8%/12,120,Tuition!K8+((40500)*0.0105),0,0)+PMT(7.9%/12,120,(Tuition!K8-(40500))+((Tuition!K8-(40500))*0.042),0,0))) -> -3280.6407 | G9: =(IF(Tuition!H8<(40500),PMT(6.8%/12,300,Tuition!H8+(Tuition!H8*0.0105),0,0),PMT(6.8%/12,300,Tuition!H8+((40500)*0.0105),0,0)+PMT(7.9%/12,300,(Tuition!H8-(40500))+((Tuition!H8-(40500))*0.042),0,0)))+(IF(Tuition!I8<(40500),PMT(6.8%/12,300,Tuition!I8+(Tuition!I8*0.0105),0,0),PMT(6.8%/12,300,Tuition!I8+((40500)*0.0105),0,0)+PMT(7.9%/12,300,(Tuition!I8-(40500))+((Tuition!I8-(40500))*0.042),0,0)))+(IF(Tuition!J8<(40500),PMT(6.8%/12,300,Tuition!J8+(Tuition!J8*0.0105),0,0),PMT(6.8%/12,300,Tuition!J8+((40500)*0.0105),0,0)+PMT(7.9%/12,300,(Tuition!J8-(40500))+((Tuition!J8-(40500))*0.042),0,0)))+(IF(Tuition!K8<(40500),PMT(6.8%/12,300,Tuition!K8+(Tuition!K8*0.0105),0,0),PMT(6.8%/12,300,Tuition!K8+((40500)*0.0105),0,0)+PMT(7.9%/12,300,(Tuition!K8-(40500))+((Tuition!K8-(40500))*0.042),0,0))) -> -2000.748 | I9: =C9*120 -> -175758.21 | J9: =D9*300 -> -265008.08 | K9: =F9*120 -> -393676.88 | L9: =G9*300 -> -600224.41
A10: University of Illinois College of Veterinary Medicine | B10: 110889.47 | C10: =(IF(Tuition!A9<(40500),PMT(6.8%/12,120,Tuition!A9+(Tuition!A9*0.0105),0,0),PMT(6.8%/12,120,Tuition!A9+((40500)*0.0105),0,0)+PMT(7.9%/12,120,(Tuition!A9-(40500))+((Tuition!A9-(40500))*0.042),0,0)))+(IF(Tuition!B9<(40500),PMT(6.8%/12,120,Tuition!B9+(Tuition!B9*0.0105),0,0),PMT(6.8%/12,120,Tuition!B9+((40500)*0.0105),0,0)+PMT(7.9%/12,120,(Tuition!B9-(40500))+((Tuition!B9-(40500))*0.042),0,0)))+(IF(Tuition!C9<(40500),PMT(6.8%/12,120,Tuition!C9+(Tuition!C9*0.0105),0,0),PMT(6.8%/12,120,Tuition!C9+((40500)*0.0105),0,0)+PMT(7.9%/12,120,(Tuition!C9-(40500))+((Tuition!C9-(40500))*0.042),0,0)))+(IF(Tuition!D9<(40500),PMT(6.8%/12,120,Tuition!D9+(Tuition!D9*0.0105),0,0),PMT(6.8%/12,120,Tuition!D9+((40500)*0.0105),0,0)+PMT(7.9%/12,120,(Tuition!D9-(40500))+((Tuition!D9-(40500))*0.042),0,0))) -> -1289.519 | D10: =(IF(Tuition!A9<(40500),PMT(6.8%/12,300,Tuition!A9+(Tuition!A9*0.0105),0,0),PMT(6.8%/12,300,Tuition!A9+((40500)*0.0105),0,0)+PMT(7.9%/12,300,(Tuition!A9-(40500))+((Tuition!A9-(40500))*0.042),0,0)))+(IF(Tuition!B9<(40500),PMT(6.8%/12,300,Tuition!B9+(Tuition!B9*0.0105),0,0),PMT(6.8%/12,300,Tuition!B9+((40500)*0.0105),0,0)+PMT(7.9%/12,300,(Tuition!B9-(40500))+((Tuition!B9-(40500))*0.042),0,0)))+(IF(Tuition!C9<(40500),PMT(6.8%/12,300,Tuition!C9+(Tuition!C9*0.0105),0,0),PMT(6.8%/12,300,Tuition!C9+((40500)*0.0105),0,0)+PMT(7.9%/12,300,(Tuition!C9-(40500))+((Tuition!C9-(40500))*0.042),0,0)))+(IF(Tuition!D9<(40500),PMT(6.8%/12,300,Tuition!D9+(Tuition!D9*0.0105),0,0),PMT(6.8%/12,300,Tuition!D9+((40500)*0.0105),0,0)+PMT(7.9%/12,300,(Tuition!D9-(40500))+((Tuition!D9-(40500))*0.042),0,0))) -> -777.73426 | E10: 184684.31 | F10: =(IF(Tuition!H9<(40500),PMT(6.8%/12,120,Tuition!H9+(Tuition!H9*0.0105),0,0),PMT(6.8%/12,120,Tuition!H9+((40500)*0.0105),0,0)+PMT(7.9%/12,120,(Tuition!H9-(40500))+((Tuition!H9-(40500))*0.042),0,0)))+(IF(Tuition!I9<(40500),PMT(6.8%/12,120,Tuition!I9+(Tuition!I9*0.0105),0,0),PMT(6.8%/12,120,Tuition!I9+((40500)*0.0105),0,0)+PMT(7.9%/12,120,(Tuition!I9-(40500))+((Tuition!I9-(40500))*0.042),0,0)))+(IF(Tuition!J9<(40500),PMT(6.8%/12,120,Tuition!J9+(Tuition!J9*0.0105),0,0),PMT(6.8%/12,120,Tuition!J9+((40500)*0.0105),0,0)+PMT(7.9%/12,120,(Tuition!J9-(40500))+((Tuition!J9-(40500))*0.042),0,0)))+(IF(Tuition!K9<(40500),PMT(6.8%/12,120,Tuition!K9+(Tuition!K9*0.0105),0,0),PMT(6.8%/12,120,Tuition!K9+((40500)*0.0105),0,0)+PMT(7.9%/12,120,(Tuition!K9-(40500))+((Tuition!K9-(40500))*0.042),0,0))) -> -2430.4636 | G10: =(IF(Tuition!H9<(40500),PMT(6.8%/12,300,Tuition!H9+(Tuition!H9*0.0105),0,0),PMT(6.8%/12,300,Tuition!H9+((40500)*0.0105),0,0)+PMT(7.9%/12,300,(Tuition!H9-(40500))+((Tuition!H9-(40500))*0.042),0,0)))+(IF(Tuition!I9<(40500),PMT(6.8%/12,300,Tuition!I9+(Tuition!I9*0.0105),0,0),PMT(6.8%/12,300,Tuition!I9+((40500)*0.0105),0,0)+PMT(7.9%/12,300,(Tuition!I9-(40500))+((Tuition!I9-(40500))*0.042),0,0)))+(IF(Tuition!J9<(40500),PMT(6.8%/12,300,Tuition!J9+(Tuition!J9*0.0105),0,0),PMT(6.8%/12,300,Tuition!J9+((40500)*0.0105),0,0)+PMT(7.9%/12,300,(Tuition!J9-(40500))+((Tuition!J9-(40500))*0.042),0,0)))+(IF(Tuition!K9<(40500),PMT(6.8%/12,300,Tuition!K9+(Tuition!K9*0.0105),0,0),PMT(6.8%/12,300,Tuition!K9+((40500)*0.0105),0,0)+PMT(7.9%/12,300,(Tuition!K9-(40500))+((Tuition!K9-(40500))*0.042),0,0))) -> -1474.52 | I10: =C10*120 -> -154742.28 | J10: =D10*300 -> -233320.28 | K10: =F10*120 -> -291655.63 | L10: =G10*300 -> -442356
A11: Iowa State University College of Veterinary Medicine | B11: 85878.833 | C11: =(IF(Tuition!A10<(40500),PMT(6.8%/12,120,Tuition!A10+(Tuition!A10*0.0105),0,0),PMT(6.8%/12,120,Tuition!A10+((40500)*0.0105),0,0)+PMT(7.9%/12,120,(Tuition!A10-(40500))+((Tuition!A10-(40500))*0.042),0,0)))+(IF(Tuition!B10<(40500),PMT(6.8%/12,120,Tuition!B10+(Tuition!B10*0.0105),0,0),PMT(6.8%/12,120,Tuition!B10+((40500)*0.0105),0,0)+PMT(7.9%/12,120,(Tuition!B10-(40500))+((Tuition!B10-(40500))*0.042),0,0)))+(IF(Tuition!C10<(40500),PMT(6.8%/12,120,Tuition!C10+(Tuition!C10*0.0105),0,0),PMT(6.8%/12,120,Tuition!C10+((40500)*0.0105),0,0)+PMT(7.9%/12,120,(Tuition!C10-(40500))+((Tuition!C10-(40500))*0.042),0,0)))+(IF(Tuition!D10<(40500),PMT(6.8%/12,120,Tuition!D10+(Tuition!D10*0.0105),0,0),PMT(6.8%/12,120,Tuition!D10+((40500)*0.0105),0,0)+PMT(7.9%/12,120,(Tuition!D10-(40500))+((Tuition!D10-(40500))*0.042),0,0))) -> -998.67356 | D11: =(IF(Tuition!A10<(40500),PMT(6.8%/12,300,Tuition!A10+(Tuition!A10*0.0105),0,0),PMT(6.8%/12,300,Tuition!A10+((40500)*0.0105),0,0)+PMT(7.9%/12,300,(Tuition!A10-(40500))+((Tuition!A10-(40500))*0.042),0,0)))+(IF(Tuition!B10<(40500),PMT(6.8%/12,300,Tuition!B10+(Tuition!B10*0.0105),0,0),PMT(6.8%/12,300,Tuition!B10+((40500)*0.0105),0,0)+PMT(7.9%/12,300,(Tuition!B10-(40500))+((Tuition!B10-(40500))*0.042),0,0)))+(IF(Tuition!C10<(40500),PMT(6.8%/12,300,Tuition!C10+(Tuition!C10*0.0105),0,0),PMT(6.8%/12,300,Tuition!C10+((40500)*0.0105),0,0)+PMT(7.9%/12,300,(Tuition!C10-(40500))+((Tuition!C10-(40500))*0.042),0,0)))+(IF(Tuition!D10<(40500),PMT(6.8%/12,300,Tuition!D10+(Tuition!D10*0.0105),0,0),PMT(6.8%/12,300,Tuition!D10+((40500)*0.0105),0,0)+PMT(7.9%/12,300,(Tuition!D10-(40500))+((Tuition!D10-(40500))*0.042),0,0))) -> -602.31966 | E11: 188458.32 | F11: =(IF(Tuition!H10<(40500),PMT(6.8%/12,120,Tuition!H10+(Tuition!H10*0.0105),0,0),PMT(6.8%/12,120,Tuition!H10+((40500)*0.0105),0,0)+PMT(7.9%/12,120,(Tuition!H10-(40500))+((Tuition!H10-(40500))*0.042),0,0)))+(IF(Tuition!I10<(40500),PMT(6.8%/12,120,Tuition!I10+(Tuition!I10*0.0105),0,0),PMT(6.8%/12,120,Tuition!I10+((40500)*0.0105),0,0)+PMT(7.9%/12,120,(Tuition!I10-(40500))+((Tuition!I10-(40500))*0.042),0,0)))+(IF(Tuition!J10<(40500),PMT(6.8%/12,120,Tuition!J10+(Tuition!J10*0.0105),0,0),PMT(6.8%/12,120,Tuition!J10+((40500)*0.0105),0,0)+PMT(7.9%/12,120,(Tuition!J10-(40500))+((Tuition!J10-(40500))*0.042),0,0)))+(IF(Tuition!K10<(40500),PMT(6.8%/12,120,Tuition!K10+(Tuition!K10*0.0105),0,0),PMT(6.8%/12,120,Tuition!K10+((40500)*0.0105),0,0)+PMT(7.9%/12,120,(Tuition!K10-(40500))+((Tuition!K10-(40500))*0.042),0,0))) -> -2521.3997 | G11: =(IF(Tuition!H10<(40500),PMT(6.8%/12,300,Tuition!H10+(Tuition!H10*0.0105),0,0),PMT(6.8%/12,300,Tuition!H10+((40500)*0.0105),0,0)+PMT(7.9%/12,300,(Tuition!H10-(40500))+((Tuition!H10-(40500))*0.042),0,0)))+(IF(Tuition!I10<(40500),PMT(6.8%/12,300,Tuition!I10+(Tuition!I10*0.0105),0,0),PMT(6.8%/12,300,Tuition!I10+((40500)*0.0105),0,0)+PMT(7.9%/12,300,(Tuition!I10-(40500))+((Tuition!I10-(40500))*0.042),0,0)))+(IF(Tuition!J10<(40500),PMT(6.8%/12,300,Tuition!J10+(Tuition!J10*0.0105),0,0),PMT(6.8%/12,300,Tuition!J10+((40500)*0.0105),0,0)+PMT(7.9%/12,300,(Tuition!J10-(40500))+((Tuition!J10-(40500))*0.042),0,0)))+(IF(Tuition!K10<(40500),PMT(6.8%/12,300,Tuition!K10+(Tuition!K10*0.0105),0,0),PMT(6.8%/12,300,Tuition!K10+((40500)*0.0105),0,0)+PMT(7.9%/12,300,(Tuition!K10-(40500))+((Tuition!K10-(40500))*0.042),0,0))) -> -1530.8061 | I11: =C11*120 -> -119840.83 | J11: =D11*300 -> -180695.9 | K11: =F11*120 -> -302567.96 | L11: =G11*300 -> -459241.83
A12: Kansas State University College of Veterinary Medicine | B12: 104874.37 | C12: =(IF(Tuition!A11<(40500),PMT(6.8%/12,120,Tuition!A11+(Tuition!A11*0.0105),0,0),PMT(6.8%/12,120,Tuition!A11+((40500)*0.0105),0,0)+PMT(7.9%/12,120,(Tuition!A11-(40500))+((Tuition!A11-(40500))*0.042),0,0)))+(IF(Tuition!B11<(40500),PMT(6.8%/12,120,Tuition!B11+(Tuition!B11*0.0105),0,0),PMT(6.8%/12,120,Tuition!B11+((40500)*0.0105),0,0)+PMT(7.9%/12,120,(Tuition!B11-(40500))+((Tuition!B11-(40500))*0.042),0,0)))+(IF(Tuition!C11<(40500),PMT(6.8%/12,120,Tuition!C11+(Tuition!C11*0.0105),0,0),PMT(6.8%/12,120,Tuition!C11+((40500)*0.0105),0,0)+PMT(7.9%/12,120,(Tuition!C11-(40500))+((Tuition!C11-(40500))*0.042),0,0)))+(IF(Tuition!D11<(40500),PMT(6.8%/12,120,Tuition!D11+(Tuition!D11*0.0105),0,0),PMT(6.8%/12,120,Tuition!D11+((40500)*0.0105),0,0)+PMT(7.9%/12,120,(Tuition!D11-(40500))+((Tuition!D11-(40500))*0.042),0,0))) -> -1219.5701 | D12: =(IF(Tuition!A11<(40500),PMT(6.8%/12,300,Tuition!A11+(Tuition!A11*0.0105),0,0),PMT(6.8%/12,300,Tuition!A11+((40500)*0.0105),0,0)+PMT(7.9%/12,300,(Tuition!A11-(40500))+((Tuition!A11-(40500))*0.042),0,0)))+(IF(Tuition!B11<(40500),PMT(6.8%/12,300,Tuition!B11+(Tuition!B11*0.0105),0,0),PMT(6.8%/12,300,Tuition!B11+((40500)*0.0105),0,0)+PMT(7.9%/12,300,(Tuition!B11-(40500))+((Tuition!B11-(40500))*0.042),0,0)))+(IF(Tuition!C11<(40500),PMT(6.8%/12,300,Tuition!C11+(Tuition!C11*0.0105),0,0),PMT(6.8%/12,300,Tuition!C11+((40500)*0.0105),0,0)+PMT(7.9%/12,300,(Tuition!C11-(40500))+((Tuition!C11-(40500))*0.042),0,0)))+(IF(Tuition!D11<(40500),PMT(6.8%/12,300,Tuition!D11+(Tuition!D11*0.0105),0,0),PMT(6.8%/12,300,Tuition!D11+((40500)*0.0105),0,0)+PMT(7.9%/12,300,(Tuition!D11-(40500))+((Tuition!D11-(40500))*0.042),0,0))) -> -735.54673 | E12: 229273.18 | F12: =(IF(Tuition!H11<(40500),PMT(6.8%/12,120,Tuition!H11+(Tuition!H11*0.0105),0,0),PMT(6.8%/12,120,Tuition!H11+((40500)*0.0105),0,0)+PMT(7.9%/12,120,(Tuition!H11-(40500))+((Tuition!H11-(40500))*0.042),0,0)))+(IF(Tuition!I11<(40500),PMT(6.8%/12,120,Tuition!I11+(Tuition!I11*0.0105),0,0),PMT(6.8%/12,120,Tuition!I11+((40500)*0.0105),0,0)+PMT(7.9%/12,120,(Tuition!I11-(40500))+((Tuition!I11-(40500))*0.042),0,0)))+(IF(Tuition!J11<(40500),PMT(6.8%/12,120,Tuition!J11+(Tuition!J11*0.0105),0,0),PMT(6.8%/12,120,Tuition!J11+((40500)*0.0105),0,0)+PMT(7.9%/12,120,(Tuition!J11-(40500))+((Tuition!J11-(40500))*0.042),0,0)))+(IF(Tuition!K11<(40500),PMT(6.8%/12,120,Tuition!K11+(Tuition!K11*0.0105),0,0),PMT(6.8%/12,120,Tuition!K11+((40500)*0.0105),0,0)+PMT(7.9%/12,120,(Tuition!K11-(40500))+((Tuition!K11-(40500))*0.042),0,0))) -> -3504.849 | G12: =(IF(Tuition!H11<(40500),PMT(6.8%/12,300,Tuition!H11+(Tuition!H11*0.0105),0,0),PMT(6.8%/12,300,Tuition!H11+((40500)*0.0105),0,0)+PMT(7.9%/12,300,(Tuition!H11-(40500))+((Tuition!H11-(40500))*0.042),0,0)))+(IF(Tuition!I11<(40500),PMT(6.8%/12,300,Tuition!I11+(Tuition!I11*0.0105),0,0),PMT(6.8%/12,300,Tuition!I11+((40500)*0.0105),0,0)+PMT(7.9%/12,300,(Tuition!I11-(40500))+((Tuition!I11-(40500))*0.042),0,0)))+(IF(Tuition!J11<(40500),PMT(6.8%/12,300,Tuition!J11+(Tuition!J11*0.0105),0,0),PMT(6.8%/12,300,Tuition!J11+((40500)*0.0105),0,0)+PMT(7.9%/12,300,(Tuition!J11-(40500))+((Tuition!J11-(40500))*0.042),0,0)))+(IF(Tuition!K11<(40500),PMT(6.8%/12,300,Tuition!K11+(Tuition!K11*0.0105),0,0),PMT(6.8%/12,300,Tuition!K11+((40500)*0.0105),0,0)+PMT(7.9%/12,300,(Tuition!K11-(40500))+((Tuition!K11-(40500))*0.042),0,0))) -> -2139.5246 | I12: =C12*120 -> -146348.42 | J12: =D12*300 -> -220664.02 | K12: =F12*120 -> -420581.88 | L12: =G12*300 -> -641857.39
A13: Louisiana State University College of Veterinary Medicine | B13: 87904.784 | C13: =(IF(Tuition!A12<(40500),PMT(6.8%/12,120,Tuition!A12+(Tuition!A12*0.0105),0,0),PMT(6.8%/12,120,Tuition!A12+((40500)*0.0105),0,0)+PMT(7.9%/12,120,(Tuition!A12-(40500))+((Tuition!A12-(40500))*0.042),0,0)))+(IF(Tuition!B12<(40500),PMT(6.8%/12,120,Tuition!B12+(Tuition!B12*0.0105),0,0),PMT(6.8%/12,120,Tuition!B12+((40500)*0.0105),0,0)+PMT(7.9%/12,120,(Tuition!B12-(40500))+((Tuition!B12-(40500))*0.042),0,0)))+(IF(Tuition!C12<(40500),PMT(6.8%/12,120,Tuition!C12+(Tuition!C12*0.0105),0,0),PMT(6.8%/12,120,Tuition!C12+((40500)*0.0105),0,0)+PMT(7.9%/12,120,(Tuition!C12-(40500))+((Tuition!C12-(40500))*0.042),0,0)))+(IF(Tuition!D12<(40500),PMT(6.8%/12,120,Tuition!D12+(Tuition!D12*0.0105),0,0),PMT(6.8%/12,120,Tuition!D12+((40500)*0.0105),0,0)+PMT(7.9%/12,120,(Tuition!D12-(40500))+((Tuition!D12-(40500))*0.042),0,0))) -> -1022.2331 | D13: =(IF(Tuition!A12<(40500),PMT(6.8%/12,300,Tuition!A12+(Tuition!A12*0.0105),0,0),PMT(6.8%/12,300,Tuition!A12+((40500)*0.0105),0,0)+PMT(7.9%/12,300,(Tuition!A12-(40500))+((Tuition!A12-(40500))*0.042),0,0)))+(IF(Tuition!B12<(40500),PMT(6.8%/12,300,Tuition!B12+(Tuition!B12*0.0105),0,0),PMT(6.8%/12,300,Tuition!B12+((40500)*0.0105),0,0)+PMT(7.9%/12,300,(Tuition!B12-(40500))+((Tuition!B12-(40500))*0.042),0,0)))+(IF(Tuition!C12<(40500),PMT(6.8%/12,300,Tuition!C12+(Tuition!C12*0.0105),0,0),PMT(6.8%/12,300,Tuition!C12+((40500)*0.0105),0,0)+PMT(7.9%/12,300,(Tuition!C12-(40500))+((Tuition!C12-(40500))*0.042),0,0)))+(IF(Tuition!D12<(40500),PMT(6.8%/12,300,Tuition!D12+(Tuition!D12*0.0105),0,0),PMT(6.8%/12,300,Tuition!D12+((40500)*0.0105),0,0)+PMT(7.9%/12,300,(Tuition!D12-(40500))+((Tuition!D12-(40500))*0.042),0,0))) -> -616.52887 | E13: 203545.38 | F13: =(IF(Tuition!H12<(40500),PMT(6.8%/12,120,Tuition!H12+(Tuition!H12*0.0105),0,0),PMT(6.8%/12,120,Tuition!H12+((40500)*0.0105),0,0)+PMT(7.9%/12,120,(Tuition!H12-(40500))+((Tuition!H12-(40500))*0.042),0,0)))+(IF(Tuition!I12<(40500),PMT(6.8%/12,120,Tuition!I12+(Tuition!I12*0.0105),0,0),PMT(6.8%/12,120,Tuition!I12+((40500)*0.0105),0,0)+PMT(7.9%/12,120,(Tuition!I12-(40500))+((Tuition!I12-(40500))*0.042),0,0)))+(IF(Tuition!J12<(40500),PMT(6.8%/12,120,Tuition!J12+(Tuition!J12*0.0105),0,0),PMT(6.8%/12,120,Tuition!J12+((40500)*0.0105),0,0)+PMT(7.9%/12,120,(Tuition!J12-(40500))+((Tuition!J12-(40500))*0.042),0,0)))+(IF(Tuition!K12<(40500),PMT(6.8%/12,120,Tuition!K12+(Tuition!K12*0.0105),0,0),PMT(6.8%/12,120,Tuition!K12+((40500)*0.0105),0,0)+PMT(7.9%/12,120,(Tuition!K12-(40500))+((Tuition!K12-(40500))*0.042),0,0))) -> -2884.9282 | G13: =(IF(Tuition!H12<(40500),PMT(6.8%/12,300,Tuition!H12+(Tuition!H12*0.0105),0,0),PMT(6.8%/12,300,Tuition!H12+((40500)*0.0105),0,0)+PMT(7.9%/12,300,(Tuition!H12-(40500))+((Tuition!H12-(40500))*0.042),0,0)))+(IF(Tuition!I12<(40500),PMT(6.8%/12,300,Tuition!I12+(Tuition!I12*0.0105),0,0),PMT(6.8%/12,300,Tuition!I12+((40500)*0.0105),0,0)+PMT(7.9%/12,300,(Tuition!I12-(40500))+((Tuition!I12-(40500))*0.042),0,0)))+(IF(Tuition!J12<(40500),PMT(6.8%/12,300,Tuition!J12+(Tuition!J12*0.0105),0,0),PMT(6.8%/12,300,Tuition!J12+((40500)*0.0105),0,0)+PMT(7.9%/12,300,(Tuition!J12-(40500))+((Tuition!J12-(40500))*0.042),0,0)))+(IF(Tuition!K12<(40500),PMT(6.8%/12,300,Tuition!K12+(Tuition!K12*0.0105),0,0),PMT(6.8%/12,300,Tuition!K12+((40500)*0.0105),0,0)+PMT(7.9%/12,300,(Tuition!K12-(40500))+((Tuition!K12-(40500))*0.042),0,0))) -> -1755.8167 | I13: =C13*120 -> -122667.97 | J13: =D13*300 -> -184958.66 | K13: =F13*120 -> -346191.38 | L13: =G13*300 -> -526745.01
A14: University of Minnesota College of Veterinary Medicine | B14: 145474.08 | C14: =(IF(Tuition!A13<(40500),PMT(6.8%/12,120,Tuition!A13+(Tuition!A13*0.0105),0,0),PMT(6.8%/12,120,Tuition!A13+((40500)*0.0105),0,0)+PMT(7.9%/12,120,(Tuition!A13-(40500))+((Tuition!A13-(40500))*0.042),0,0)))+(IF(Tuition!B13<(40500),PMT(6.8%/12,120,Tuition!B13+(Tuition!B13*0.0105),0,0),PMT(6.8%/12,120,Tuition!B13+((40500)*0.0105),0,0)+PMT(7.9%/12,120,(Tuition!B13-(40500))+((Tuition!B13-(40500))*0.042),0,0)))+(IF(Tuition!C13<(40500),PMT(6.8%/12,120,Tuition!C13+(Tuition!C13*0.0105),0,0),PMT(6.8%/12,120,Tuition!C13+((40500)*0.0105),0,0)+PMT(7.9%/12,120,(Tuition!C13-(40500))+((Tuition!C13-(40500))*0.042),0,0)))+(IF(Tuition!D13<(40500),PMT(6.8%/12,120,Tuition!D13+(Tuition!D13*0.0105),0,0),PMT(6.8%/12,120,Tuition!D13+((40500)*0.0105),0,0)+PMT(7.9%/12,120,(Tuition!D13-(40500))+((Tuition!D13-(40500))*0.042),0,0))) -> -1691.6988 | D14: =(IF(Tuition!A13<(40500),PMT(6.8%/12,300,Tuition!A13+(Tuition!A13*0.0105),0,0),PMT(6.8%/12,300,Tuition!A13+((40500)*0.0105),0,0)+PMT(7.9%/12,300,(Tuition!A13-(40500))+((Tuition!A13-(40500))*0.042),0,0)))+(IF(Tuition!B13<(40500),PMT(6.8%/12,300,Tuition!B13+(Tuition!B13*0.0105),0,0),PMT(6.8%/12,300,Tuition!B13+((40500)*0.0105),0,0)+PMT(7.9%/12,300,(Tuition!B13-(40500))+((Tuition!B13-(40500))*0.042),0,0)))+(IF(Tuition!C13<(40500),PMT(6.8%/12,300,Tuition!C13+(Tuition!C13*0.0105),0,0),PMT(6.8%/12,300,Tuition!C13+((40500)*0.0105),0,0)+PMT(7.9%/12,300,(Tuition!C13-(40500))+((Tuition!C13-(40500))*0.042),0,0)))+(IF(Tuition!D13<(40500),PMT(6.8%/12,300,Tuition!D13+(Tuition!D13*0.0105),0,0),PMT(6.8%/12,300,Tuition!D13+((40500)*0.0105),0,0)+PMT(7.9%/12,300,(Tuition!D13-(40500))+((Tuition!D13-(40500))*0.042),0,0))) -> -1020.2968 | E14: 251944.11 | F14: =(IF(Tuition!H13<(40500),PMT(6.8%/12,120,Tuition!H13+(Tuition!H13*0.0105),0,0),PMT(6.8%/12,120,Tuition!H13+((40500)*0.0105),0,0)+PMT(7.9%/12,120,(Tuition!H13-(40500))+((Tuition!H13-(40500))*0.042),0,0)))+(IF(Tuition!I13<(40500),PMT(6.8%/12,120,Tuition!I13+(Tuition!I13*0.0105),0,0),PMT(6.8%/12,120,Tuition!I13+((40500)*0.0105),0,0)+PMT(7.9%/12,120,(Tuition!I13-(40500))+((Tuition!I13-(40500))*0.042),0,0)))+(IF(Tuition!J13<(40500),PMT(6.8%/12,120,Tuition!J13+(Tuition!J13*0.0105),0,0),PMT(6.8%/12,120,Tuition!J13+((40500)*0.0105),0,0)+PMT(7.9%/12,120,(Tuition!J13-(40500))+((Tuition!J13-(40500))*0.042),0,0)))+(IF(Tuition!K13<(40500),PMT(6.8%/12,120,Tuition!K13+(Tuition!K13*0.0105),0,0),PMT(6.8%/12,120,Tuition!K13+((40500)*0.0105),0,0)+PMT(7.9%/12,120,(Tuition!K13-(40500))+((Tuition!K13-(40500))*0.042),0,0))) -> -4051.1137 | G14: =(IF(Tuition!H13<(40500),PMT(6.8%/12,300,Tuition!H13+(Tuition!H13*0.0105),0,0),PMT(6.8%/12,300,Tuition!H13+((40500)*0.0105),0,0)+PMT(7.9%/12,300,(Tuition!H13-(40500))+((Tuition!H13-(40500))*0.042),0,0)))+(IF(Tuition!I13<(40500),PMT(6.8%/12,300,Tuition!I13+(Tuition!I13*0.0105),0,0),PMT(6.8%/12,300,Tuition!I13+((40500)*0.0105),0,0)+PMT(7.9%/12,300,(Tuition!I13-(40500))+((Tuition!I13-(40500))*0.042),0,0)))+(IF(Tuition!J13<(40500),PMT(6.8%/12,300,Tuition!J13+(Tuition!J13*0.0105),0,0),PMT(6.8%/12,300,Tuition!J13+((40500)*0.0105),0,0)+PMT(7.9%/12,300,(Tuition!J13-(40500))+((Tuition!J13-(40500))*0.042),0,0)))+(IF(Tuition!K13<(40500),PMT(6.8%/12,300,Tuition!K13+(Tuition!K13*0.0105),0,0),PMT(6.8%/12,300,Tuition!K13+((40500)*0.0105),0,0)+PMT(7.9%/12,300,(Tuition!K13-(40500))+((Tuition!K13-(40500))*0.042),0,0))) -> -2477.6422 | I14: =C14*120 -> -203003.86 | J14: =D14*300 -> -306089.04 | K14: =F14*120 -> -486133.65 | L14: =G14*300 -> -743292.65
A15: Mississippi State University College of Veterinary Medicine | B15: 80728.792 | C15: =(IF(Tuition!A14<(40500),PMT(6.8%/12,120,Tuition!A14+(Tuition!A14*0.0105),0,0),PMT(6.8%/12,120,Tuition!A14+((40500)*0.0105),0,0)+PMT(7.9%/12,120,(Tuition!A14-(40500))+((Tuition!A14-(40500))*0.042),0,0)))+(IF(Tuition!B14<(40500),PMT(6.8%/12,120,Tuition!B14+(Tuition!B14*0.0105),0,0),PMT(6.8%/12,120,Tuition!B14+((40500)*0.0105),0,0)+PMT(7.9%/12,120,(Tuition!B14-(40500))+((Tuition!B14-(40500))*0.042),0,0)))+(IF(Tuition!C14<(40500),PMT(6.8%/12,120,Tuition!C14+(Tuition!C14*0.0105),0,0),PMT(6.8%/12,120,Tuition!C14+((40500)*0.0105),0,0)+PMT(7.9%/12,120,(Tuition!C14-(40500))+((Tuition!C14-(40500))*0.042),0,0)))+(IF(Tuition!D14<(40500),PMT(6.8%/12,120,Tuition!D14+(Tuition!D14*0.0105),0,0),PMT(6.8%/12,120,Tuition!D14+((40500)*0.0105),0,0)+PMT(7.9%/12,120,(Tuition!D14-(40500))+((Tuition!D14-(40500))*0.042),0,0))) -> -938.78442 | D15: =(IF(Tuition!A14<(40500),PMT(6.8%/12,300,Tuition!A14+(Tuition!A14*0.0105),0,0),PMT(6.8%/12,300,Tuition!A14+((40500)*0.0105),0,0)+PMT(7.9%/12,300,(Tuition!A14-(40500))+((Tuition!A14-(40500))*0.042),0,0)))+(IF(Tuition!B14<(40500),PMT(6.8%/12,300,Tuition!B14+(Tuition!B14*0.0105),0,0),PMT(6.8%/12,300,Tuition!B14+((40500)*0.0105),0,0)+PMT(7.9%/12,300,(Tuition!B14-(40500))+((Tuition!B14-(40500))*0.042),0,0)))+(IF(Tuition!C14<(40500),PMT(6.8%/12,300,Tuition!C14+(Tuition!C14*0.0105),0,0),PMT(6.8%/12,300,Tuition!C14+((40500)*0.0105),0,0)+PMT(7.9%/12,300,(Tuition!C14-(40500))+((Tuition!C14-(40500))*0.042),0,0)))+(IF(Tuition!D14<(40500),PMT(6.8%/12,300,Tuition!D14+(Tuition!D14*0.0105),0,0),PMT(6.8%/12,300,Tuition!D14+((40500)*0.0105),0,0)+PMT(7.9%/12,300,(Tuition!D14-(40500))+((Tuition!D14-(40500))*0.042),0,0))) -> -566.19934 | E15: 192783.64 | F15: =(IF(Tuition!H14<(40500),PMT(6.8%/12,120,Tuition!H14+(Tuition!H14*0.0105),0,0),PMT(6.8%/12,120,Tuition!H14+((40500)*0.0105),0,0)+PMT(7.9%/12,120,(Tuition!H14-(40500))+((Tuition!H14-(40500))*0.042),0,0)))+(IF(Tuition!I14<(40500),PMT(6.8%/12,120,Tuition!I14+(Tuition!I14*0.0105),0,0),PMT(6.8%/12,120,Tuition!I14+((40500)*0.0105),0,0)+PMT(7.9%/12,120,(Tuition!I14-(40500))+((Tuition!I14-(40500))*0.042),0,0)))+(IF(Tuition!J14<(40500),PMT(6.8%/12,120,Tuition!J14+(Tuition!J14*0.0105),0,0),PMT(6.8%/12,120,Tuition!J14+((40500)*0.0105),0,0)+PMT(7.9%/12,120,(Tuition!J14-(40500))+((Tuition!J14-(40500))*0.042),0,0)))+(IF(Tuition!K14<(40500),PMT(6.8%/12,120,Tuition!K14+(Tuition!K14*0.0105),0,0),PMT(6.8%/12,120,Tuition!K14+((40500)*0.0105),0,0)+PMT(7.9%/12,120,(Tuition!K14-(40500))+((Tuition!K14-(40500))*0.042),0,0))) -> -2625.6198 | G15: =(IF(Tuition!H14<(40500),PMT(6.8%/12,300,Tuition!H14+(Tuition!H14*0.0105),0,0),PMT(6.8%/12,300,Tuition!H14+((40500)*0.0105),0,0)+PMT(7.9%/12,300,(Tuition!H14-(40500))+((Tuition!H14-(40500))*0.042),0,0)))+(IF(Tuition!I14<(40500),PMT(6.8%/12,300,Tuition!I14+(Tuition!I14*0.0105),0,0),PMT(6.8%/12,300,Tuition!I14+((40500)*0.0105),0,0)+PMT(7.9%/12,300,(Tuition!I14-(40500))+((Tuition!I14-(40500))*0.042),0,0)))+(IF(Tuition!J14<(40500),PMT(6.8%/12,300,Tuition!J14+(Tuition!J14*0.0105),0,0),PMT(6.8%/12,300,Tuition!J14+((40500)*0.0105),0,0)+PMT(7.9%/12,300,(Tuition!J14-(40500))+((Tuition!J14-(40500))*0.042),0,0)))+(IF(Tuition!K14<(40500),PMT(6.8%/12,300,Tuition!K14+(Tuition!K14*0.0105),0,0),PMT(6.8%/12,300,Tuition!K14+((40500)*0.0105),0,0)+PMT(7.9%/12,300,(Tuition!K14-(40500))+((Tuition!K14-(40500))*0.042),0,0))) -> -1595.3145 | I15: =C15*120 -> -112654.13 | J15: =D15*300 -> -169859.8 | K15: =F15*120 -> -315074.38 | L15: =G15*300 -> -478594.34
A16: Michigan State University College of Veterinary Medicine | B16: 122312.62 | C16: =(IF(Tuition!A15<(40500),PMT(6.8%/12,120,Tuition!A15+(Tuition!A15*0.0105),0,0),PMT(6.8%/12,120,Tuition!A15+((40500)*0.0105),0,0)+PMT(7.9%/12,120,(Tuition!A15-(40500))+((Tuition!A15-(40500))*0.042),0,0)))+(IF(Tuition!B15<(40500),PMT(6.8%/12,120,Tuition!B15+(Tuition!B15*0.0105),0,0),PMT(6.8%/12,120,Tuition!B15+((40500)*0.0105),0,0)+PMT(7.9%/12,120,(Tuition!B15-(40500))+((Tuition!B15-(40500))*0.042),0,0)))+(IF(Tuition!C15<(40500),PMT(6.8%/12,120,Tuition!C15+(Tuition!C15*0.0105),0,0),PMT(6.8%/12,120,Tuition!C15+((40500)*0.0105),0,0)+PMT(7.9%/12,120,(Tuition!C15-(40500))+((Tuition!C15-(40500))*0.042),0,0)))+(IF(Tuition!D15<(40500),PMT(6.8%/12,120,Tuition!D15+(Tuition!D15*0.0105),0,0),PMT(6.8%/12,120,Tuition!D15+((40500)*0.0105),0,0)+PMT(7.9%/12,120,(Tuition!D15-(40500))+((Tuition!D15-(40500))*0.042),0,0))) -> -1580.9437 | D16: =(IF(Tuition!A15<(40500),PMT(6.8%/12,300,Tuition!A15+(Tuition!A15*0.0105),0,0),PMT(6.8%/12,300,Tuition!A15+((40500)*0.0105),0,0)+PMT(7.9%/12,300,(Tuition!A15-(40500))+((Tuition!A15-(40500))*0.042),0,0)))+(IF(Tuition!B15<(40500),PMT(6.8%/12,300,Tuition!B15+(Tuition!B15*0.0105),0,0),PMT(6.8%/12,300,Tuition!B15+((40500)*0.0105),0,0)+PMT(7.9%/12,300,(Tuition!B15-(40500))+((Tuition!B15-(40500))*0.042),0,0)))+(IF(Tuition!C15<(40500),PMT(6.8%/12,300,Tuition!C15+(Tuition!C15*0.0105),0,0),PMT(6.8%/12,300,Tuition!C15+((40500)*0.0105),0,0)+PMT(7.9%/12,300,(Tuition!C15-(40500))+((Tuition!C15-(40500))*0.042),0,0)))+(IF(Tuition!D15<(40500),PMT(6.8%/12,300,Tuition!D15+(Tuition!D15*0.0105),0,0),PMT(6.8%/12,300,Tuition!D15+((40500)*0.0105),0,0)+PMT(7.9%/12,300,(Tuition!D15-(40500))+((Tuition!D15-(40500))*0.042),0,0))) -> -958.35444 | E16: 244956.54 | F16: =(IF(Tuition!H15<(40500),PMT(6.8%/12,120,Tuition!H15+(Tuition!H15*0.0105),0,0),PMT(6.8%/12,120,Tuition!H15+((40500)*0.0105),0,0)+PMT(7.9%/12,120,(Tuition!H15-(40500))+((Tuition!H15-(40500))*0.042),0,0)))+(IF(Tuition!I15<(40500),PMT(6.8%/12,120,Tuition!I15+(Tuition!I15*0.0105),0,0),PMT(6.8%/12,120,Tuition!I15+((40500)*0.0105),0,0)+PMT(7.9%/12,120,(Tuition!I15-(40500))+((Tuition!I15-(40500))*0.042),0,0)))+(IF(Tuition!J15<(40500),PMT(6.8%/12,120,Tuition!J15+(Tuition!J15*0.0105),0,0),PMT(6.8%/12,120,Tuition!J15+((40500)*0.0105),0,0)+PMT(7.9%/12,120,(Tuition!J15-(40500))+((Tuition!J15-(40500))*0.042),0,0)))+(IF(Tuition!K15<(40500),PMT(6.8%/12,120,Tuition!K15+(Tuition!K15*0.0105),0,0),PMT(6.8%/12,120,Tuition!K15+((40500)*0.0105),0,0)+PMT(7.9%/12,120,(Tuition!K15-(40500))+((Tuition!K15-(40500))*0.042),0,0))) -> -4010.602 | G16: =(IF(Tuition!H15<(40500),PMT(6.8%/12,300,Tuition!H15+(Tuition!H15*0.0105),0,0),PMT(6.8%/12,300,Tuition!H15+((40500)*0.0105),0,0)+PMT(7.9%/12,300,(Tuition!H15-(40500))+((Tuition!H15-(40500))*0.042),0,0)))+(IF(Tuition!I15<(40500),PMT(6.8%/12,300,Tuition!I15+(Tuition!I15*0.0105),0,0),PMT(6.8%/12,300,Tuition!I15+((40500)*0.0105),0,0)+PMT(7.9%/12,300,(Tuition!I15-(40500))+((Tuition!I15-(40500))*0.042),0,0)))+(IF(Tuition!J15<(40500),PMT(6.8%/12,300,Tuition!J15+(Tuition!J15*0.0105),0,0),PMT(6.8%/12,300,Tuition!J15+((40500)*0.0105),0,0)+PMT(7.9%/12,300,(Tuition!J15-(40500))+((Tuition!J15-(40500))*0.042),0,0)))+(IF(Tuition!K15<(40500),PMT(6.8%/12,300,Tuition!K15+(Tuition!K15*0.0105),0,0),PMT(6.8%/12,300,Tuition!K15+((40500)*0.0105),0,0)+PMT(7.9%/12,300,(Tuition!K15-(40500))+((Tuition!K15-(40500))*0.042),0,0))) -> -2454.4565 | I16: =C16*120 -> -189713.25 | J16: =D16*300 -> -287506.33 | K16: =F16*120 -> -481272.24 | L16: =G16*300 -> -736336.94
A17: North Carolina State University College Veterinary Medicine NONRESx4 | B17: 72781.863 | C17: =(IF(Tuition!A16<(40500),PMT(6.8%/12,120,Tuition!A16+(Tuition!A16*0.0105),0,0),PMT(6.8%/12,120,Tuition!A16+((40500)*0.0105),0,0)+PMT(7.9%/12,120,(Tuition!A16-(40500))+((Tuition!A16-(40500))*0.042),0,0)))+(IF(Tuition!B16<(40500),PMT(6.8%/12,120,Tuition!B16+(Tuition!B16*0.0105),0,0),PMT(6.8%/12,120,Tuition!B16+((40500)*0.0105),0,0)+PMT(7.9%/12,120,(Tuition!B16-(40500))+((Tuition!B16-(40500))*0.042),0,0)))+(IF(Tuition!C16<(40500),PMT(6.8%/12,120,Tuition!C16+(Tuition!C16*0.0105),0,0),PMT(6.8%/12,120,Tuition!C16+((40500)*0.0105),0,0)+PMT(7.9%/12,120,(Tuition!C16-(40500))+((Tuition!C16-(40500))*0.042),0,0)))+(IF(Tuition!D16<(40500),PMT(6.8%/12,120,Tuition!D16+(Tuition!D16*0.0105),0,0),PMT(6.8%/12,120,Tuition!D16+((40500)*0.0105),0,0)+PMT(7.9%/12,120,(Tuition!D16-(40500))+((Tuition!D16-(40500))*0.042),0,0))) -> -846.37063 | D17: =(IF(Tuition!A16<(40500),PMT(6.8%/12,300,Tuition!A16+(Tuition!A16*0.0105),0,0),PMT(6.8%/12,300,Tuition!A16+((40500)*0.0105),0,0)+PMT(7.9%/12,300,(Tuition!A16-(40500))+((Tuition!A16-(40500))*0.042),0,0)))+(IF(Tuition!B16<(40500),PMT(6.8%/12,300,Tuition!B16+(Tuition!B16*0.0105),0,0),PMT(6.8%/12,300,Tuition!B16+((40500)*0.0105),0,0)+PMT(7.9%/12,300,(Tuition!B16-(40500))+((Tuition!B16-(40500))*0.042),0,0)))+(IF(Tuition!C16<(40500),PMT(6.8%/12,300,Tuition!C16+(Tuition!C16*0.0105),0,0),PMT(6.8%/12,300,Tuition!C16+((40500)*0.0105),0,0)+PMT(7.9%/12,300,(Tuition!C16-(40500))+((Tuition!C16-(40500))*0.042),0,0)))+(IF(Tuition!D16<(40500),PMT(6.8%/12,300,Tuition!D16+(Tuition!D16*0.0105),0,0),PMT(6.8%/12,300,Tuition!D16+((40500)*0.0105),0,0)+PMT(7.9%/12,300,(Tuition!D16-(40500))+((Tuition!D16-(40500))*0.042),0,0))) -> -510.46277 | E17: 174805.56 | F17: =(IF(Tuition!H16<(40500),PMT(6.8%/12,120,Tuition!H16+(Tuition!H16*0.0105),0,0),PMT(6.8%/12,120,Tuition!H16+((40500)*0.0105),0,0)+PMT(7.9%/12,120,(Tuition!H16-(40500))+((Tuition!H16-(40500))*0.042),0,0)))+(IF(Tuition!I16<(40500),PMT(6.8%/12,120,Tuition!I16+(Tuition!I16*0.0105),0,0),PMT(6.8%/12,120,Tuition!I16+((40500)*0.0105),0,0)+PMT(7.9%/12,120,(Tuition!I16-(40500))+((Tuition!I16-(40500))*0.042),0,0)))+(IF(Tuition!J16<(40500),PMT(6.8%/12,120,Tuition!J16+(Tuition!J16*0.0105),0,0),PMT(6.8%/12,120,Tuition!J16+((40500)*0.0105),0,0)+PMT(7.9%/12,120,(Tuition!J16-(40500))+((Tuition!J16-(40500))*0.042),0,0)))+(IF(Tuition!K16<(40500),PMT(6.8%/12,120,Tuition!K16+(Tuition!K16*0.0105),0,0),PMT(6.8%/12,120,Tuition!K16+((40500)*0.0105),0,0)+PMT(7.9%/12,120,(Tuition!K16-(40500))+((Tuition!K16-(40500))*0.042),0,0))) -> -2211.131 | G17: =(IF(Tuition!H16<(40500),PMT(6.8%/12,300,Tuition!H16+(Tuition!H16*0.0105),0,0),PMT(6.8%/12,300,Tuition!H16+((40500)*0.0105),0,0)+PMT(7.9%/12,300,(Tuition!H16-(40500))+((Tuition!H16-(40500))*0.042),0,0)))+(IF(Tuition!I16<(40500),PMT(6.8%/12,300,Tuition!I16+(Tuition!I16*0.0105),0,0),PMT(6.8%/12,300,Tuition!I16+((40500)*0.0105),0,0)+PMT(7.9%/12,300,(Tuition!I16-(40500))+((Tuition!I16-(40500))*0.042),0,0)))+(IF(Tuition!J16<(40500),PMT(6.8%/12,300,Tuition!J16+(Tuition!J16*0.0105),0,0),PMT(6.8%/12,300,Tuition!J16+((40500)*0.0105),0,0)+PMT(7.9%/12,300,(Tuition!J16-(40500))+((Tuition!J16-(40500))*0.042),0,0)))+(IF(Tuition!K16<(40500),PMT(6.8%/12,300,Tuition!K16+(Tuition!K16*0.0105),0,0),PMT(6.8%/12,300,Tuition!K16+((40500)*0.0105),0,0)+PMT(7.9%/12,300,(Tuition!K16-(40500))+((Tuition!K16-(40500))*0.042),0,0))) -> -1339.0377 | I17: =C17*120 -> -101564.48 | J17: =D17*300 -> -153138.83 | K17: =F17*120 -> -265335.72 | L17: =G17*300 -> -401711.3
... A38: Washington State University College of Veterinary Medicine | B38: 108495.98 | C38: =(IF(Tuition!A37<(40500),PMT(6.8%/12,120,Tuition!A37+(Tuition!A37*0.0105),0,0),PMT(6.8%/12,120,Tuition!A37+((40500)*0.0105),0,0)+PMT(7.9%/12,120,(Tuition!A37-(40500))+((Tuition!A37-(40500))*0.042),0,0)))+(IF(Tuition!B37<(40500),PMT(6.8%/12,120,Tuition!B37+(Tuition!B37*0.0105),0,0),PMT(6.8%/12,120,Tuition!B37+((40500)*0.0105),0,0)+PMT(7.9%/12,120,(Tuition!B37-(40500))+((Tuition!B37-(40500))*0.042),0,0)))+(IF(Tuition!C37<(40500),PMT(6.8%/12,120,Tuition!C37+(Tuition!C37*0.0105),0,0),PMT(6.8%/12,120,Tuition!C37+((40500)*0.0105),0,0)+PMT(7.9%/12,120,(Tuition!C37-(40500))+((Tuition!C37-(40500))*0.042),0,0)))+(IF(Tuition!D37<(40500),PMT(6.8%/12,120,Tuition!D37+(Tuition!D37*0.0105),0,0),PMT(6.8%/12,120,Tuition!D37+((40500)*0.0105),0,0)+PMT(7.9%/12,120,(Tuition!D37-(40500))+((Tuition!D37-(40500))*0.042),0,0))) -> -1261.6854 | D38: =(IF(Tuition!A37<(40500),PMT(6.8%/12,300,Tuition!A37+(Tuition!A37*0.0105),0,0),PMT(6.8%/12,300,Tuition!A37+((40500)*0.0105),0,0)+PMT(7.9%/12,300,(Tuition!A37-(40500))+((Tuition!A37-(40500))*0.042),0,0)))+(IF(Tuition!B37<(40500),PMT(6.8%/12,300,Tuition!B37+(Tuition!B37*0.0105),0,0),PMT(6.8%/12,300,Tuition!B37+((40500)*0.0105),0,0)+PMT(7.9%/12,300,(Tuition!B37-(40500))+((Tuition!B37-(40500))*0.042),0,0)))+(IF(Tuition!C37<(40500),PMT(6.8%/12,300,Tuition!C37+(Tuition!C37*0.0105),0,0),PMT(6.8%/12,300,Tuition!C37+((40500)*0.0105),0,0)+PMT(7.9%/12,300,(Tuition!C37-(40500))+((Tuition!C37-(40500))*0.042),0,0)))+(IF(Tuition!D37<(40500),PMT(6.8%/12,300,Tuition!D37+(Tuition!D37*0.0105),0,0),PMT(6.8%/12,300,Tuition!D37+((40500)*0.0105),0,0)+PMT(7.9%/12,300,(Tuition!D37-(40500))+((Tuition!D37-(40500))*0.042),0,0))) -> -760.94727 | E38: 247686.03 | F38: =(IF(Tuition!H37<(40500),PMT(6.8%/12,120,Tuition!H37+(Tuition!H37*0.0105),0,0),PMT(6.8%/12,120,Tuition!H37+((40500)*0.0105),0,0)+PMT(7.9%/12,120,(Tuition!H37-(40500))+((Tuition!H37-(40500))*0.042),0,0)))+(IF(Tuition!I37<(40500),PMT(6.8%/12,120,Tuition!I37+(Tuition!I37*0.0105),0,0),PMT(6.8%/12,120,Tuition!I37+((40500)*0.0105),0,0)+PMT(7.9%/12,120,(Tuition!I37-(40500))+((Tuition!I37-(40500))*0.042),0,0)))+(IF(Tuition!J37<(40500),PMT(6.8%/12,120,Tuition!J37+(Tuition!J37*0.0105),0,0),PMT(6.8%/12,120,Tuition!J37+((40500)*0.0105),0,0)+PMT(7.9%/12,120,(Tuition!J37-(40500))+((Tuition!J37-(40500))*0.042),0,0)))+(IF(Tuition!K37<(40500),PMT(6.8%/12,120,Tuition!K37+(Tuition!K37*0.0105),0,0),PMT(6.8%/12,120,Tuition!K37+((40500)*0.0105),0,0)+PMT(7.9%/12,120,(Tuition!K37-(40500))+((Tuition!K37-(40500))*0.042),0,0))) -> -3948.5136 | G38: =(IF(Tuition!H37<(40500),PMT(6.8%/12,300,Tuition!H37+(Tuition!H37*0.0105),0,0),PMT(6.8%/12,300,Tuition!H37+((40500)*0.0105),0,0)+PMT(7.9%/12,300,(Tuition!H37-(40500))+((Tuition!H37-(40500))*0.042),0,0)))+(IF(Tuition!I37<(40500),PMT(6.8%/12,300,Tuition!I37+(Tuition!I37*0.0105),0,0),PMT(6.8%/12,300,Tuition!I37+((40500)*0.0105),0,0)+PMT(7.9%/12,300,(Tuition!I37-(40500))+((Tuition!I37-(40500))*0.042),0,0)))+(IF(Tuition!J37<(40500),PMT(6.8%/12,300,Tuition!J37+(Tuition!J37*0.0105),0,0),PMT(6.8%/12,300,Tuition!J37+((40500)*0.0105),0,0)+PMT(7.9%/12,300,(Tuition!J37-(40500))+((Tuition!J37-(40500))*0.042),0,0)))+(IF(Tuition!K37<(40500),PMT(6.8%/12,300,Tuition!K37+(Tuition!K37*0.0105),0,0),PMT(6.8%/12,300,Tuition!K37+((40500)*0.0105),0,0)+PMT(7.9%/12,300,(Tuition!K37-(40500))+((Tuition!K37-(40500))*0.042),0,0))) -> -2414.1365 | I38: =C38*120 -> -151402.25 | J38: =D38*300 -> -228284.18 | K38: =F38*120 -> -473821.63 | L38: =G38*300 -> -724240.95
A41: CLASS OF 2017 | B41: IS Tuition | C41: IS Tuition: Monthly Payments | E41: OOS Tuition | F41: OOS Tuition: Monthly Payments | I41: IS Tuition: Total Paid | K41: OOS Tuition: Total Paid
C43: 10 years | D43: 25 years | F43: 10 years | G43: 25 years | I43: 10 years | J43: 25 years | K43: 10 years | L43: 25 years
A44: Auburn University College of Veterinary Medicine | B44: =Tuition!E44 -> 94755.8 | C44: =(IF(Tuition!A44<(40500),PMT(6.8%/12,120,Tuition!A44+(Tuition!A44*0.0105),0,0),PMT(6.8%/12,120,Tuition!A44+((40500)*0.0105),0,0)+PMT(7.9%/12,120,(Tuition!A44-(40500))+((Tuition!A44-(40500))*0.042),0,0)))+(IF(Tuition!B44<(40500),PMT(6.8%/12,120,Tuition!B44+(Tuition!B44*0.0105),0,0),PMT(6.8%/12,120,Tuition!B44+((40500)*0.0105),0,0)+PMT(7.9%/12,120,(Tuition!B44-(40500))+((Tuition!B44-(40500))*0.042),0,0)))+(IF(Tuition!C44<(40500),PMT(6.8%/12,120,Tuition!C44+(Tuition!C44*0.0105),0,0),PMT(6.8%/12,120,Tuition!C44+((40500)*0.0105),0,0)+PMT(7.9%/12,120,(Tuition!C44-(40500))+((Tuition!C44-(40500))*0.042),0,0)))+(IF(Tuition!D44<(40500),PMT(6.8%/12,120,Tuition!D44+(Tuition!D44*0.0105),0,0),PMT(6.8%/12,120,Tuition!D44+((40500)*0.0105),0,0)+PMT(7.9%/12,120,(Tuition!D44-(40500))+((Tuition!D44-(40500))*0.042),0,0))) -> -1101.9026 | D44: =(IF(Tuition!A44<(40500),PMT(6.8%/12,300,Tuition!A44+(Tuition!A44*0.0105),0,0),PMT(6.8%/12,300,Tuition!A44+((40500)*0.0105),0,0)+PMT(7.9%/12,300,(Tuition!A44-(40500))+((Tuition!A44-(40500))*0.042),0,0)))+(IF(Tuition!B44<(40500),PMT(6.8%/12,300,Tuition!B44+(Tuition!B44*0.0105),0,0),PMT(6.8%/12,300,Tuition!B44+((40500)*0.0105),0,0)+PMT(7.9%/12,300,(Tuition!B44-(40500))+((Tuition!B44-(40500))*0.042),0,0)))+(IF(Tuition!C44<(40500),PMT(6.8%/12,300,Tuition!C44+(Tuition!C44*0.0105),0,0),PMT(6.8%/12,300,Tuition!C44+((40500)*0.0105),0,0)+PMT(7.9%/12,300,(Tuition!C44-(40500))+((Tuition!C44-(40500))*0.042),0,0)))+(IF(Tuition!D44<(40500),PMT(6.8%/12,300,Tuition!D44+(Tuition!D44*0.0105),0,0),PMT(6.8%/12,300,Tuition!D44+((40500)*0.0105),0,0)+PMT(7.9%/12,300,(Tuition!D44-(40500))+((Tuition!D44-(40500))*0.042),0,0))) -> -664.57914 | E44: =Tuition!G44 -> 209254 | F44: =(IF(Tuition!H44<(40500),PMT(6.8%/12,120,Tuition!H44+(Tuition!H44*0.0105),0,0),PMT(6.8%/12,120,Tuition!H44+((40500)*0.0105),0,0)+PMT(7.9%/12,120,(Tuition!H44-(40500))+((Tuition!H44-(40500))*0.042),0,0)))+(IF(Tuition!I44<(40500),PMT(6.8%/12,120,Tuition!I44+(Tuition!I44*0.0105),0,0),PMT(6.8%/12,120,Tuition!I44+((40500)*0.0105),0,0)+PMT(7.9%/12,120,(Tuition!I44-(40500))+((Tuition!I44-(40500))*0.042),0,0)))+(IF(Tuition!J44<(40500),PMT(6.8%/12,120,Tuition!J44+(Tuition!J44*0.0105),0,0),PMT(6.8%/12,120,Tuition!J44+((40500)*0.0105),0,0)+PMT(7.9%/12,120,(Tuition!J44-(40500))+((Tuition!J44-(40500))*0.042),0,0)))+(IF(Tuition!K44<(40500),PMT(6.8%/12,120,Tuition!K44+(Tuition!K44*0.0105),0,0),PMT(6.8%/12,120,Tuition!K44+((40500)*0.0105),0,0)+PMT(7.9%/12,120,(Tuition!K44-(40500))+((Tuition!K44-(40500))*0.042),0,0))) -> -3022.4794 | G44: =(IF(Tuition!H44<(40500),PMT(6.8%/12,300,Tuition!H44+(Tuition!H44*0.0105),0,0),PMT(6.8%/12,300,Tuition!H44+((40500)*0.0105),0,0)+PMT(7.9%/12,300,(Tuition!H44-(40500))+((Tuition!H44-(40500))*0.042),0,0)))+(IF(Tuition!I44<(40500),PMT(6.8%/12,300,Tuition!I44+(Tuition!I44*0.0105),0,0),PMT(6.8%/12,300,Tuition!I44+((40500)*0.0105),0,0)+PMT(7.9%/12,300,(Tuition!I44-(40500))+((Tuition!I44-(40500))*0.042),0,0)))+(IF(Tuition!J44<(40500),PMT(6.8%/12,300,Tuition!J44+(Tuition!J44*0.0105),0,0),PMT(6.8%/12,300,Tuition!J44+((40500)*0.0105),0,0)+PMT(7.9%/12,300,(Tuition!J44-(40500))+((Tuition!J44-(40500))*0.042),0,0)))+(IF(Tuition!K44<(40500),PMT(6.8%/12,300,Tuition!K44+(Tuition!K44*0.0105),0,0),PMT(6.8%/12,300,Tuition!K44+((40500)*0.0105),0,0)+PMT(7.9%/12,300,(Tuition!K44-(40500))+((Tuition!K44-(40500))*0.042),0,0))) -> -1840.9558 | I44: =C44*120 -> -132228.32 | J44: =D44*300 -> -199373.74 | K44: =F44*120 -> -362697.53 | L44: =G44*300 -> -552286.74
A45: Cornell University College of Veterinary Medicine | B45: =Tuition!E45 -> 141844.22 | C45: =(IF(Tuition!A45<(40500),PMT(6.8%/12,120,Tuition!A45+(Tuition!A45*0.0105),0,0),PMT(6.8%/12,120,Tuition!A45+((40500)*0.0105),0,0)+PMT(7.9%/12,120,(Tuition!A45-(40500))+((Tuition!A45-(40500))*0.042),0,0)))+(IF(Tuition!B45<(40500),PMT(6.8%/12,120,Tuition!B45+(Tuition!B45*0.0105),0,0),PMT(6.8%/12,120,Tuition!B45+((40500)*0.0105),0,0)+PMT(7.9%/12,120,(Tuition!B45-(40500))+((Tuition!B45-(40500))*0.042),0,0)))+(IF(Tuition!C45<(40500),PMT(6.8%/12,120,Tuition!C45+(Tuition!C45*0.0105),0,0),PMT(6.8%/12,120,Tuition!C45+((40500)*0.0105),0,0)+PMT(7.9%/12,120,(Tuition!C45-(40500))+((Tuition!C45-(40500))*0.042),0,0)))+(IF(Tuition!D45<(40500),PMT(6.8%/12,120,Tuition!D45+(Tuition!D45*0.0105),0,0),PMT(6.8%/12,120,Tuition!D45+((40500)*0.0105),0,0)+PMT(7.9%/12,120,(Tuition!D45-(40500))+((Tuition!D45-(40500))*0.042),0,0))) -> -1649.4876 | D45: =(IF(Tuition!A45<(40500),PMT(6.8%/12,300,Tuition!A45+(Tuition!A45*0.0105),0,0),PMT(6.8%/12,300,Tuition!A45+((40500)*0.0105),0,0)+PMT(7.9%/12,300,(Tuition!A45-(40500))+((Tuition!A45-(40500))*0.042),0,0)))+(IF(Tuition!B45<(40500),PMT(6.8%/12,300,Tuition!B45+(Tuition!B45*0.0105),0,0),PMT(6.8%/12,300,Tuition!B45+((40500)*0.0105),0,0)+PMT(7.9%/12,300,(Tuition!B45-(40500))+((Tuition!B45-(40500))*0.042),0,0)))+(IF(Tuition!C45<(40500),PMT(6.8%/12,300,Tuition!C45+(Tuition!C45*0.0105),0,0),PMT(6.8%/12,300,Tuition!C45+((40500)*0.0105),0,0)+PMT(7.9%/12,300,(Tuition!C45-(40500))+((Tuition!C45-(40500))*0.042),0,0)))+(IF(Tuition!D45<(40500),PMT(6.8%/12,300,Tuition!D45+(Tuition!D45*0.0105),0,0),PMT(6.8%/12,300,Tuition!D45+((40500)*0.0105),0,0)+PMT(7.9%/12,300,(Tuition!D45-(40500))+((Tuition!D45-(40500))*0.042),0,0))) -> -994.83843 | E45: =Tuition!G45 -> 213490.03 | F45: =(IF(Tuition!H45<(40500),PMT(6.8%/12,120,Tuition!H45+(Tuition!H45*0.0105),0,0),PMT(6.8%/12,120,Tuition!H45+((40500)*0.0105),0,0)+PMT(7.9%/12,120,(Tuition!H45-(40500))+((Tuition!H45-(40500))*0.042),0,0)))+(IF(Tuition!I45<(40500),PMT(6.8%/12,120,Tuition!I45+(Tuition!I45*0.0105),0,0),PMT(6.8%/12,120,Tuition!I45+((40500)*0.0105),0,0)+PMT(7.9%/12,120,(Tuition!I45-(40500))+((Tuition!I45-(40500))*0.042),0,0)))+(IF(Tuition!J45<(40500),PMT(6.8%/12,120,Tuition!J45+(Tuition!J45*0.0105),0,0),PMT(6.8%/12,120,Tuition!J45+((40500)*0.0105),0,0)+PMT(7.9%/12,120,(Tuition!J45-(40500))+((Tuition!J45-(40500))*0.042),0,0)))+(IF(Tuition!K45<(40500),PMT(6.8%/12,120,Tuition!K45+(Tuition!K45*0.0105),0,0),PMT(6.8%/12,120,Tuition!K45+((40500)*0.0105),0,0)+PMT(7.9%/12,120,(Tuition!K45-(40500))+((Tuition!K45-(40500))*0.042),0,0))) -> -3124.5481 | G45: =(IF(Tuition!H45<(40500),PMT(6.8%/12,300,Tuition!H45+(Tuition!H45*0.0105),0,0),PMT(6.8%/12,300,Tuition!H45+((40500)*0.0105),0,0)+PMT(7.9%/12,300,(Tuition!H45-(40500))+((Tuition!H45-(40500))*0.042),0,0)))+(IF(Tuition!I45<(40500),PMT(6.8%/12,300,Tuition!I45+(Tuition!I45*0.0105),0,0),PMT(6.8%/12,300,Tuition!I45+((40500)*0.0105),0,0)+PMT(7.9%/12,300,(Tuition!I45-(40500))+((Tuition!I45-(40500))*0.042),0,0)))+(IF(Tuition!J45<(40500),PMT(6.8%/12,300,Tuition!J45+(Tuition!J45*0.0105),0,0),PMT(6.8%/12,300,Tuition!J45+((40500)*0.0105),0,0)+PMT(7.9%/12,300,(Tuition!J45-(40500))+((Tuition!J45-(40500))*0.042),0,0)))+(IF(Tuition!K45<(40500),PMT(6.8%/12,300,Tuition!K45+(Tuition!K45*0.0105),0,0),PMT(6.8%/12,300,Tuition!K45+((40500)*0.0105),0,0)+PMT(7.9%/12,300,(Tuition!K45-(40500))+((Tuition!K45-(40500))*0.042),0,0))) -> -1904.1325 | I45: =C45*120 -> -197938.52 | J45: =D45*300 -> -298451.53 | K45: =F45*120 -> -374945.77 | L45: =G45*300 -> -571239.75
A46: Colorado State University College of Veterinary Medicine | B46: =Tuition!E46 -> 121783.4 | C46: =(IF(Tuition!A46<(40500),PMT(6.8%/12,120,Tuition!A46+(Tuition!A46*0.0105),0,0),PMT(6.8%/12,120,Tuition!A46+((40500)*0.0105),0,0)+PMT(7.9%/12,120,(Tuition!A46-(40500))+((Tuition!A46-(40500))*0.042),0,0)))+(IF(Tuition!B46<(40500),PMT(6.8%/12,120,Tuition!B46+(Tuition!B46*0.0105),0,0),PMT(6.8%/12,120,Tuition!B46+((40500)*0.0105),0,0)+PMT(7.9%/12,120,(Tuition!B46-(40500))+((Tuition!B46-(40500))*0.042),0,0)))+(IF(Tuition!C46<(40500),PMT(6.8%/12,120,Tuition!C46+(Tuition!C46*0.0105),0,0),PMT(6.8%/12,120,Tuition!C46+((40500)*0.0105),0,0)+PMT(7.9%/12,120,(Tuition!C46-(40500))+((Tuition!C46-(40500))*0.042),0,0)))+(IF(Tuition!D46<(40500),PMT(6.8%/12,120,Tuition!D46+(Tuition!D46*0.0105),0,0),PMT(6.8%/12,120,Tuition!D46+((40500)*0.0105),0,0)+PMT(7.9%/12,120,(Tuition!D46-(40500))+((Tuition!D46-(40500))*0.042),0,0))) -> -1416.203 | D46: =(IF(Tuition!A46<(40500),PMT(6.8%/12,300,Tuition!A46+(Tuition!A46*0.0105),0,0),PMT(6.8%/12,300,Tuition!A46+((40500)*0.0105),0,0)+PMT(7.9%/12,300,(Tuition!A46-(40500))+((Tuition!A46-(40500))*0.042),0,0)))+(IF(Tuition!B46<(40500),PMT(6.8%/12,300,Tuition!B46+(Tuition!B46*0.0105),0,0),PMT(6.8%/12,300,Tuition!B46+((40500)*0.0105),0,0)+PMT(7.9%/12,300,(Tuition!B46-(40500))+((Tuition!B46-(40500))*0.042),0,0)))+(IF(Tuition!C46<(40500),PMT(6.8%/12,300,Tuition!C46+(Tuition!C46*0.0105),0,0),PMT(6.8%/12,300,Tuition!C46+((40500)*0.0105),0,0)+PMT(7.9%/12,300,(Tuition!C46-(40500))+((Tuition!C46-(40500))*0.042),0,0)))+(IF(Tuition!D46<(40500),PMT(6.8%/12,300,Tuition!D46+(Tuition!D46*0.0105),0,0),PMT(6.8%/12,300,Tuition!D46+((40500)*0.0105),0,0)+PMT(7.9%/12,300,(Tuition!D46-(40500))+((Tuition!D46-(40500))*0.042),0,0))) -> -854.13985 | E46: =Tuition!G46 -> 256757.34 | F46: =(IF(Tuition!H46<(40500),PMT(6.8%/12,120,Tuition!H46+(Tuition!H46*0.0105),0,0),PMT(6.8%/12,120,Tuition!H46+((40500)*0.0105),0,0)+PMT(7.9%/12,120,(Tuition!H46-(40500))+((Tuition!H46-(40500))*0.042),0,0)))+(IF(Tuition!I46<(40500),PMT(6.8%/12,120,Tuition!I46+(Tuition!I46*0.0105),0,0),PMT(6.8%/12,120,Tuition!I46+((40500)*0.0105),0,0)+PMT(7.9%/12,120,(Tuition!I46-(40500))+((Tuition!I46-(40500))*0.042),0,0)))+(IF(Tuition!J46<(40500),PMT(6.8%/12,120,Tuition!J46+(Tuition!J46*0.0105),0,0),PMT(6.8%/12,120,Tuition!J46+((40500)*0.0105),0,0)+PMT(7.9%/12,120,(Tuition!J46-(40500))+((Tuition!J46-(40500))*0.042),0,0)))+(IF(Tuition!K46<(40500),PMT(6.8%/12,120,Tuition!K46+(Tuition!K46*0.0105),0,0),PMT(6.8%/12,120,Tuition!K46+((40500)*0.0105),0,0)+PMT(7.9%/12,120,(Tuition!K46-(40500))+((Tuition!K46-(40500))*0.042),0,0))) -> -4167.0903 | G46: =(IF(Tuition!H46<(40500),PMT(6.8%/12,300,Tuition!H46+(Tuition!H46*0.0105),0,0),PMT(6.8%/12,300,Tuition!H46+((40500)*0.0105),0,0)+PMT(7.9%/12,300,(Tuition!H46-(40500))+((Tuition!H46-(40500))*0.042),0,0)))+(IF(Tuition!I46<(40500),PMT(6.8%/12,300,Tuition!I46+(Tuition!I46*0.0105),0,0),PMT(6.8%/12,300,Tuition!I46+((40500)*0.0105),0,0)+PMT(7.9%/12,300,(Tuition!I46-(40500))+((Tuition!I46-(40500))*0.042),0,0)))+(IF(Tuition!J46<(40500),PMT(6.8%/12,300,Tuition!J46+(Tuition!J46*0.0105),0,0),PMT(6.8%/12,300,Tuition!J46+((40500)*0.0105),0,0)+PMT(7.9%/12,300,(Tuition!J46-(40500))+((Tuition!J46-(40500))*0.042),0,0)))+(IF(Tuition!K46<(40500),PMT(6.8%/12,300,Tuition!K46+(Tuition!K46*0.0105),0,0),PMT(6.8%/12,300,Tuition!K46+((40500)*0.0105),0,0)+PMT(7.9%/12,300,(Tuition!K46-(40500))+((Tuition!K46-(40500))*0.042),0,0))) -> -2549.4273 | I46: =C46*120 -> -169944.36 | J46: =D46*300 -> -256241.96 | K46: =F46*120 -> -500050.83 | L46: =G46*300 -> -764828.19
A47: University of Florida College of Veterinary Medicine | B47: =Tuition!E47 -> 135572.2 | C47: =(IF(Tuition!A47<(40500),PMT(6.8%/12,120,Tuition!A47+(Tuition!A47*0.0105),0,0),PMT(6.8%/12,120,Tuition!A47+((40500)*0.0105),0,0)+PMT(7.9%/12,120,(Tuition!A47-(40500))+((Tuition!A47-(40500))*0.042),0,0)))+(IF(Tuition!B47<(40500),PMT(6.8%/12,120,Tuition!B47+(Tuition!B47*0.0105),0,0),PMT(6.8%/12,120,Tuition!B47+((40500)*0.0105),0,0)+PMT(7.9%/12,120,(Tuition!B47-(40500))+((Tuition!B47-(40500))*0.042),0,0)))+(IF(Tuition!C47<(40500),PMT(6.8%/12,120,Tuition!C47+(Tuition!C47*0.0105),0,0),PMT(6.8%/12,120,Tuition!C47+((40500)*0.0105),0,0)+PMT(7.9%/12,120,(Tuition!C47-(40500))+((Tuition!C47-(40500))*0.042),0,0)))+(IF(Tuition!D47<(40500),PMT(6.8%/12,120,Tuition!D47+(Tuition!D47*0.0105),0,0),PMT(6.8%/12,120,Tuition!D47+((40500)*0.0105),0,0)+PMT(7.9%/12,120,(Tuition!D47-(40500))+((Tuition!D47-(40500))*0.042),0,0))) -> -1576.5511 | D47: =(IF(Tuition!A47<(40500),PMT(6.8%/12,300,Tuition!A47+(Tuition!A47*0.0105),0,0),PMT(6.8%/12,300,Tuition!A47+((40500)*0.0105),0,0)+PMT(7.9%/12,300,(Tuition!A47-(40500))+((Tuition!A47-(40500))*0.042),0,0)))+(IF(Tuition!B47<(40500),PMT(6.8%/12,300,Tuition!B47+(Tuition!B47*0.0105),0,0),PMT(6.8%/12,300,Tuition!B47+((40500)*0.0105),0,0)+PMT(7.9%/12,300,(Tuition!B47-(40500))+((Tuition!B47-(40500))*0.042),0,0)))+(IF(Tuition!C47<(40500),PMT(6.8%/12,300,Tuition!C47+(Tuition!C47*0.0105),0,0),PMT(6.8%/12,300,Tuition!C47+((40500)*0.0105),0,0)+PMT(7.9%/12,300,(Tuition!C47-(40500))+((Tuition!C47-(40500))*0.042),0,0)))+(IF(Tuition!D47<(40500),PMT(6.8%/12,300,Tuition!D47+(Tuition!D47*0.0105),0,0),PMT(6.8%/12,300,Tuition!D47+((40500)*0.0105),0,0)+PMT(7.9%/12,300,(Tuition!D47-(40500))+((Tuition!D47-(40500))*0.042),0,0))) -> -950.84898 | E47: =Tuition!G47 -> 236773.71 | F47: =(IF(Tuition!H47<(40500),PMT(6.8%/12,120,Tuition!H47+(Tuition!H47*0.0105),0,0),PMT(6.8%/12,120,Tuition!H47+((40500)*0.0105),0,0)+PMT(7.9%/12,120,(Tuition!H47-(40500))+((Tuition!H47-(40500))*0.042),0,0)))+(IF(Tuition!I47<(40500),PMT(6.8%/12,120,Tuition!I47+(Tuition!I47*0.0105),0,0),PMT(6.8%/12,120,Tuition!I47+((40500)*0.0105),0,0)+PMT(7.9%/12,120,(Tuition!I47-(40500))+((Tuition!I47-(40500))*0.042),0,0)))+(IF(Tuition!J47<(40500),PMT(6.8%/12,120,Tuition!J47+(Tuition!J47*0.0105),0,0),PMT(6.8%/12,120,Tuition!J47+((40500)*0.0105),0,0)+PMT(7.9%/12,120,(Tuition!J47-(40500))+((Tuition!J47-(40500))*0.042),0,0)))+(IF(Tuition!K47<(40500),PMT(6.8%/12,120,Tuition!K47+(Tuition!K47*0.0105),0,0),PMT(6.8%/12,120,Tuition!K47+((40500)*0.0105),0,0)+PMT(7.9%/12,120,(Tuition!K47-(40500))+((Tuition!K47-(40500))*0.042),0,0))) -> -3685.5771 | G47: =(IF(Tuition!H47<(40500),PMT(6.8%/12,300,Tuition!H47+(Tuition!H47*0.0105),0,0),PMT(6.8%/12,300,Tuition!H47+((40500)*0.0105),0,0)+PMT(7.9%/12,300,(Tuition!H47-(40500))+((Tuition!H47-(40500))*0.042),0,0)))+(IF(Tuition!I47<(40500),PMT(6.8%/12,300,Tuition!I47+(Tuition!I47*0.0105),0,0),PMT(6.8%/12,300,Tuition!I47+((40500)*0.0105),0,0)+PMT(7.9%/12,300,(Tuition!I47-(40500))+((Tuition!I47-(40500))*0.042),0,0)))+(IF(Tuition!J47<(40500),PMT(6.8%/12,300,Tuition!J47+(Tuition!J47*0.0105),0,0),PMT(6.8%/12,300,Tuition!J47+((40500)*0.0105),0,0)+PMT(7.9%/12,300,(Tuition!J47-(40500))+((Tuition!J47-(40500))*0.042),0,0)))+(IF(Tuition!K47<(40500),PMT(6.8%/12,300,Tuition!K47+(Tuition!K47*0.0105),0,0),PMT(6.8%/12,300,Tuition!K47+((40500)*0.0105),0,0)+PMT(7.9%/12,300,(Tuition!K47-(40500))+((Tuition!K47-(40500))*0.042),0,0))) -> -2251.3886 | I47: =C47*120 -> -189186.13 | J47: =D47*300 -> -285254.69 | K47: =F47*120 -> -442269.26 | L47: =G47*300 -> -675416.58
A48: University of Illinois College of Veterinary Medicine | B48: =Tuition!E48 -> 119361.43 | C48: =(IF(Tuition!A48<(40500),PMT(6.8%/12,120,Tuition!A48+(Tuition!A48*0.0105),0,0),PMT(6.8%/12,120,Tuition!A48+((40500)*0.0105),0,0)+PMT(7.9%/12,120,(Tuition!A48-(40500))+((Tuition!A48-(40500))*0.042),0,0)))+(IF(Tuition!B48<(40500),PMT(6.8%/12,120,Tuition!B48+(Tuition!B48*0.0105),0,0),PMT(6.8%/12,120,Tuition!B48+((40500)*0.0105),0,0)+PMT(7.9%/12,120,(Tuition!B48-(40500))+((Tuition!B48-(40500))*0.042),0,0)))+(IF(Tuition!C48<(40500),PMT(6.8%/12,120,Tuition!C48+(Tuition!C48*0.0105),0,0),PMT(6.8%/12,120,Tuition!C48+((40500)*0.0105),0,0)+PMT(7.9%/12,120,(Tuition!C48-(40500))+((Tuition!C48-(40500))*0.042),0,0)))+(IF(Tuition!D48<(40500),PMT(6.8%/12,120,Tuition!D48+(Tuition!D48*0.0105),0,0),PMT(6.8%/12,120,Tuition!D48+((40500)*0.0105),0,0)+PMT(7.9%/12,120,(Tuition!D48-(40500))+((Tuition!D48-(40500))*0.042),0,0))) -> -1388.0382 | D48: =(IF(Tuition!A48<(40500),PMT(6.8%/12,300,Tuition!A48+(Tuition!A48*0.0105),0,0),PMT(6.8%/12,300,Tuition!A48+((40500)*0.0105),0,0)+PMT(7.9%/12,300,(Tuition!A48-(40500))+((Tuition!A48-(40500))*0.042),0,0)))+(IF(Tuition!B48<(40500),PMT(6.8%/12,300,Tuition!B48+(Tuition!B48*0.0105),0,0),PMT(6.8%/12,300,Tuition!B48+((40500)*0.0105),0,0)+PMT(7.9%/12,300,(Tuition!B48-(40500))+((Tuition!B48-(40500))*0.042),0,0)))+(IF(Tuition!C48<(40500),PMT(6.8%/12,300,Tuition!C48+(Tuition!C48*0.0105),0,0),PMT(6.8%/12,300,Tuition!C48+((40500)*0.0105),0,0)+PMT(7.9%/12,300,(Tuition!C48-(40500))+((Tuition!C48-(40500))*0.042),0,0)))+(IF(Tuition!D48<(40500),PMT(6.8%/12,300,Tuition!D48+(Tuition!D48*0.0105),0,0),PMT(6.8%/12,300,Tuition!D48+((40500)*0.0105),0,0)+PMT(7.9%/12,300,(Tuition!D48-(40500))+((Tuition!D48-(40500))*0.042),0,0))) -> -837.15316 | E48: =Tuition!G48 -> 198794.19 | F48: =(IF(Tuition!H48<(40500),PMT(6.8%/12,120,Tuition!H48+(Tuition!H48*0.0105),0,0),PMT(6.8%/12,120,Tuition!H48+((40500)*0.0105),0,0)+PMT(7.9%/12,120,(Tuition!H48-(40500))+((Tuition!H48-(40500))*0.042),0,0)))+(IF(Tuition!I48<(40500),PMT(6.8%/12,120,Tuition!I48+(Tuition!I48*0.0105),0,0),PMT(6.8%/12,120,Tuition!I48+((40500)*0.0105),0,0)+PMT(7.9%/12,120,(Tuition!I48-(40500))+((Tuition!I48-(40500))*0.042),0,0)))+(IF(Tuition!J48<(40500),PMT(6.8%/12,120,Tuition!J48+(Tuition!J48*0.0105),0,0),PMT(6.8%/12,120,Tuition!J48+((40500)*0.0105),0,0)+PMT(7.9%/12,120,(Tuition!J48-(40500))+((Tuition!J48-(40500))*0.042),0,0)))+(IF(Tuition!K48<(40500),PMT(6.8%/12,120,Tuition!K48+(Tuition!K48*0.0105),0,0),PMT(6.8%/12,120,Tuition!K48+((40500)*0.0105),0,0)+PMT(7.9%/12,120,(Tuition!K48-(40500))+((Tuition!K48-(40500))*0.042),0,0))) -> -2770.4465 | G48: =(IF(Tuition!H48<(40500),PMT(6.8%/12,300,Tuition!H48+(Tuition!H48*0.0105),0,0),PMT(6.8%/12,300,Tuition!H48+((40500)*0.0105),0,0)+PMT(7.9%/12,300,(Tuition!H48-(40500))+((Tuition!H48-(40500))*0.042),0,0)))+(IF(Tuition!I48<(40500),PMT(6.8%/12,300,Tuition!I48+(Tuition!I48*0.0105),0,0),PMT(6.8%/12,300,Tuition!I48+((40500)*0.0105),0,0)+PMT(7.9%/12,300,(Tuition!I48-(40500))+((Tuition!I48-(40500))*0.042),0,0)))+(IF(Tuition!J48<(40500),PMT(6.8%/12,300,Tuition!J48+(Tuition!J48*0.0105),0,0),PMT(6.8%/12,300,Tuition!J48+((40500)*0.0105),0,0)+PMT(7.9%/12,300,(Tuition!J48-(40500))+((Tuition!J48-(40500))*0.042),0,0)))+(IF(Tuition!K48<(40500),PMT(6.8%/12,300,Tuition!K48+(Tuition!K48*0.0105),0,0),PMT(6.8%/12,300,Tuition!K48+((40500)*0.0105),0,0)+PMT(7.9%/12,300,(Tuition!K48-(40500))+((Tuition!K48-(40500))*0.042),0,0))) -> -1684.9568 | I48: =C48*120 -> -166564.59 | J48: =D48*300 -> -251145.95 | K48: =F48*120 -> -332453.58 | L48: =G48*300 -> -505487.03
A49: Iowa State University College of Veterinary Medicine | B49: =Tuition!E49 -> 92439.976 | C49: =(IF(Tuition!A49<(40500),PMT(6.8%/12,120,Tuition!A49+(Tuition!A49*0.0105),0,0),PMT(6.8%/12,120,Tuition!A49+((40500)*0.0105),0,0)+PMT(7.9%/12,120,(Tuition!A49-(40500))+((Tuition!A49-(40500))*0.042),0,0)))+(IF(Tuition!B49<(40500),PMT(6.8%/12,120,Tuition!B49+(Tuition!B49*0.0105),0,0),PMT(6.8%/12,120,Tuition!B49+((40500)*0.0105),0,0)+PMT(7.9%/12,120,(Tuition!B49-(40500))+((Tuition!B49-(40500))*0.042),0,0)))+(IF(Tuition!C49<(40500),PMT(6.8%/12,120,Tuition!C49+(Tuition!C49*0.0105),0,0),PMT(6.8%/12,120,Tuition!C49+((40500)*0.0105),0,0)+PMT(7.9%/12,120,(Tuition!C49-(40500))+((Tuition!C49-(40500))*0.042),0,0)))+(IF(Tuition!D49<(40500),PMT(6.8%/12,120,Tuition!D49+(Tuition!D49*0.0105),0,0),PMT(6.8%/12,120,Tuition!D49+((40500)*0.0105),0,0)+PMT(7.9%/12,120,(Tuition!D49-(40500))+((Tuition!D49-(40500))*0.042),0,0))) -> -1074.9722 | D49: =(IF(Tuition!A49<(40500),PMT(6.8%/12,300,Tuition!A49+(Tuition!A49*0.0105),0,0),PMT(6.8%/12,300,Tuition!A49+((40500)*0.0105),0,0)+PMT(7.9%/12,300,(Tuition!A49-(40500))+((Tuition!A49-(40500))*0.042),0,0)))+(IF(Tuition!B49<(40500),PMT(6.8%/12,300,Tuition!B49+(Tuition!B49*0.0105),0,0),PMT(6.8%/12,300,Tuition!B49+((40500)*0.0105),0,0)+PMT(7.9%/12,300,(Tuition!B49-(40500))+((Tuition!B49-(40500))*0.042),0,0)))+(IF(Tuition!C49<(40500),PMT(6.8%/12,300,Tuition!C49+(Tuition!C49*0.0105),0,0),PMT(6.8%/12,300,Tuition!C49+((40500)*0.0105),0,0)+PMT(7.9%/12,300,(Tuition!C49-(40500))+((Tuition!C49-(40500))*0.042),0,0)))+(IF(Tuition!D49<(40500),PMT(6.8%/12,300,Tuition!D49+(Tuition!D49*0.0105),0,0),PMT(6.8%/12,300,Tuition!D49+((40500)*0.0105),0,0)+PMT(7.9%/12,300,(Tuition!D49-(40500))+((Tuition!D49-(40500))*0.042),0,0))) -> -648.33688 | E49: =Tuition!G49 -> 202856.54 | F49: =(IF(Tuition!H49<(40500),PMT(6.8%/12,120,Tuition!H49+(Tuition!H49*0.0105),0,0),PMT(6.8%/12,120,Tuition!H49+((40500)*0.0105),0,0)+PMT(7.9%/12,120,(Tuition!H49-(40500))+((Tuition!H49-(40500))*0.042),0,0)))+(IF(Tuition!I49<(40500),PMT(6.8%/12,120,Tuition!I49+(Tuition!I49*0.0105),0,0),PMT(6.8%/12,120,Tuition!I49+((40500)*0.0105),0,0)+PMT(7.9%/12,120,(Tuition!I49-(40500))+((Tuition!I49-(40500))*0.042),0,0)))+(IF(Tuition!J49<(40500),PMT(6.8%/12,120,Tuition!J49+(Tuition!J49*0.0105),0,0),PMT(6.8%/12,120,Tuition!J49+((40500)*0.0105),0,0)+PMT(7.9%/12,120,(Tuition!J49-(40500))+((Tuition!J49-(40500))*0.042),0,0)))+(IF(Tuition!K49<(40500),PMT(6.8%/12,120,Tuition!K49+(Tuition!K49*0.0105),0,0),PMT(6.8%/12,120,Tuition!K49+((40500)*0.0105),0,0)+PMT(7.9%/12,120,(Tuition!K49-(40500))+((Tuition!K49-(40500))*0.042),0,0))) -> -2868.3301 | G49: =(IF(Tuition!H49<(40500),PMT(6.8%/12,300,Tuition!H49+(Tuition!H49*0.0105),0,0),PMT(6.8%/12,300,Tuition!H49+((40500)*0.0105),0,0)+PMT(7.9%/12,300,(Tuition!H49-(40500))+((Tuition!H49-(40500))*0.042),0,0)))+(IF(Tuition!I49<(40500),PMT(6.8%/12,300,Tuition!I49+(Tuition!I49*0.0105),0,0),PMT(6.8%/12,300,Tuition!I49+((40500)*0.0105),0,0)+PMT(7.9%/12,300,(Tuition!I49-(40500))+((Tuition!I49-(40500))*0.042),0,0)))+(IF(Tuition!J49<(40500),PMT(6.8%/12,300,Tuition!J49+(Tuition!J49*0.0105),0,0),PMT(6.8%/12,300,Tuition!J49+((40500)*0.0105),0,0)+PMT(7.9%/12,300,(Tuition!J49-(40500))+((Tuition!J49-(40500))*0.042),0,0)))+(IF(Tuition!K49<(40500),PMT(6.8%/12,300,Tuition!K49+(Tuition!K49*0.0105),0,0),PMT(6.8%/12,300,Tuition!K49+((40500)*0.0105),0,0)+PMT(7.9%/12,300,(Tuition!K49-(40500))+((Tuition!K49-(40500))*0.042),0,0))) -> -1745.5431 | I49: =C49*120 -> -128996.67 | J49: =D49*300 -> -194501.06 | K49: =F49*120 -> -344199.61 | L49: =G49*300 -> -523662.93
A50: Kansas State University College of Veterinary Medicine | B50: =Tuition!E50 -> 112886.77 | C50: =(IF(Tuition!A50<(40500),PMT(6.8%/12,120,Tuition!A50+(Tuition!A50*0.0105),0,0),PMT(6.8%/12,120,Tuition!A50+((40500)*0.0105),0,0)+PMT(7.9%/12,120,(Tuition!A50-(40500))+((Tuition!A50-(40500))*0.042),0,0)))+(IF(Tuition!B50<(40500),PMT(6.8%/12,120,Tuition!B50+(Tuition!B50*0.0105),0,0),PMT(6.8%/12,120,Tuition!B50+((40500)*0.0105),0,0)+PMT(7.9%/12,120,(Tuition!B50-(40500))+((Tuition!B50-(40500))*0.042),0,0)))+(IF(Tuition!C50<(40500),PMT(6.8%/12,120,Tuition!C50+(Tuition!C50*0.0105),0,0),PMT(6.8%/12,120,Tuition!C50+((40500)*0.0105),0,0)+PMT(7.9%/12,120,(Tuition!C50-(40500))+((Tuition!C50-(40500))*0.042),0,0)))+(IF(Tuition!D50<(40500),PMT(6.8%/12,120,Tuition!D50+(Tuition!D50*0.0105),0,0),PMT(6.8%/12,120,Tuition!D50+((40500)*0.0105),0,0)+PMT(7.9%/12,120,(Tuition!D50-(40500))+((Tuition!D50-(40500))*0.042),0,0))) -> -1312.7453 | D50: =(IF(Tuition!A50<(40500),PMT(6.8%/12,300,Tuition!A50+(Tuition!A50*0.0105),0,0),PMT(6.8%/12,300,Tuition!A50+((40500)*0.0105),0,0)+PMT(7.9%/12,300,(Tuition!A50-(40500))+((Tuition!A50-(40500))*0.042),0,0)))+(IF(Tuition!B50<(40500),PMT(6.8%/12,300,Tuition!B50+(Tuition!B50*0.0105),0,0),PMT(6.8%/12,300,Tuition!B50+((40500)*0.0105),0,0)+PMT(7.9%/12,300,(Tuition!B50-(40500))+((Tuition!B50-(40500))*0.042),0,0)))+(IF(Tuition!C50<(40500),PMT(6.8%/12,300,Tuition!C50+(Tuition!C50*0.0105),0,0),PMT(6.8%/12,300,Tuition!C50+((40500)*0.0105),0,0)+PMT(7.9%/12,300,(Tuition!C50-(40500))+((Tuition!C50-(40500))*0.042),0,0)))+(IF(Tuition!D50<(40500),PMT(6.8%/12,300,Tuition!D50+(Tuition!D50*0.0105),0,0),PMT(6.8%/12,300,Tuition!D50+((40500)*0.0105),0,0)+PMT(7.9%/12,300,(Tuition!D50-(40500))+((Tuition!D50-(40500))*0.042),0,0))) -> -791.7425 | E50: =Tuition!G50 -> 246789.65 | F50: =(IF(Tuition!H50<(40500),PMT(6.8%/12,120,Tuition!H50+(Tuition!H50*0.0105),0,0),PMT(6.8%/12,120,Tuition!H50+((40500)*0.0105),0,0)+PMT(7.9%/12,120,(Tuition!H50-(40500))+((Tuition!H50-(40500))*0.042),0,0)))+(IF(Tuition!I50<(40500),PMT(6.8%/12,120,Tuition!I50+(Tuition!I50*0.0105),0,0),PMT(6.8%/12,120,Tuition!I50+((40500)*0.0105),0,0)+PMT(7.9%/12,120,(Tuition!I50-(40500))+((Tuition!I50-(40500))*0.042),0,0)))+(IF(Tuition!J50<(40500),PMT(6.8%/12,120,Tuition!J50+(Tuition!J50*0.0105),0,0),PMT(6.8%/12,120,Tuition!J50+((40500)*0.0105),0,0)+PMT(7.9%/12,120,(Tuition!J50-(40500))+((Tuition!J50-(40500))*0.042),0,0)))+(IF(Tuition!K50<(40500),PMT(6.8%/12,120,Tuition!K50+(Tuition!K50*0.0105),0,0),PMT(6.8%/12,120,Tuition!K50+((40500)*0.0105),0,0)+PMT(7.9%/12,120,(Tuition!K50-(40500))+((Tuition!K50-(40500))*0.042),0,0))) -> -3926.915 | G50: =(IF(Tuition!H50<(40500),PMT(6.8%/12,300,Tuition!H50+(Tuition!H50*0.0105),0,0),PMT(6.8%/12,300,Tuition!H50+((40500)*0.0105),0,0)+PMT(7.9%/12,300,(Tuition!H50-(40500))+((Tuition!H50-(40500))*0.042),0,0)))+(IF(Tuition!I50<(40500),PMT(6.8%/12,300,Tuition!I50+(Tuition!I50*0.0105),0,0),PMT(6.8%/12,300,Tuition!I50+((40500)*0.0105),0,0)+PMT(7.9%/12,300,(Tuition!I50-(40500))+((Tuition!I50-(40500))*0.042),0,0)))+(IF(Tuition!J50<(40500),PMT(6.8%/12,300,Tuition!J50+(Tuition!J50*0.0105),0,0),PMT(6.8%/12,300,Tuition!J50+((40500)*0.0105),0,0)+PMT(7.9%/12,300,(Tuition!J50-(40500))+((Tuition!J50-(40500))*0.042),0,0)))+(IF(Tuition!K50<(40500),PMT(6.8%/12,300,Tuition!K50+(Tuition!K50*0.0105),0,0),PMT(6.8%/12,300,Tuition!K50+((40500)*0.0105),0,0)+PMT(7.9%/12,300,(Tuition!K50-(40500))+((Tuition!K50-(40500))*0.042),0,0))) -> -2400.7677 | I50: =C50*120 -> -157529.44 | J50: =D50*300 -> -237522.75 | K50: =F50*120 -> -471229.8 | L50: =G50*300 -> -720230.32
A51: Louisiana State University College of Veterinary Medicine | B51: =Tuition!E51 -> 94620.71 | C51: =(IF(Tuition!A51<(40500),PMT(6.8%/12,120,Tuition!A51+(Tuition!A51*0.0105),0,0),PMT(6.8%/12,120,Tuition!A51+((40500)*0.0105),0,0)+PMT(7.9%/12,120,(Tuition!A51-(40500))+((Tuition!A51-(40500))*0.042),0,0)))+(IF(Tuition!B51<(40500),PMT(6.8%/12,120,Tuition!B51+(Tuition!B51*0.0105),0,0),PMT(6.8%/12,120,Tuition!B51+((40500)*0.0105),0,0)+PMT(7.9%/12,120,(Tuition!B51-(40500))+((Tuition!B51-(40500))*0.042),0,0)))+(IF(Tuition!C51<(40500),PMT(6.8%/12,120,Tuition!C51+(Tuition!C51*0.0105),0,0),PMT(6.8%/12,120,Tuition!C51+((40500)*0.0105),0,0)+PMT(7.9%/12,120,(Tuition!C51-(40500))+((Tuition!C51-(40500))*0.042),0,0)))+(IF(Tuition!D51<(40500),PMT(6.8%/12,120,Tuition!D51+(Tuition!D51*0.0105),0,0),PMT(6.8%/12,120,Tuition!D51+((40500)*0.0105),0,0)+PMT(7.9%/12,120,(Tuition!D51-(40500))+((Tuition!D51-(40500))*0.042),0,0))) -> -1100.3317 | D51: =(IF(Tuition!A51<(40500),PMT(6.8%/12,300,Tuition!A51+(Tuition!A51*0.0105),0,0),PMT(6.8%/12,300,Tuition!A51+((40500)*0.0105),0,0)+PMT(7.9%/12,300,(Tuition!A51-(40500))+((Tuition!A51-(40500))*0.042),0,0)))+(IF(Tuition!B51<(40500),PMT(6.8%/12,300,Tuition!B51+(Tuition!B51*0.0105),0,0),PMT(6.8%/12,300,Tuition!B51+((40500)*0.0105),0,0)+PMT(7.9%/12,300,(Tuition!B51-(40500))+((Tuition!B51-(40500))*0.042),0,0)))+(IF(Tuition!C51<(40500),PMT(6.8%/12,300,Tuition!C51+(Tuition!C51*0.0105),0,0),PMT(6.8%/12,300,Tuition!C51+((40500)*0.0105),0,0)+PMT(7.9%/12,300,(Tuition!C51-(40500))+((Tuition!C51-(40500))*0.042),0,0)))+(IF(Tuition!D51<(40500),PMT(6.8%/12,300,Tuition!D51+(Tuition!D51*0.0105),0,0),PMT(6.8%/12,300,Tuition!D51+((40500)*0.0105),0,0)+PMT(7.9%/12,300,(Tuition!D51-(40500))+((Tuition!D51-(40500))*0.042),0,0))) -> -663.63168 | E51: =Tuition!G51 -> 219096.25 | F51: =(IF(Tuition!H51<(40500),PMT(6.8%/12,120,Tuition!H51+(Tuition!H51*0.0105),0,0),PMT(6.8%/12,120,Tuition!H51+((40500)*0.0105),0,0)+PMT(7.9%/12,120,(Tuition!H51-(40500))+((Tuition!H51-(40500))*0.042),0,0)))+(IF(Tuition!I51<(40500),PMT(6.8%/12,120,Tuition!I51+(Tuition!I51*0.0105),0,0),PMT(6.8%/12,120,Tuition!I51+((40500)*0.0105),0,0)+PMT(7.9%/12,120,(Tuition!I51-(40500))+((Tuition!I51-(40500))*0.042),0,0)))+(IF(Tuition!J51<(40500),PMT(6.8%/12,120,Tuition!J51+(Tuition!J51*0.0105),0,0),PMT(6.8%/12,120,Tuition!J51+((40500)*0.0105),0,0)+PMT(7.9%/12,120,(Tuition!J51-(40500))+((Tuition!J51-(40500))*0.042),0,0)))+(IF(Tuition!K51<(40500),PMT(6.8%/12,120,Tuition!K51+(Tuition!K51*0.0105),0,0),PMT(6.8%/12,120,Tuition!K51+((40500)*0.0105),0,0)+PMT(7.9%/12,120,(Tuition!K51-(40500))+((Tuition!K51-(40500))*0.042),0,0))) -> -3259.6322 | G51: =(IF(Tuition!H51<(40500),PMT(6.8%/12,300,Tuition!H51+(Tuition!H51*0.0105),0,0),PMT(6.8%/12,300,Tuition!H51+((40500)*0.0105),0,0)+PMT(7.9%/12,300,(Tuition!H51-(40500))+((Tuition!H51-(40500))*0.042),0,0)))+(IF(Tuition!I51<(40500),PMT(6.8%/12,300,Tuition!I51+(Tuition!I51*0.0105),0,0),PMT(6.8%/12,300,Tuition!I51+((40500)*0.0105),0,0)+PMT(7.9%/12,300,(Tuition!I51-(40500))+((Tuition!I51-(40500))*0.042),0,0)))+(IF(Tuition!J51<(40500),PMT(6.8%/12,300,Tuition!J51+(Tuition!J51*0.0105),0,0),PMT(6.8%/12,300,Tuition!J51+((40500)*0.0105),0,0)+PMT(7.9%/12,300,(Tuition!J51-(40500))+((Tuition!J51-(40500))*0.042),0,0)))+(IF(Tuition!K51<(40500),PMT(6.8%/12,300,Tuition!K51+(Tuition!K51*0.0105),0,0),PMT(6.8%/12,300,Tuition!K51+((40500)*0.0105),0,0)+PMT(7.9%/12,300,(Tuition!K51-(40500))+((Tuition!K51-(40500))*0.042),0,0))) -> -1987.7445 | I51: =C51*120 -> -132039.8 | J51: =D51*300 -> -199089.5 | K51: =F51*120 -> -391155.86 | L51: =G51*300 -> -596323.36
A52: University of Minnesota College of Veterinary Medicine | B52: =Tuition!E52 -> 156588.3 | C52: =(IF(Tuition!A52<(40500),PMT(6.8%/12,120,Tuition!A52+(Tuition!A52*0.0105),0,0),PMT(6.8%/12,120,Tuition!A52+((40500)*0.0105),0,0)+PMT(7.9%/12,120,(Tuition!A52-(40500))+((Tuition!A52-(40500))*0.042),0,0)))+(IF(Tuition!B52<(40500),PMT(6.8%/12,120,Tuition!B52+(Tuition!B52*0.0105),0,0),PMT(6.8%/12,120,Tuition!B52+((40500)*0.0105),0,0)+PMT(7.9%/12,120,(Tuition!B52-(40500))+((Tuition!B52-(40500))*0.042),0,0)))+(IF(Tuition!C52<(40500),PMT(6.8%/12,120,Tuition!C52+(Tuition!C52*0.0105),0,0),PMT(6.8%/12,120,Tuition!C52+((40500)*0.0105),0,0)+PMT(7.9%/12,120,(Tuition!C52-(40500))+((Tuition!C52-(40500))*0.042),0,0)))+(IF(Tuition!D52<(40500),PMT(6.8%/12,120,Tuition!D52+(Tuition!D52*0.0105),0,0),PMT(6.8%/12,120,Tuition!D52+((40500)*0.0105),0,0)+PMT(7.9%/12,120,(Tuition!D52-(40500))+((Tuition!D52-(40500))*0.042),0,0))) -> -1859.2195 | D52: =(IF(Tuition!A52<(40500),PMT(6.8%/12,300,Tuition!A52+(Tuition!A52*0.0105),0,0),PMT(6.8%/12,300,Tuition!A52+((40500)*0.0105),0,0)+PMT(7.9%/12,300,(Tuition!A52-(40500))+((Tuition!A52-(40500))*0.042),0,0)))+(IF(Tuition!B52<(40500),PMT(6.8%/12,300,Tuition!B52+(Tuition!B52*0.0105),0,0),PMT(6.8%/12,300,Tuition!B52+((40500)*0.0105),0,0)+PMT(7.9%/12,300,(Tuition!B52-(40500))+((Tuition!B52-(40500))*0.042),0,0)))+(IF(Tuition!C52<(40500),PMT(6.8%/12,300,Tuition!C52+(Tuition!C52*0.0105),0,0),PMT(6.8%/12,300,Tuition!C52+((40500)*0.0105),0,0)+PMT(7.9%/12,300,(Tuition!C52-(40500))+((Tuition!C52-(40500))*0.042),0,0)))+(IF(Tuition!D52<(40500),PMT(6.8%/12,300,Tuition!D52+(Tuition!D52*0.0105),0,0),PMT(6.8%/12,300,Tuition!D52+((40500)*0.0105),0,0)+PMT(7.9%/12,300,(Tuition!D52-(40500))+((Tuition!D52-(40500))*0.042),0,0))) -> -1122.5039 | E52: =Tuition!G52 -> 271192.64 | F52: =(IF(Tuition!H52<(40500),PMT(6.8%/12,120,Tuition!H52+(Tuition!H52*0.0105),0,0),PMT(6.8%/12,120,Tuition!H52+((40500)*0.0105),0,0)+PMT(7.9%/12,120,(Tuition!H52-(40500))+((Tuition!H52-(40500))*0.042),0,0)))+(IF(Tuition!I52<(40500),PMT(6.8%/12,120,Tuition!I52+(Tuition!I52*0.0105),0,0),PMT(6.8%/12,120,Tuition!I52+((40500)*0.0105),0,0)+PMT(7.9%/12,120,(Tuition!I52-(40500))+((Tuition!I52-(40500))*0.042),0,0)))+(IF(Tuition!J52<(40500),PMT(6.8%/12,120,Tuition!J52+(Tuition!J52*0.0105),0,0),PMT(6.8%/12,120,Tuition!J52+((40500)*0.0105),0,0)+PMT(7.9%/12,120,(Tuition!J52-(40500))+((Tuition!J52-(40500))*0.042),0,0)))+(IF(Tuition!K52<(40500),PMT(6.8%/12,120,Tuition!K52+(Tuition!K52*0.0105),0,0),PMT(6.8%/12,120,Tuition!K52+((40500)*0.0105),0,0)+PMT(7.9%/12,120,(Tuition!K52-(40500))+((Tuition!K52-(40500))*0.042),0,0))) -> -4514.9143 | G52: =(IF(Tuition!H52<(40500),PMT(6.8%/12,300,Tuition!H52+(Tuition!H52*0.0105),0,0),PMT(6.8%/12,300,Tuition!H52+((40500)*0.0105),0,0)+PMT(7.9%/12,300,(Tuition!H52-(40500))+((Tuition!H52-(40500))*0.042),0,0)))+(IF(Tuition!I52<(40500),PMT(6.8%/12,300,Tuition!I52+(Tuition!I52*0.0105),0,0),PMT(6.8%/12,300,Tuition!I52+((40500)*0.0105),0,0)+PMT(7.9%/12,300,(Tuition!I52-(40500))+((Tuition!I52-(40500))*0.042),0,0)))+(IF(Tuition!J52<(40500),PMT(6.8%/12,300,Tuition!J52+(Tuition!J52*0.0105),0,0),PMT(6.8%/12,300,Tuition!J52+((40500)*0.0105),0,0)+PMT(7.9%/12,300,(Tuition!J52-(40500))+((Tuition!J52-(40500))*0.042),0,0)))+(IF(Tuition!K52<(40500),PMT(6.8%/12,300,Tuition!K52+(Tuition!K52*0.0105),0,0),PMT(6.8%/12,300,Tuition!K52+((40500)*0.0105),0,0)+PMT(7.9%/12,300,(Tuition!K52-(40500))+((Tuition!K52-(40500))*0.042),0,0))) -> -2764.7175 | I52: =C52*120 -> -223106.34 | J52: =D52*300 -> -336751.17 | K52: =F52*120 -> -541789.72 | L52: =G52*300 -> -829415.24
A53: Mississippi State University College of Veterinary Medicine | B53: =Tuition!E53 -> 86896.472 | C53: =(IF(Tuition!A53<(40500),PMT(6.8%/12,120,Tuition!A53+(Tuition!A53*0.0105),0,0),PMT(6.8%/12,120,Tuition!A53+((40500)*0.0105),0,0)+PMT(7.9%/12,120,(Tuition!A53-(40500))+((Tuition!A53-(40500))*0.042),0,0)))+(IF(Tuition!B53<(40500),PMT(6.8%/12,120,Tuition!B53+(Tuition!B53*0.0105),0,0),PMT(6.8%/12,120,Tuition!B53+((40500)*0.0105),0,0)+PMT(7.9%/12,120,(Tuition!B53-(40500))+((Tuition!B53-(40500))*0.042),0,0)))+(IF(Tuition!C53<(40500),PMT(6.8%/12,120,Tuition!C53+(Tuition!C53*0.0105),0,0),PMT(6.8%/12,120,Tuition!C53+((40500)*0.0105),0,0)+PMT(7.9%/12,120,(Tuition!C53-(40500))+((Tuition!C53-(40500))*0.042),0,0)))+(IF(Tuition!D53<(40500),PMT(6.8%/12,120,Tuition!D53+(Tuition!D53*0.0105),0,0),PMT(6.8%/12,120,Tuition!D53+((40500)*0.0105),0,0)+PMT(7.9%/12,120,(Tuition!D53-(40500))+((Tuition!D53-(40500))*0.042),0,0))) -> -1010.5075 | D53: =(IF(Tuition!A53<(40500),PMT(6.8%/12,300,Tuition!A53+(Tuition!A53*0.0105),0,0),PMT(6.8%/12,300,Tuition!A53+((40500)*0.0105),0,0)+PMT(7.9%/12,300,(Tuition!A53-(40500))+((Tuition!A53-(40500))*0.042),0,0)))+(IF(Tuition!B53<(40500),PMT(6.8%/12,300,Tuition!B53+(Tuition!B53*0.0105),0,0),PMT(6.8%/12,300,Tuition!B53+((40500)*0.0105),0,0)+PMT(7.9%/12,300,(Tuition!B53-(40500))+((Tuition!B53-(40500))*0.042),0,0)))+(IF(Tuition!C53<(40500),PMT(6.8%/12,300,Tuition!C53+(Tuition!C53*0.0105),0,0),PMT(6.8%/12,300,Tuition!C53+((40500)*0.0105),0,0)+PMT(7.9%/12,300,(Tuition!C53-(40500))+((Tuition!C53-(40500))*0.042),0,0)))+(IF(Tuition!D53<(40500),PMT(6.8%/12,300,Tuition!D53+(Tuition!D53*0.0105),0,0),PMT(6.8%/12,300,Tuition!D53+((40500)*0.0105),0,0)+PMT(7.9%/12,300,(Tuition!D53-(40500))+((Tuition!D53-(40500))*0.042),0,0))) -> -609.45697 | E53: =Tuition!G53 -> 207512.31 | F53: =(IF(Tuition!H53<(40500),PMT(6.8%/12,120,Tuition!H53+(Tuition!H53*0.0105),0,0),PMT(6.8%/12,120,Tuition!H53+((40500)*0.0105),0,0)+PMT(7.9%/12,120,(Tuition!H53-(40500))+((Tuition!H53-(40500))*0.042),0,0)))+(IF(Tuition!I53<(40500),PMT(6.8%/12,120,Tuition!I53+(Tuition!I53*0.0105),0,0),PMT(6.8%/12,120,Tuition!I53+((40500)*0.0105),0,0)+PMT(7.9%/12,120,(Tuition!I53-(40500))+((Tuition!I53-(40500))*0.042),0,0)))+(IF(Tuition!J53<(40500),PMT(6.8%/12,120,Tuition!J53+(Tuition!J53*0.0105),0,0),PMT(6.8%/12,120,Tuition!J53+((40500)*0.0105),0,0)+PMT(7.9%/12,120,(Tuition!J53-(40500))+((Tuition!J53-(40500))*0.042),0,0)))+(IF(Tuition!K53<(40500),PMT(6.8%/12,120,Tuition!K53+(Tuition!K53*0.0105),0,0),PMT(6.8%/12,120,Tuition!K53+((40500)*0.0105),0,0)+PMT(7.9%/12,120,(Tuition!K53-(40500))+((Tuition!K53-(40500))*0.042),0,0))) -> -2980.5127 | G53: =(IF(Tuition!H53<(40500),PMT(6.8%/12,300,Tuition!H53+(Tuition!H53*0.0105),0,0),PMT(6.8%/12,300,Tuition!H53+((40500)*0.0105),0,0)+PMT(7.9%/12,300,(Tuition!H53-(40500))+((Tuition!H53-(40500))*0.042),0,0)))+(IF(Tuition!I53<(40500),PMT(6.8%/12,300,Tuition!I53+(Tuition!I53*0.0105),0,0),PMT(6.8%/12,300,Tuition!I53+((40500)*0.0105),0,0)+PMT(7.9%/12,300,(Tuition!I53-(40500))+((Tuition!I53-(40500))*0.042),0,0)))+(IF(Tuition!J53<(40500),PMT(6.8%/12,300,Tuition!J53+(Tuition!J53*0.0105),0,0),PMT(6.8%/12,300,Tuition!J53+((40500)*0.0105),0,0)+PMT(7.9%/12,300,(Tuition!J53-(40500))+((Tuition!J53-(40500))*0.042),0,0)))+(IF(Tuition!K53<(40500),PMT(6.8%/12,300,Tuition!K53+(Tuition!K53*0.0105),0,0),PMT(6.8%/12,300,Tuition!K53+((40500)*0.0105),0,0)+PMT(7.9%/12,300,(Tuition!K53-(40500))+((Tuition!K53-(40500))*0.042),0,0))) -> -1814.9799 | I53: =C53*120 -> -121260.91 | J53: =D53*300 -> -182837.09 | K53: =F53*120 -> -357661.52 | L53: =G53*300 -> -544493.98
A54: Michigan State University College of Veterinary Medicine | B54: =Tuition!E54 -> 131657.31 | C54: =(IF(Tuition!A54<(40500),PMT(6.8%/12,120,Tuition!A54+(Tuition!A54*0.0105),0,0),PMT(6.8%/12,120,Tuition!A54+((40500)*0.0105),0,0)+PMT(7.9%/12,120,(Tuition!A54-(40500))+((Tuition!A54-(40500))*0.042),0,0)))+(IF(Tuition!B54<(40500),PMT(6.8%/12,120,Tuition!B54+(Tuition!B54*0.0105),0,0),PMT(6.8%/12,120,Tuition!B54+((40500)*0.0105),0,0)+PMT(7.9%/12,120,(Tuition!B54-(40500))+((Tuition!B54-(40500))*0.042),0,0)))+(IF(Tuition!C54<(40500),PMT(6.8%/12,120,Tuition!C54+(Tuition!C54*0.0105),0,0),PMT(6.8%/12,120,Tuition!C54+((40500)*0.0105),0,0)+PMT(7.9%/12,120,(Tuition!C54-(40500))+((Tuition!C54-(40500))*0.042),0,0)))+(IF(Tuition!D54<(40500),PMT(6.8%/12,120,Tuition!D54+(Tuition!D54*0.0105),0,0),PMT(6.8%/12,120,Tuition!D54+((40500)*0.0105),0,0)+PMT(7.9%/12,120,(Tuition!D54-(40500))+((Tuition!D54-(40500))*0.042),0,0))) -> -1740.3017 | D54: =(IF(Tuition!A54<(40500),PMT(6.8%/12,300,Tuition!A54+(Tuition!A54*0.0105),0,0),PMT(6.8%/12,300,Tuition!A54+((40500)*0.0105),0,0)+PMT(7.9%/12,300,(Tuition!A54-(40500))+((Tuition!A54-(40500))*0.042),0,0)))+(IF(Tuition!B54<(40500),PMT(6.8%/12,300,Tuition!B54+(Tuition!B54*0.0105),0,0),PMT(6.8%/12,300,Tuition!B54+((40500)*0.0105),0,0)+PMT(7.9%/12,300,(Tuition!B54-(40500))+((Tuition!B54-(40500))*0.042),0,0)))+(IF(Tuition!C54<(40500),PMT(6.8%/12,300,Tuition!C54+(Tuition!C54*0.0105),0,0),PMT(6.8%/12,300,Tuition!C54+((40500)*0.0105),0,0)+PMT(7.9%/12,300,(Tuition!C54-(40500))+((Tuition!C54-(40500))*0.042),0,0)))+(IF(Tuition!D54<(40500),PMT(6.8%/12,300,Tuition!D54+(Tuition!D54*0.0105),0,0),PMT(6.8%/12,300,Tuition!D54+((40500)*0.0105),0,0)+PMT(7.9%/12,300,(Tuition!D54-(40500))+((Tuition!D54-(40500))*0.042),0,0))) -> -1056.0186 | E54: =Tuition!G54 -> 263671.22 | F54: =(IF(Tuition!H54<(40500),PMT(6.8%/12,120,Tuition!H54+(Tuition!H54*0.0105),0,0),PMT(6.8%/12,120,Tuition!H54+((40500)*0.0105),0,0)+PMT(7.9%/12,120,(Tuition!H54-(40500))+((Tuition!H54-(40500))*0.042),0,0)))+(IF(Tuition!I54<(40500),PMT(6.8%/12,120,Tuition!I54+(Tuition!I54*0.0105),0,0),PMT(6.8%/12,120,Tuition!I54+((40500)*0.0105),0,0)+PMT(7.9%/12,120,(Tuition!I54-(40500))+((Tuition!I54-(40500))*0.042),0,0)))+(IF(Tuition!J54<(40500),PMT(6.8%/12,120,Tuition!J54+(Tuition!J54*0.0105),0,0),PMT(6.8%/12,120,Tuition!J54+((40500)*0.0105),0,0)+PMT(7.9%/12,120,(Tuition!J54-(40500))+((Tuition!J54-(40500))*0.042),0,0)))+(IF(Tuition!K54<(40500),PMT(6.8%/12,120,Tuition!K54+(Tuition!K54*0.0105),0,0),PMT(6.8%/12,120,Tuition!K54+((40500)*0.0105),0,0)+PMT(7.9%/12,120,(Tuition!K54-(40500))+((Tuition!K54-(40500))*0.042),0,0))) -> -4432.7336 | G54: =(IF(Tuition!H54<(40500),PMT(6.8%/12,300,Tuition!H54+(Tuition!H54*0.0105),0,0),PMT(6.8%/12,300,Tuition!H54+((40500)*0.0105),0,0)+PMT(7.9%/12,300,(Tuition!H54-(40500))+((Tuition!H54-(40500))*0.042),0,0)))+(IF(Tuition!I54<(40500),PMT(6.8%/12,300,Tuition!I54+(Tuition!I54*0.0105),0,0),PMT(6.8%/12,300,Tuition!I54+((40500)*0.0105),0,0)+PMT(7.9%/12,300,(Tuition!I54-(40500))+((Tuition!I54-(40500))*0.042),0,0)))+(IF(Tuition!J54<(40500),PMT(6.8%/12,300,Tuition!J54+(Tuition!J54*0.0105),0,0),PMT(6.8%/12,300,Tuition!J54+((40500)*0.0105),0,0)+PMT(7.9%/12,300,(Tuition!J54-(40500))+((Tuition!J54-(40500))*0.042),0,0)))+(IF(Tuition!K54<(40500),PMT(6.8%/12,300,Tuition!K54+(Tuition!K54*0.0105),0,0),PMT(6.8%/12,300,Tuition!K54+((40500)*0.0105),0,0)+PMT(7.9%/12,300,(Tuition!K54-(40500))+((Tuition!K54-(40500))*0.042),0,0))) -> -2715.3145 | I54: =C54*120 -> -208836.2 | J54: =D54*300 -> -316805.57 | K54: =F54*120 -> -531928.04 | L54: =G54*300 -> -814594.35
A55: North Carolina State University College Veterinary Medicine NONRESx4 | B55: =Tuition!E55 -> 78342.397 | C55: =(IF(Tuition!A55<(40500),PMT(6.8%/12,120,Tuition!A55+(Tuition!A55*0.0105),0,0),PMT(6.8%/12,120,Tuition!A55+((40500)*0.0105),0,0)+PMT(7.9%/12,120,(Tuition!A55-(40500))+((Tuition!A55-(40500))*0.042),0,0)))+(IF(Tuition!B55<(40500),PMT(6.8%/12,120,Tuition!B55+(Tuition!B55*0.0105),0,0),PMT(6.8%/12,120,Tuition!B55+((40500)*0.0105),0,0)+PMT(7.9%/12,120,(Tuition!B55-(40500))+((Tuition!B55-(40500))*0.042),0,0)))+(IF(Tuition!C55<(40500),PMT(6.8%/12,120,Tuition!C55+(Tuition!C55*0.0105),0,0),PMT(6.8%/12,120,Tuition!C55+((40500)*0.0105),0,0)+PMT(7.9%/12,120,(Tuition!C55-(40500))+((Tuition!C55-(40500))*0.042),0,0)))+(IF(Tuition!D55<(40500),PMT(6.8%/12,120,Tuition!D55+(Tuition!D55*0.0105),0,0),PMT(6.8%/12,120,Tuition!D55+((40500)*0.0105),0,0)+PMT(7.9%/12,120,(Tuition!D55-(40500))+((Tuition!D55-(40500))*0.042),0,0))) -> -911.03334 | D55: =(IF(Tuition!A55<(40500),PMT(6.8%/12,300,Tuition!A55+(Tuition!A55*0.0105),0,0),PMT(6.8%/12,300,Tuition!A55+((40500)*0.0105),0,0)+PMT(7.9%/12,300,(Tuition!A55-(40500))+((Tuition!A55-(40500))*0.042),0,0)))+(IF(Tuition!B55<(40500),PMT(6.8%/12,300,Tuition!B55+(Tuition!B55*0.0105),0,0),PMT(6.8%/12,300,Tuition!B55+((40500)*0.0105),0,0)+PMT(7.9%/12,300,(Tuition!B55-(40500))+((Tuition!B55-(40500))*0.042),0,0)))+(IF(Tuition!C55<(40500),PMT(6.8%/12,300,Tuition!C55+(Tuition!C55*0.0105),0,0),PMT(6.8%/12,300,Tuition!C55+((40500)*0.0105),0,0)+PMT(7.9%/12,300,(Tuition!C55-(40500))+((Tuition!C55-(40500))*0.042),0,0)))+(IF(Tuition!D55<(40500),PMT(6.8%/12,300,Tuition!D55+(Tuition!D55*0.0105),0,0),PMT(6.8%/12,300,Tuition!D55+((40500)*0.0105),0,0)+PMT(7.9%/12,300,(Tuition!D55-(40500))+((Tuition!D55-(40500))*0.042),0,0))) -> -549.46212 | E55: =Tuition!G55 -> 188160.7 | F55: =(IF(Tuition!H55<(40500),PMT(6.8%/12,120,Tuition!H55+(Tuition!H55*0.0105),0,0),PMT(6.8%/12,120,Tuition!H55+((40500)*0.0105),0,0)+PMT(7.9%/12,120,(Tuition!H55-(40500))+((Tuition!H55-(40500))*0.042),0,0)))+(IF(Tuition!I55<(40500),PMT(6.8%/12,120,Tuition!I55+(Tuition!I55*0.0105),0,0),PMT(6.8%/12,120,Tuition!I55+((40500)*0.0105),0,0)+PMT(7.9%/12,120,(Tuition!I55-(40500))+((Tuition!I55-(40500))*0.042),0,0)))+(IF(Tuition!J55<(40500),PMT(6.8%/12,120,Tuition!J55+(Tuition!J55*0.0105),0,0),PMT(6.8%/12,120,Tuition!J55+((40500)*0.0105),0,0)+PMT(7.9%/12,120,(Tuition!J55-(40500))+((Tuition!J55-(40500))*0.042),0,0)))+(IF(Tuition!K55<(40500),PMT(6.8%/12,120,Tuition!K55+(Tuition!K55*0.0105),0,0),PMT(6.8%/12,120,Tuition!K55+((40500)*0.0105),0,0)+PMT(7.9%/12,120,(Tuition!K55-(40500))+((Tuition!K55-(40500))*0.042),0,0))) -> -2514.2285 | G55: =(IF(Tuition!H55<(40500),PMT(6.8%/12,300,Tuition!H55+(Tuition!H55*0.0105),0,0),PMT(6.8%/12,300,Tuition!H55+((40500)*0.0105),0,0)+PMT(7.9%/12,300,(Tuition!H55-(40500))+((Tuition!H55-(40500))*0.042),0,0)))+(IF(Tuition!I55<(40500),PMT(6.8%/12,300,Tuition!I55+(Tuition!I55*0.0105),0,0),PMT(6.8%/12,300,Tuition!I55+((40500)*0.0105),0,0)+PMT(7.9%/12,300,(Tuition!I55-(40500))+((Tuition!I55-(40500))*0.042),0,0)))+(IF(Tuition!J55<(40500),PMT(6.8%/12,300,Tuition!J55+(Tuition!J55*0.0105),0,0),PMT(6.8%/12,300,Tuition!J55+((40500)*0.0105),0,0)+PMT(7.9%/12,300,(Tuition!J55-(40500))+((Tuition!J55-(40500))*0.042),0,0)))+(IF(Tuition!K55<(40500),PMT(6.8%/12,300,Tuition!K55+(Tuition!K55*0.0105),0,0),PMT(6.8%/12,300,Tuition!K55+((40500)*0.0105),0,0)+PMT(7.9%/12,300,(Tuition!K55-(40500))+((Tuition!K55-(40500))*0.042),0,0))) -> -1526.3674 | I55: =C55*120 -> -109324 | J55: =D55*300 -> -164838.64 | K55: =F55*120 -> -301707.42 | L55: =G55*300 -> -457910.21
... A76: Washington State University College of Veterinary Medicine | B76: =Tuition!E76 -> 116785.08 | C76: =(IF(Tuition!A76<(40500),PMT(6.8%/12,120,Tuition!A76+(Tuition!A76*0.0105),0,0),PMT(6.8%/12,120,Tuition!A76+((40500)*0.0105),0,0)+PMT(7.9%/12,120,(Tuition!A76-(40500))+((Tuition!A76-(40500))*0.042),0,0)))+(IF(Tuition!B76<(40500),PMT(6.8%/12,120,Tuition!B76+(Tuition!B76*0.0105),0,0),PMT(6.8%/12,120,Tuition!B76+((40500)*0.0105),0,0)+PMT(7.9%/12,120,(Tuition!B76-(40500))+((Tuition!B76-(40500))*0.042),0,0)))+(IF(Tuition!C76<(40500),PMT(6.8%/12,120,Tuition!C76+(Tuition!C76*0.0105),0,0),PMT(6.8%/12,120,Tuition!C76+((40500)*0.0105),0,0)+PMT(7.9%/12,120,(Tuition!C76-(40500))+((Tuition!C76-(40500))*0.042),0,0)))+(IF(Tuition!D76<(40500),PMT(6.8%/12,120,Tuition!D76+(Tuition!D76*0.0105),0,0),PMT(6.8%/12,120,Tuition!D76+((40500)*0.0105),0,0)+PMT(7.9%/12,120,(Tuition!D76-(40500))+((Tuition!D76-(40500))*0.042),0,0))) -> -1358.0782 | D76: =(IF(Tuition!A76<(40500),PMT(6.8%/12,300,Tuition!A76+(Tuition!A76*0.0105),0,0),PMT(6.8%/12,300,Tuition!A76+((40500)*0.0105),0,0)+PMT(7.9%/12,300,(Tuition!A76-(40500))+((Tuition!A76-(40500))*0.042),0,0)))+(IF(Tuition!B76<(40500),PMT(6.8%/12,300,Tuition!B76+(Tuition!B76*0.0105),0,0),PMT(6.8%/12,300,Tuition!B76+((40500)*0.0105),0,0)+PMT(7.9%/12,300,(Tuition!B76-(40500))+((Tuition!B76-(40500))*0.042),0,0)))+(IF(Tuition!C76<(40500),PMT(6.8%/12,300,Tuition!C76+(Tuition!C76*0.0105),0,0),PMT(6.8%/12,300,Tuition!C76+((40500)*0.0105),0,0)+PMT(7.9%/12,300,(Tuition!C76-(40500))+((Tuition!C76-(40500))*0.042),0,0)))+(IF(Tuition!D76<(40500),PMT(6.8%/12,300,Tuition!D76+(Tuition!D76*0.0105),0,0),PMT(6.8%/12,300,Tuition!D76+((40500)*0.0105),0,0)+PMT(7.9%/12,300,(Tuition!D76-(40500))+((Tuition!D76-(40500))*0.042),0,0))) -> -819.08364 | E76: =Tuition!G76 -> 266609.24 | F76: =(IF(Tuition!H76<(40500),PMT(6.8%/12,120,Tuition!H76+(Tuition!H76*0.0105),0,0),PMT(6.8%/12,120,Tuition!H76+((40500)*0.0105),0,0)+PMT(7.9%/12,120,(Tuition!H76-(40500))+((Tuition!H76-(40500))*0.042),0,0)))+(IF(Tuition!I76<(40500),PMT(6.8%/12,120,Tuition!I76+(Tuition!I76*0.0105),0,0),PMT(6.8%/12,120,Tuition!I76+((40500)*0.0105),0,0)+PMT(7.9%/12,120,(Tuition!I76-(40500))+((Tuition!I76-(40500))*0.042),0,0)))+(IF(Tuition!J76<(40500),PMT(6.8%/12,120,Tuition!J76+(Tuition!J76*0.0105),0,0),PMT(6.8%/12,120,Tuition!J76+((40500)*0.0105),0,0)+PMT(7.9%/12,120,(Tuition!J76-(40500))+((Tuition!J76-(40500))*0.042),0,0)))+(IF(Tuition!K76<(40500),PMT(6.8%/12,120,Tuition!K76+(Tuition!K76*0.0105),0,0),PMT(6.8%/12,120,Tuition!K76+((40500)*0.0105),0,0)+PMT(7.9%/12,120,(Tuition!K76-(40500))+((Tuition!K76-(40500))*0.042),0,0))) -> -4404.4755 | G76: =(IF(Tuition!H76<(40500),PMT(6.8%/12,300,Tuition!H76+(Tuition!H76*0.0105),0,0),PMT(6.8%/12,300,Tuition!H76+((40500)*0.0105),0,0)+PMT(7.9%/12,300,(Tuition!H76-(40500))+((Tuition!H76-(40500))*0.042),0,0)))+(IF(Tuition!I76<(40500),PMT(6.8%/12,300,Tuition!I76+(Tuition!I76*0.0105),0,0),PMT(6.8%/12,300,Tuition!I76+((40500)*0.0105),0,0)+PMT(7.9%/12,300,(Tuition!I76-(40500))+((Tuition!I76-(40500))*0.042),0,0)))+(IF(Tuition!J76<(40500),PMT(6.8%/12,300,Tuition!J76+(Tuition!J76*0.0105),0,0),PMT(6.8%/12,300,Tuition!J76+((40500)*0.0105),0,0)+PMT(7.9%/12,300,(Tuition!J76-(40500))+((Tuition!J76-(40500))*0.042),0,0)))+(IF(Tuition!K76<(40500),PMT(6.8%/12,300,Tuition!K76+(Tuition!K76*0.0105),0,0),PMT(6.8%/12,300,Tuition!K76+((40500)*0.0105),0,0)+PMT(7.9%/12,300,(Tuition!K76-(40500))+((Tuition!K76-(40500))*0.042),0,0))) -> -2696.36 | I76: =C76*120 -> -162969.38 | J76: =D76*300 -> -245725.09 | K76: =F76*120 -> -528537.06 | L76: =G76*300 -> -808907.99
A79: CLASS OF 2018 | B79: IS Tuition | C79: IS Tuition: Monthly Payments | E79: OOS Tuition | F79: OOS Tuition: Monthly Payments | I79: IS Tuition: Total Paid | K79: OOS Tuition: Total Paid
C81: 10 years | D81: 25 years | F81: 10 years | G81: 25 years | I81: 10 years | J81: 25 years | K81: 10 years | L81: 25 years
A82: Auburn University College of Veterinary Medicine | B82: =Tuition!E83 -> 101995.14 | C82: =(IF(Tuition!A83<(40500),PMT(6.8%/12,120,Tuition!A83+(Tuition!A83*0.0105),0,0),PMT(6.8%/12,120,Tuition!A83+((40500)*0.0105),0,0)+PMT(7.9%/12,120,(Tuition!A83-(40500))+((Tuition!A83-(40500))*0.042),0,0)))+(IF(Tuition!B83<(40500),PMT(6.8%/12,120,Tuition!B83+(Tuition!B83*0.0105),0,0),PMT(6.8%/12,120,Tuition!B83+((40500)*0.0105),0,0)+PMT(7.9%/12,120,(Tuition!B83-(40500))+((Tuition!B83-(40500))*0.042),0,0)))+(IF(Tuition!C83<(40500),PMT(6.8%/12,120,Tuition!C83+(Tuition!C83*0.0105),0,0),PMT(6.8%/12,120,Tuition!C83+((40500)*0.0105),0,0)+PMT(7.9%/12,120,(Tuition!C83-(40500))+((Tuition!C83-(40500))*0.042),0,0)))+(IF(Tuition!D83<(40500),PMT(6.8%/12,120,Tuition!D83+(Tuition!D83*0.0105),0,0),PMT(6.8%/12,120,Tuition!D83+((40500)*0.0105),0,0)+PMT(7.9%/12,120,(Tuition!D83-(40500))+((Tuition!D83-(40500))*0.042),0,0))) -> -1186.088 | D82: =(IF(Tuition!A83<(40500),PMT(6.8%/12,300,Tuition!A83+(Tuition!A83*0.0105),0,0),PMT(6.8%/12,300,Tuition!A83+((40500)*0.0105),0,0)+PMT(7.9%/12,300,(Tuition!A83-(40500))+((Tuition!A83-(40500))*0.042),0,0)))+(IF(Tuition!B83<(40500),PMT(6.8%/12,300,Tuition!B83+(Tuition!B83*0.0105),0,0),PMT(6.8%/12,300,Tuition!B83+((40500)*0.0105),0,0)+PMT(7.9%/12,300,(Tuition!B83-(40500))+((Tuition!B83-(40500))*0.042),0,0)))+(IF(Tuition!C83<(40500),PMT(6.8%/12,300,Tuition!C83+(Tuition!C83*0.0105),0,0),PMT(6.8%/12,300,Tuition!C83+((40500)*0.0105),0,0)+PMT(7.9%/12,300,(Tuition!C83-(40500))+((Tuition!C83-(40500))*0.042),0,0)))+(IF(Tuition!D83<(40500),PMT(6.8%/12,300,Tuition!D83+(Tuition!D83*0.0105),0,0),PMT(6.8%/12,300,Tuition!D83+((40500)*0.0105),0,0)+PMT(7.9%/12,300,(Tuition!D83-(40500))+((Tuition!D83-(40500))*0.042),0,0))) -> -715.35299 | E82: =Tuition!G83 -> 225241 | F82: =(IF(Tuition!H83<(40500),PMT(6.8%/12,120,Tuition!H83+(Tuition!H83*0.0105),0,0),PMT(6.8%/12,120,Tuition!H83+((40500)*0.0105),0,0)+PMT(7.9%/12,120,(Tuition!H83-(40500))+((Tuition!H83-(40500))*0.042),0,0)))+(IF(Tuition!I83<(40500),PMT(6.8%/12,120,Tuition!I83+(Tuition!I83*0.0105),0,0),PMT(6.8%/12,120,Tuition!I83+((40500)*0.0105),0,0)+PMT(7.9%/12,120,(Tuition!I83-(40500))+((Tuition!I83-(40500))*0.042),0,0)))+(IF(Tuition!J83<(40500),PMT(6.8%/12,120,Tuition!J83+(Tuition!J83*0.0105),0,0),PMT(6.8%/12,120,Tuition!J83+((40500)*0.0105),0,0)+PMT(7.9%/12,120,(Tuition!J83-(40500))+((Tuition!J83-(40500))*0.042),0,0)))+(IF(Tuition!K83<(40500),PMT(6.8%/12,120,Tuition!K83+(Tuition!K83*0.0105),0,0),PMT(6.8%/12,120,Tuition!K83+((40500)*0.0105),0,0)+PMT(7.9%/12,120,(Tuition!K83-(40500))+((Tuition!K83-(40500))*0.042),0,0))) -> -3407.6923 | G82: =(IF(Tuition!H83<(40500),PMT(6.8%/12,300,Tuition!H83+(Tuition!H83*0.0105),0,0),PMT(6.8%/12,300,Tuition!H83+((40500)*0.0105),0,0)+PMT(7.9%/12,300,(Tuition!H83-(40500))+((Tuition!H83-(40500))*0.042),0,0)))+(IF(Tuition!I83<(40500),PMT(6.8%/12,300,Tuition!I83+(Tuition!I83*0.0105),0,0),PMT(6.8%/12,300,Tuition!I83+((40500)*0.0105),0,0)+PMT(7.9%/12,300,(Tuition!I83-(40500))+((Tuition!I83-(40500))*0.042),0,0)))+(IF(Tuition!J83<(40500),PMT(6.8%/12,300,Tuition!J83+(Tuition!J83*0.0105),0,0),PMT(6.8%/12,300,Tuition!J83+((40500)*0.0105),0,0)+PMT(7.9%/12,300,(Tuition!J83-(40500))+((Tuition!J83-(40500))*0.042),0,0)))+(IF(Tuition!K83<(40500),PMT(6.8%/12,300,Tuition!K83+(Tuition!K83*0.0105),0,0),PMT(6.8%/12,300,Tuition!K83+((40500)*0.0105),0,0)+PMT(7.9%/12,300,(Tuition!K83-(40500))+((Tuition!K83-(40500))*0.042),0,0))) -> -2079.3882 | I82: =C82*120 -> -142330.56 | J82: =D82*300 -> -214605.9 | K82: =F82*120 -> -408923.08 | L82: =G82*300 -> -623816.47
A83: Cornell University College of Veterinary Medicine | B83: =Tuition!E84 -> 152681.12 | C83: =(IF(Tuition!A84<(40500),PMT(6.8%/12,120,Tuition!A84+(Tuition!A84*0.0105),0,0),PMT(6.8%/12,120,Tuition!A84+((40500)*0.0105),0,0)+PMT(7.9%/12,120,(Tuition!A84-(40500))+((Tuition!A84-(40500))*0.042),0,0)))+(IF(Tuition!B84<(40500),PMT(6.8%/12,120,Tuition!B84+(Tuition!B84*0.0105),0,0),PMT(6.8%/12,120,Tuition!B84+((40500)*0.0105),0,0)+PMT(7.9%/12,120,(Tuition!B84-(40500))+((Tuition!B84-(40500))*0.042),0,0)))+(IF(Tuition!C84<(40500),PMT(6.8%/12,120,Tuition!C84+(Tuition!C84*0.0105),0,0),PMT(6.8%/12,120,Tuition!C84+((40500)*0.0105),0,0)+PMT(7.9%/12,120,(Tuition!C84-(40500))+((Tuition!C84-(40500))*0.042),0,0)))+(IF(Tuition!D84<(40500),PMT(6.8%/12,120,Tuition!D84+(Tuition!D84*0.0105),0,0),PMT(6.8%/12,120,Tuition!D84+((40500)*0.0105),0,0)+PMT(7.9%/12,120,(Tuition!D84-(40500))+((Tuition!D84-(40500))*0.042),0,0))) -> -1800.2303 | D83: =(IF(Tuition!A84<(40500),PMT(6.8%/12,300,Tuition!A84+(Tuition!A84*0.0105),0,0),PMT(6.8%/12,300,Tuition!A84+((40500)*0.0105),0,0)+PMT(7.9%/12,300,(Tuition!A84-(40500))+((Tuition!A84-(40500))*0.042),0,0)))+(IF(Tuition!B84<(40500),PMT(6.8%/12,300,Tuition!B84+(Tuition!B84*0.0105),0,0),PMT(6.8%/12,300,Tuition!B84+((40500)*0.0105),0,0)+PMT(7.9%/12,300,(Tuition!B84-(40500))+((Tuition!B84-(40500))*0.042),0,0)))+(IF(Tuition!C84<(40500),PMT(6.8%/12,300,Tuition!C84+(Tuition!C84*0.0105),0,0),PMT(6.8%/12,300,Tuition!C84+((40500)*0.0105),0,0)+PMT(7.9%/12,300,(Tuition!C84-(40500))+((Tuition!C84-(40500))*0.042),0,0)))+(IF(Tuition!D84<(40500),PMT(6.8%/12,300,Tuition!D84+(Tuition!D84*0.0105),0,0),PMT(6.8%/12,300,Tuition!D84+((40500)*0.0105),0,0)+PMT(7.9%/12,300,(Tuition!D84-(40500))+((Tuition!D84-(40500))*0.042),0,0))) -> -1086.5113 | E83: =Tuition!G84 -> 229800.67 | F83: =(IF(Tuition!H84<(40500),PMT(6.8%/12,120,Tuition!H84+(Tuition!H84*0.0105),0,0),PMT(6.8%/12,120,Tuition!H84+((40500)*0.0105),0,0)+PMT(7.9%/12,120,(Tuition!H84-(40500))+((Tuition!H84-(40500))*0.042),0,0)))+(IF(Tuition!I84<(40500),PMT(6.8%/12,120,Tuition!I84+(Tuition!I84*0.0105),0,0),PMT(6.8%/12,120,Tuition!I84+((40500)*0.0105),0,0)+PMT(7.9%/12,120,(Tuition!I84-(40500))+((Tuition!I84-(40500))*0.042),0,0)))+(IF(Tuition!J84<(40500),PMT(6.8%/12,120,Tuition!J84+(Tuition!J84*0.0105),0,0),PMT(6.8%/12,120,Tuition!J84+((40500)*0.0105),0,0)+PMT(7.9%/12,120,(Tuition!J84-(40500))+((Tuition!J84-(40500))*0.042),0,0)))+(IF(Tuition!K84<(40500),PMT(6.8%/12,120,Tuition!K84+(Tuition!K84*0.0105),0,0),PMT(6.8%/12,120,Tuition!K84+((40500)*0.0105),0,0)+PMT(7.9%/12,120,(Tuition!K84-(40500))+((Tuition!K84-(40500))*0.042),0,0))) -> -3517.5591 | G83: =(IF(Tuition!H84<(40500),PMT(6.8%/12,300,Tuition!H84+(Tuition!H84*0.0105),0,0),PMT(6.8%/12,300,Tuition!H84+((40500)*0.0105),0,0)+PMT(7.9%/12,300,(Tuition!H84-(40500))+((Tuition!H84-(40500))*0.042),0,0)))+(IF(Tuition!I84<(40500),PMT(6.8%/12,300,Tuition!I84+(Tuition!I84*0.0105),0,0),PMT(6.8%/12,300,Tuition!I84+((40500)*0.0105),0,0)+PMT(7.9%/12,300,(Tuition!I84-(40500))+((Tuition!I84-(40500))*0.042),0,0)))+(IF(Tuition!J84<(40500),PMT(6.8%/12,300,Tuition!J84+(Tuition!J84*0.0105),0,0),PMT(6.8%/12,300,Tuition!J84+((40500)*0.0105),0,0)+PMT(7.9%/12,300,(Tuition!J84-(40500))+((Tuition!J84-(40500))*0.042),0,0)))+(IF(Tuition!K84<(40500),PMT(6.8%/12,300,Tuition!K84+(Tuition!K84*0.0105),0,0),PMT(6.8%/12,300,Tuition!K84+((40500)*0.0105),0,0)+PMT(7.9%/12,300,(Tuition!K84-(40500))+((Tuition!K84-(40500))*0.042),0,0))) -> -2147.3917 | I83: =C83*120 -> -216027.64 | J83: =D83*300 -> -325953.4 | K83: =F83*120 -> -422107.09 | L83: =G83*300 -> -644217.5
A84: Colorado State University College of Veterinary Medicine | B84: =Tuition!E85 -> 131087.65 | C84: =(IF(Tuition!A85<(40500),PMT(6.8%/12,120,Tuition!A85+(Tuition!A85*0.0105),0,0),PMT(6.8%/12,120,Tuition!A85+((40500)*0.0105),0,0)+PMT(7.9%/12,120,(Tuition!A85-(40500))+((Tuition!A85-(40500))*0.042),0,0)))+(IF(Tuition!B85<(40500),PMT(6.8%/12,120,Tuition!B85+(Tuition!B85*0.0105),0,0),PMT(6.8%/12,120,Tuition!B85+((40500)*0.0105),0,0)+PMT(7.9%/12,120,(Tuition!B85-(40500))+((Tuition!B85-(40500))*0.042),0,0)))+(IF(Tuition!C85<(40500),PMT(6.8%/12,120,Tuition!C85+(Tuition!C85*0.0105),0,0),PMT(6.8%/12,120,Tuition!C85+((40500)*0.0105),0,0)+PMT(7.9%/12,120,(Tuition!C85-(40500))+((Tuition!C85-(40500))*0.042),0,0)))+(IF(Tuition!D85<(40500),PMT(6.8%/12,120,Tuition!D85+(Tuition!D85*0.0105),0,0),PMT(6.8%/12,120,Tuition!D85+((40500)*0.0105),0,0)+PMT(7.9%/12,120,(Tuition!D85-(40500))+((Tuition!D85-(40500))*0.042),0,0))) -> -1524.4009 | D84: =(IF(Tuition!A85<(40500),PMT(6.8%/12,300,Tuition!A85+(Tuition!A85*0.0105),0,0),PMT(6.8%/12,300,Tuition!A85+((40500)*0.0105),0,0)+PMT(7.9%/12,300,(Tuition!A85-(40500))+((Tuition!A85-(40500))*0.042),0,0)))+(IF(Tuition!B85<(40500),PMT(6.8%/12,300,Tuition!B85+(Tuition!B85*0.0105),0,0),PMT(6.8%/12,300,Tuition!B85+((40500)*0.0105),0,0)+PMT(7.9%/12,300,(Tuition!B85-(40500))+((Tuition!B85-(40500))*0.042),0,0)))+(IF(Tuition!C85<(40500),PMT(6.8%/12,300,Tuition!C85+(Tuition!C85*0.0105),0,0),PMT(6.8%/12,300,Tuition!C85+((40500)*0.0105),0,0)+PMT(7.9%/12,300,(Tuition!C85-(40500))+((Tuition!C85-(40500))*0.042),0,0)))+(IF(Tuition!D85<(40500),PMT(6.8%/12,300,Tuition!D85+(Tuition!D85*0.0105),0,0),PMT(6.8%/12,300,Tuition!D85+((40500)*0.0105),0,0)+PMT(7.9%/12,300,(Tuition!D85-(40500))+((Tuition!D85-(40500))*0.042),0,0))) -> -919.39614 | E84: =Tuition!G85 -> 276373.6 | F84: =(IF(Tuition!H85<(40500),PMT(6.8%/12,120,Tuition!H85+(Tuition!H85*0.0105),0,0),PMT(6.8%/12,120,Tuition!H85+((40500)*0.0105),0,0)+PMT(7.9%/12,120,(Tuition!H85-(40500))+((Tuition!H85-(40500))*0.042),0,0)))+(IF(Tuition!I85<(40500),PMT(6.8%/12,120,Tuition!I85+(Tuition!I85*0.0105),0,0),PMT(6.8%/12,120,Tuition!I85+((40500)*0.0105),0,0)+PMT(7.9%/12,120,(Tuition!I85-(40500))+((Tuition!I85-(40500))*0.042),0,0)))+(IF(Tuition!J85<(40500),PMT(6.8%/12,120,Tuition!J85+(Tuition!J85*0.0105),0,0),PMT(6.8%/12,120,Tuition!J85+((40500)*0.0105),0,0)+PMT(7.9%/12,120,(Tuition!J85-(40500))+((Tuition!J85-(40500))*0.042),0,0)))+(IF(Tuition!K85<(40500),PMT(6.8%/12,120,Tuition!K85+(Tuition!K85*0.0105),0,0),PMT(6.8%/12,120,Tuition!K85+((40500)*0.0105),0,0)+PMT(7.9%/12,120,(Tuition!K85-(40500))+((Tuition!K85-(40500))*0.042),0,0))) -> -4639.7514 | G84: =(IF(Tuition!H85<(40500),PMT(6.8%/12,300,Tuition!H85+(Tuition!H85*0.0105),0,0),PMT(6.8%/12,300,Tuition!H85+((40500)*0.0105),0,0)+PMT(7.9%/12,300,(Tuition!H85-(40500))+((Tuition!H85-(40500))*0.042),0,0)))+(IF(Tuition!I85<(40500),PMT(6.8%/12,300,Tuition!I85+(Tuition!I85*0.0105),0,0),PMT(6.8%/12,300,Tuition!I85+((40500)*0.0105),0,0)+PMT(7.9%/12,300,(Tuition!I85-(40500))+((Tuition!I85-(40500))*0.042),0,0)))+(IF(Tuition!J85<(40500),PMT(6.8%/12,300,Tuition!J85+(Tuition!J85*0.0105),0,0),PMT(6.8%/12,300,Tuition!J85+((40500)*0.0105),0,0)+PMT(7.9%/12,300,(Tuition!J85-(40500))+((Tuition!J85-(40500))*0.042),0,0)))+(IF(Tuition!K85<(40500),PMT(6.8%/12,300,Tuition!K85+(Tuition!K85*0.0105),0,0),PMT(6.8%/12,300,Tuition!K85+((40500)*0.0105),0,0)+PMT(7.9%/12,300,(Tuition!K85-(40500))+((Tuition!K85-(40500))*0.042),0,0))) -> -2841.987 | I84: =C84*120 -> -182928.1 | J84: =D84*300 -> -275818.84 | K84: =F84*120 -> -556770.17 | L84: =G84*300 -> -852596.1
A85: University of Florida College of Veterinary Medicine | B85: =Tuition!E86 -> 145929.91 | C85: =(IF(Tuition!A86<(40500),PMT(6.8%/12,120,Tuition!A86+(Tuition!A86*0.0105),0,0),PMT(6.8%/12,120,Tuition!A86+((40500)*0.0105),0,0)+PMT(7.9%/12,120,(Tuition!A86-(40500))+((Tuition!A86-(40500))*0.042),0,0)))+(IF(Tuition!B86<(40500),PMT(6.8%/12,120,Tuition!B86+(Tuition!B86*0.0105),0,0),PMT(6.8%/12,120,Tuition!B86+((40500)*0.0105),0,0)+PMT(7.9%/12,120,(Tuition!B86-(40500))+((Tuition!B86-(40500))*0.042),0,0)))+(IF(Tuition!C86<(40500),PMT(6.8%/12,120,Tuition!C86+(Tuition!C86*0.0105),0,0),PMT(6.8%/12,120,Tuition!C86+((40500)*0.0105),0,0)+PMT(7.9%/12,120,(Tuition!C86-(40500))+((Tuition!C86-(40500))*0.042),0,0)))+(IF(Tuition!D86<(40500),PMT(6.8%/12,120,Tuition!D86+(Tuition!D86*0.0105),0,0),PMT(6.8%/12,120,Tuition!D86+((40500)*0.0105),0,0)+PMT(7.9%/12,120,(Tuition!D86-(40500))+((Tuition!D86-(40500))*0.042),0,0))) -> -1698.3031 | D85: =(IF(Tuition!A86<(40500),PMT(6.8%/12,300,Tuition!A86+(Tuition!A86*0.0105),0,0),PMT(6.8%/12,300,Tuition!A86+((40500)*0.0105),0,0)+PMT(7.9%/12,300,(Tuition!A86-(40500))+((Tuition!A86-(40500))*0.042),0,0)))+(IF(Tuition!B86<(40500),PMT(6.8%/12,300,Tuition!B86+(Tuition!B86*0.0105),0,0),PMT(6.8%/12,300,Tuition!B86+((40500)*0.0105),0,0)+PMT(7.9%/12,300,(Tuition!B86-(40500))+((Tuition!B86-(40500))*0.042),0,0)))+(IF(Tuition!C86<(40500),PMT(6.8%/12,300,Tuition!C86+(Tuition!C86*0.0105),0,0),PMT(6.8%/12,300,Tuition!C86+((40500)*0.0105),0,0)+PMT(7.9%/12,300,(Tuition!C86-(40500))+((Tuition!C86-(40500))*0.042),0,0)))+(IF(Tuition!D86<(40500),PMT(6.8%/12,300,Tuition!D86+(Tuition!D86*0.0105),0,0),PMT(6.8%/12,300,Tuition!D86+((40500)*0.0105),0,0)+PMT(7.9%/12,300,(Tuition!D86-(40500))+((Tuition!D86-(40500))*0.042),0,0))) -> -1024.3199 | E85: =Tuition!G86 -> 254863.22 | F85: =(IF(Tuition!H86<(40500),PMT(6.8%/12,120,Tuition!H86+(Tuition!H86*0.0105),0,0),PMT(6.8%/12,120,Tuition!H86+((40500)*0.0105),0,0)+PMT(7.9%/12,120,(Tuition!H86-(40500))+((Tuition!H86-(40500))*0.042),0,0)))+(IF(Tuition!I86<(40500),PMT(6.8%/12,120,Tuition!I86+(Tuition!I86*0.0105),0,0),PMT(6.8%/12,120,Tuition!I86+((40500)*0.0105),0,0)+PMT(7.9%/12,120,(Tuition!I86-(40500))+((Tuition!I86-(40500))*0.042),0,0)))+(IF(Tuition!J86<(40500),PMT(6.8%/12,120,Tuition!J86+(Tuition!J86*0.0105),0,0),PMT(6.8%/12,120,Tuition!J86+((40500)*0.0105),0,0)+PMT(7.9%/12,120,(Tuition!J86-(40500))+((Tuition!J86-(40500))*0.042),0,0)))+(IF(Tuition!K86<(40500),PMT(6.8%/12,120,Tuition!K86+(Tuition!K86*0.0105),0,0),PMT(6.8%/12,120,Tuition!K86+((40500)*0.0105),0,0)+PMT(7.9%/12,120,(Tuition!K86-(40500))+((Tuition!K86-(40500))*0.042),0,0))) -> -4121.4507 | G85: =(IF(Tuition!H86<(40500),PMT(6.8%/12,300,Tuition!H86+(Tuition!H86*0.0105),0,0),PMT(6.8%/12,300,Tuition!H86+((40500)*0.0105),0,0)+PMT(7.9%/12,300,(Tuition!H86-(40500))+((Tuition!H86-(40500))*0.042),0,0)))+(IF(Tuition!I86<(40500),PMT(6.8%/12,300,Tuition!I86+(Tuition!I86*0.0105),0,0),PMT(6.8%/12,300,Tuition!I86+((40500)*0.0105),0,0)+PMT(7.9%/12,300,(Tuition!I86-(40500))+((Tuition!I86-(40500))*0.042),0,0)))+(IF(Tuition!J86<(40500),PMT(6.8%/12,300,Tuition!J86+(Tuition!J86*0.0105),0,0),PMT(6.8%/12,300,Tuition!J86+((40500)*0.0105),0,0)+PMT(7.9%/12,300,(Tuition!J86-(40500))+((Tuition!J86-(40500))*0.042),0,0)))+(IF(Tuition!K86<(40500),PMT(6.8%/12,300,Tuition!K86+(Tuition!K86*0.0105),0,0),PMT(6.8%/12,300,Tuition!K86+((40500)*0.0105),0,0)+PMT(7.9%/12,300,(Tuition!K86-(40500))+((Tuition!K86-(40500))*0.042),0,0))) -> -2521.1781 | I85: =C85*120 -> -203796.37 | J85: =D85*300 -> -307295.97 | K85: =F85*120 -> -494574.09 | L85: =G85*300 -> -756353.44
A86: University of Illinois College of Veterinary Medicine | B86: =Tuition!E87 -> 128480.64 | C86: =(IF(Tuition!A87<(40500),PMT(6.8%/12,120,Tuition!A87+(Tuition!A87*0.0105),0,0),PMT(6.8%/12,120,Tuition!A87+((40500)*0.0105),0,0)+PMT(7.9%/12,120,(Tuition!A87-(40500))+((Tuition!A87-(40500))*0.042),0,0)))+(IF(Tuition!B87<(40500),PMT(6.8%/12,120,Tuition!B87+(Tuition!B87*0.0105),0,0),PMT(6.8%/12,120,Tuition!B87+((40500)*0.0105),0,0)+PMT(7.9%/12,120,(Tuition!B87-(40500))+((Tuition!B87-(40500))*0.042),0,0)))+(IF(Tuition!C87<(40500),PMT(6.8%/12,120,Tuition!C87+(Tuition!C87*0.0105),0,0),PMT(6.8%/12,120,Tuition!C87+((40500)*0.0105),0,0)+PMT(7.9%/12,120,(Tuition!C87-(40500))+((Tuition!C87-(40500))*0.042),0,0)))+(IF(Tuition!D87<(40500),PMT(6.8%/12,120,Tuition!D87+(Tuition!D87*0.0105),0,0),PMT(6.8%/12,120,Tuition!D87+((40500)*0.0105),0,0)+PMT(7.9%/12,120,(Tuition!D87-(40500))+((Tuition!D87-(40500))*0.042),0,0))) -> -1494.0844 | D86: =(IF(Tuition!A87<(40500),PMT(6.8%/12,300,Tuition!A87+(Tuition!A87*0.0105),0,0),PMT(6.8%/12,300,Tuition!A87+((40500)*0.0105),0,0)+PMT(7.9%/12,300,(Tuition!A87-(40500))+((Tuition!A87-(40500))*0.042),0,0)))+(IF(Tuition!B87<(40500),PMT(6.8%/12,300,Tuition!B87+(Tuition!B87*0.0105),0,0),PMT(6.8%/12,300,Tuition!B87+((40500)*0.0105),0,0)+PMT(7.9%/12,300,(Tuition!B87-(40500))+((Tuition!B87-(40500))*0.042),0,0)))+(IF(Tuition!C87<(40500),PMT(6.8%/12,300,Tuition!C87+(Tuition!C87*0.0105),0,0),PMT(6.8%/12,300,Tuition!C87+((40500)*0.0105),0,0)+PMT(7.9%/12,300,(Tuition!C87-(40500))+((Tuition!C87-(40500))*0.042),0,0)))+(IF(Tuition!D87<(40500),PMT(6.8%/12,300,Tuition!D87+(Tuition!D87*0.0105),0,0),PMT(6.8%/12,300,Tuition!D87+((40500)*0.0105),0,0)+PMT(7.9%/12,300,(Tuition!D87-(40500))+((Tuition!D87-(40500))*0.042),0,0))) -> -901.11166 | E86: =Tuition!G87 -> 213982.07 | F86: =(IF(Tuition!H87<(40500),PMT(6.8%/12,120,Tuition!H87+(Tuition!H87*0.0105),0,0),PMT(6.8%/12,120,Tuition!H87+((40500)*0.0105),0,0)+PMT(7.9%/12,120,(Tuition!H87-(40500))+((Tuition!H87-(40500))*0.042),0,0)))+(IF(Tuition!I87<(40500),PMT(6.8%/12,120,Tuition!I87+(Tuition!I87*0.0105),0,0),PMT(6.8%/12,120,Tuition!I87+((40500)*0.0105),0,0)+PMT(7.9%/12,120,(Tuition!I87-(40500))+((Tuition!I87-(40500))*0.042),0,0)))+(IF(Tuition!J87<(40500),PMT(6.8%/12,120,Tuition!J87+(Tuition!J87*0.0105),0,0),PMT(6.8%/12,120,Tuition!J87+((40500)*0.0105),0,0)+PMT(7.9%/12,120,(Tuition!J87-(40500))+((Tuition!J87-(40500))*0.042),0,0)))+(IF(Tuition!K87<(40500),PMT(6.8%/12,120,Tuition!K87+(Tuition!K87*0.0105),0,0),PMT(6.8%/12,120,Tuition!K87+((40500)*0.0105),0,0)+PMT(7.9%/12,120,(Tuition!K87-(40500))+((Tuition!K87-(40500))*0.042),0,0))) -> -3136.4041 | G86: =(IF(Tuition!H87<(40500),PMT(6.8%/12,300,Tuition!H87+(Tuition!H87*0.0105),0,0),PMT(6.8%/12,300,Tuition!H87+((40500)*0.0105),0,0)+PMT(7.9%/12,300,(Tuition!H87-(40500))+((Tuition!H87-(40500))*0.042),0,0)))+(IF(Tuition!I87<(40500),PMT(6.8%/12,300,Tuition!I87+(Tuition!I87*0.0105),0,0),PMT(6.8%/12,300,Tuition!I87+((40500)*0.0105),0,0)+PMT(7.9%/12,300,(Tuition!I87-(40500))+((Tuition!I87-(40500))*0.042),0,0)))+(IF(Tuition!J87<(40500),PMT(6.8%/12,300,Tuition!J87+(Tuition!J87*0.0105),0,0),PMT(6.8%/12,300,Tuition!J87+((40500)*0.0105),0,0)+PMT(7.9%/12,300,(Tuition!J87-(40500))+((Tuition!J87-(40500))*0.042),0,0)))+(IF(Tuition!K87<(40500),PMT(6.8%/12,300,Tuition!K87+(Tuition!K87*0.0105),0,0),PMT(6.8%/12,300,Tuition!K87+((40500)*0.0105),0,0)+PMT(7.9%/12,300,(Tuition!K87-(40500))+((Tuition!K87-(40500))*0.042),0,0))) -> -1911.4709 | I86: =C86*120 -> -179290.12 | J86: =D86*300 -> -270333.5 | K86: =F86*120 -> -376368.49 | L86: =G86*300 -> -573441.27
A87: Iowa State University College of Veterinary Medicine | B87: =Tuition!E88 -> 99502.39 | C87: =(IF(Tuition!A88<(40500),PMT(6.8%/12,120,Tuition!A88+(Tuition!A88*0.0105),0,0),PMT(6.8%/12,120,Tuition!A88+((40500)*0.0105),0,0)+PMT(7.9%/12,120,(Tuition!A88-(40500))+((Tuition!A88-(40500))*0.042),0,0)))+(IF(Tuition!B88<(40500),PMT(6.8%/12,120,Tuition!B88+(Tuition!B88*0.0105),0,0),PMT(6.8%/12,120,Tuition!B88+((40500)*0.0105),0,0)+PMT(7.9%/12,120,(Tuition!B88-(40500))+((Tuition!B88-(40500))*0.042),0,0)))+(IF(Tuition!C88<(40500),PMT(6.8%/12,120,Tuition!C88+(Tuition!C88*0.0105),0,0),PMT(6.8%/12,120,Tuition!C88+((40500)*0.0105),0,0)+PMT(7.9%/12,120,(Tuition!C88-(40500))+((Tuition!C88-(40500))*0.042),0,0)))+(IF(Tuition!D88<(40500),PMT(6.8%/12,120,Tuition!D88+(Tuition!D88*0.0105),0,0),PMT(6.8%/12,120,Tuition!D88+((40500)*0.0105),0,0)+PMT(7.9%/12,120,(Tuition!D88-(40500))+((Tuition!D88-(40500))*0.042),0,0))) -> -1157.1001 | D87: =(IF(Tuition!A88<(40500),PMT(6.8%/12,300,Tuition!A88+(Tuition!A88*0.0105),0,0),PMT(6.8%/12,300,Tuition!A88+((40500)*0.0105),0,0)+PMT(7.9%/12,300,(Tuition!A88-(40500))+((Tuition!A88-(40500))*0.042),0,0)))+(IF(Tuition!B88<(40500),PMT(6.8%/12,300,Tuition!B88+(Tuition!B88*0.0105),0,0),PMT(6.8%/12,300,Tuition!B88+((40500)*0.0105),0,0)+PMT(7.9%/12,300,(Tuition!B88-(40500))+((Tuition!B88-(40500))*0.042),0,0)))+(IF(Tuition!C88<(40500),PMT(6.8%/12,300,Tuition!C88+(Tuition!C88*0.0105),0,0),PMT(6.8%/12,300,Tuition!C88+((40500)*0.0105),0,0)+PMT(7.9%/12,300,(Tuition!C88-(40500))+((Tuition!C88-(40500))*0.042),0,0)))+(IF(Tuition!D88<(40500),PMT(6.8%/12,300,Tuition!D88+(Tuition!D88*0.0105),0,0),PMT(6.8%/12,300,Tuition!D88+((40500)*0.0105),0,0)+PMT(7.9%/12,300,(Tuition!D88-(40500))+((Tuition!D88-(40500))*0.042),0,0))) -> -697.86982 | E87: =Tuition!G88 -> 218354.77 | F87: =(IF(Tuition!H88<(40500),PMT(6.8%/12,120,Tuition!H88+(Tuition!H88*0.0105),0,0),PMT(6.8%/12,120,Tuition!H88+((40500)*0.0105),0,0)+PMT(7.9%/12,120,(Tuition!H88-(40500))+((Tuition!H88-(40500))*0.042),0,0)))+(IF(Tuition!I88<(40500),PMT(6.8%/12,120,Tuition!I88+(Tuition!I88*0.0105),0,0),PMT(6.8%/12,120,Tuition!I88+((40500)*0.0105),0,0)+PMT(7.9%/12,120,(Tuition!I88-(40500))+((Tuition!I88-(40500))*0.042),0,0)))+(IF(Tuition!J88<(40500),PMT(6.8%/12,120,Tuition!J88+(Tuition!J88*0.0105),0,0),PMT(6.8%/12,120,Tuition!J88+((40500)*0.0105),0,0)+PMT(7.9%/12,120,(Tuition!J88-(40500))+((Tuition!J88-(40500))*0.042),0,0)))+(IF(Tuition!K88<(40500),PMT(6.8%/12,120,Tuition!K88+(Tuition!K88*0.0105),0,0),PMT(6.8%/12,120,Tuition!K88+((40500)*0.0105),0,0)+PMT(7.9%/12,120,(Tuition!K88-(40500))+((Tuition!K88-(40500))*0.042),0,0))) -> -3241.766 | G87: =(IF(Tuition!H88<(40500),PMT(6.8%/12,300,Tuition!H88+(Tuition!H88*0.0105),0,0),PMT(6.8%/12,300,Tuition!H88+((40500)*0.0105),0,0)+PMT(7.9%/12,300,(Tuition!H88-(40500))+((Tuition!H88-(40500))*0.042),0,0)))+(IF(Tuition!I88<(40500),PMT(6.8%/12,300,Tuition!I88+(Tuition!I88*0.0105),0,0),PMT(6.8%/12,300,Tuition!I88+((40500)*0.0105),0,0)+PMT(7.9%/12,300,(Tuition!I88-(40500))+((Tuition!I88-(40500))*0.042),0,0)))+(IF(Tuition!J88<(40500),PMT(6.8%/12,300,Tuition!J88+(Tuition!J88*0.0105),0,0),PMT(6.8%/12,300,Tuition!J88+((40500)*0.0105),0,0)+PMT(7.9%/12,300,(Tuition!J88-(40500))+((Tuition!J88-(40500))*0.042),0,0)))+(IF(Tuition!K88<(40500),PMT(6.8%/12,300,Tuition!K88+(Tuition!K88*0.0105),0,0),PMT(6.8%/12,300,Tuition!K88+((40500)*0.0105),0,0)+PMT(7.9%/12,300,(Tuition!K88-(40500))+((Tuition!K88-(40500))*0.042),0,0))) -> -1976.686 | I87: =C87*120 -> -138852.01 | J87: =D87*300 -> -209360.95 | K87: =F87*120 -> -389011.92 | L87: =G87*300 -> -593005.81
A88: Kansas State University College of Veterinary Medicine | B88: =Tuition!E89 -> 121511.32 | C88: =(IF(Tuition!A89<(40500),PMT(6.8%/12,120,Tuition!A89+(Tuition!A89*0.0105),0,0),PMT(6.8%/12,120,Tuition!A89+((40500)*0.0105),0,0)+PMT(7.9%/12,120,(Tuition!A89-(40500))+((Tuition!A89-(40500))*0.042),0,0)))+(IF(Tuition!B89<(40500),PMT(6.8%/12,120,Tuition!B89+(Tuition!B89*0.0105),0,0),PMT(6.8%/12,120,Tuition!B89+((40500)*0.0105),0,0)+PMT(7.9%/12,120,(Tuition!B89-(40500))+((Tuition!B89-(40500))*0.042),0,0)))+(IF(Tuition!C89<(40500),PMT(6.8%/12,120,Tuition!C89+(Tuition!C89*0.0105),0,0),PMT(6.8%/12,120,Tuition!C89+((40500)*0.0105),0,0)+PMT(7.9%/12,120,(Tuition!C89-(40500))+((Tuition!C89-(40500))*0.042),0,0)))+(IF(Tuition!D89<(40500),PMT(6.8%/12,120,Tuition!D89+(Tuition!D89*0.0105),0,0),PMT(6.8%/12,120,Tuition!D89+((40500)*0.0105),0,0)+PMT(7.9%/12,120,(Tuition!D89-(40500))+((Tuition!D89-(40500))*0.042),0,0))) -> -1413.039 | D88: =(IF(Tuition!A89<(40500),PMT(6.8%/12,300,Tuition!A89+(Tuition!A89*0.0105),0,0),PMT(6.8%/12,300,Tuition!A89+((40500)*0.0105),0,0)+PMT(7.9%/12,300,(Tuition!A89-(40500))+((Tuition!A89-(40500))*0.042),0,0)))+(IF(Tuition!B89<(40500),PMT(6.8%/12,300,Tuition!B89+(Tuition!B89*0.0105),0,0),PMT(6.8%/12,300,Tuition!B89+((40500)*0.0105),0,0)+PMT(7.9%/12,300,(Tuition!B89-(40500))+((Tuition!B89-(40500))*0.042),0,0)))+(IF(Tuition!C89<(40500),PMT(6.8%/12,300,Tuition!C89+(Tuition!C89*0.0105),0,0),PMT(6.8%/12,300,Tuition!C89+((40500)*0.0105),0,0)+PMT(7.9%/12,300,(Tuition!C89-(40500))+((Tuition!C89-(40500))*0.042),0,0)))+(IF(Tuition!D89<(40500),PMT(6.8%/12,300,Tuition!D89+(Tuition!D89*0.0105),0,0),PMT(6.8%/12,300,Tuition!D89+((40500)*0.0105),0,0)+PMT(7.9%/12,300,(Tuition!D89-(40500))+((Tuition!D89-(40500))*0.042),0,0))) -> -852.23163 | E88: =Tuition!G89 -> 265644.38 | F88: =(IF(Tuition!H89<(40500),PMT(6.8%/12,120,Tuition!H89+(Tuition!H89*0.0105),0,0),PMT(6.8%/12,120,Tuition!H89+((40500)*0.0105),0,0)+PMT(7.9%/12,120,(Tuition!H89-(40500))+((Tuition!H89-(40500))*0.042),0,0)))+(IF(Tuition!I89<(40500),PMT(6.8%/12,120,Tuition!I89+(Tuition!I89*0.0105),0,0),PMT(6.8%/12,120,Tuition!I89+((40500)*0.0105),0,0)+PMT(7.9%/12,120,(Tuition!I89-(40500))+((Tuition!I89-(40500))*0.042),0,0)))+(IF(Tuition!J89<(40500),PMT(6.8%/12,120,Tuition!J89+(Tuition!J89*0.0105),0,0),PMT(6.8%/12,120,Tuition!J89+((40500)*0.0105),0,0)+PMT(7.9%/12,120,(Tuition!J89-(40500))+((Tuition!J89-(40500))*0.042),0,0)))+(IF(Tuition!K89<(40500),PMT(6.8%/12,120,Tuition!K89+(Tuition!K89*0.0105),0,0),PMT(6.8%/12,120,Tuition!K89+((40500)*0.0105),0,0)+PMT(7.9%/12,120,(Tuition!K89-(40500))+((Tuition!K89-(40500))*0.042),0,0))) -> -4381.2268 | G88: =(IF(Tuition!H89<(40500),PMT(6.8%/12,300,Tuition!H89+(Tuition!H89*0.0105),0,0),PMT(6.8%/12,300,Tuition!H89+((40500)*0.0105),0,0)+PMT(7.9%/12,300,(Tuition!H89-(40500))+((Tuition!H89-(40500))*0.042),0,0)))+(IF(Tuition!I89<(40500),PMT(6.8%/12,300,Tuition!I89+(Tuition!I89*0.0105),0,0),PMT(6.8%/12,300,Tuition!I89+((40500)*0.0105),0,0)+PMT(7.9%/12,300,(Tuition!I89-(40500))+((Tuition!I89-(40500))*0.042),0,0)))+(IF(Tuition!J89<(40500),PMT(6.8%/12,300,Tuition!J89+(Tuition!J89*0.0105),0,0),PMT(6.8%/12,300,Tuition!J89+((40500)*0.0105),0,0)+PMT(7.9%/12,300,(Tuition!J89-(40500))+((Tuition!J89-(40500))*0.042),0,0)))+(IF(Tuition!K89<(40500),PMT(6.8%/12,300,Tuition!K89+(Tuition!K89*0.0105),0,0),PMT(6.8%/12,300,Tuition!K89+((40500)*0.0105),0,0)+PMT(7.9%/12,300,(Tuition!K89-(40500))+((Tuition!K89-(40500))*0.042),0,0))) -> -2681.9698 | I88: =C88*120 -> -169564.68 | J88: =D88*300 -> -255669.49 | K88: =F88*120 -> -525747.21 | L88: =G88*300 -> -804590.95
A89: Louisiana State University College of Veterinary Medicine | B89: =Tuition!E90 -> 101849.73 | C89: =(IF(Tuition!A90<(40500),PMT(6.8%/12,120,Tuition!A90+(Tuition!A90*0.0105),0,0),PMT(6.8%/12,120,Tuition!A90+((40500)*0.0105),0,0)+PMT(7.9%/12,120,(Tuition!A90-(40500))+((Tuition!A90-(40500))*0.042),0,0)))+(IF(Tuition!B90<(40500),PMT(6.8%/12,120,Tuition!B90+(Tuition!B90*0.0105),0,0),PMT(6.8%/12,120,Tuition!B90+((40500)*0.0105),0,0)+PMT(7.9%/12,120,(Tuition!B90-(40500))+((Tuition!B90-(40500))*0.042),0,0)))+(IF(Tuition!C90<(40500),PMT(6.8%/12,120,Tuition!C90+(Tuition!C90*0.0105),0,0),PMT(6.8%/12,120,Tuition!C90+((40500)*0.0105),0,0)+PMT(7.9%/12,120,(Tuition!C90-(40500))+((Tuition!C90-(40500))*0.042),0,0)))+(IF(Tuition!D90<(40500),PMT(6.8%/12,120,Tuition!D90+(Tuition!D90*0.0105),0,0),PMT(6.8%/12,120,Tuition!D90+((40500)*0.0105),0,0)+PMT(7.9%/12,120,(Tuition!D90-(40500))+((Tuition!D90-(40500))*0.042),0,0))) -> -1184.397 | D89: =(IF(Tuition!A90<(40500),PMT(6.8%/12,300,Tuition!A90+(Tuition!A90*0.0105),0,0),PMT(6.8%/12,300,Tuition!A90+((40500)*0.0105),0,0)+PMT(7.9%/12,300,(Tuition!A90-(40500))+((Tuition!A90-(40500))*0.042),0,0)))+(IF(Tuition!B90<(40500),PMT(6.8%/12,300,Tuition!B90+(Tuition!B90*0.0105),0,0),PMT(6.8%/12,300,Tuition!B90+((40500)*0.0105),0,0)+PMT(7.9%/12,300,(Tuition!B90-(40500))+((Tuition!B90-(40500))*0.042),0,0)))+(IF(Tuition!C90<(40500),PMT(6.8%/12,300,Tuition!C90+(Tuition!C90*0.0105),0,0),PMT(6.8%/12,300,Tuition!C90+((40500)*0.0105),0,0)+PMT(7.9%/12,300,(Tuition!C90-(40500))+((Tuition!C90-(40500))*0.042),0,0)))+(IF(Tuition!D90<(40500),PMT(6.8%/12,300,Tuition!D90+(Tuition!D90*0.0105),0,0),PMT(6.8%/12,300,Tuition!D90+((40500)*0.0105),0,0)+PMT(7.9%/12,300,(Tuition!D90-(40500))+((Tuition!D90-(40500))*0.042),0,0))) -> -714.33314 | E89: =Tuition!G90 -> 235835.21 | F89: =(IF(Tuition!H90<(40500),PMT(6.8%/12,120,Tuition!H90+(Tuition!H90*0.0105),0,0),PMT(6.8%/12,120,Tuition!H90+((40500)*0.0105),0,0)+PMT(7.9%/12,120,(Tuition!H90-(40500))+((Tuition!H90-(40500))*0.042),0,0)))+(IF(Tuition!I90<(40500),PMT(6.8%/12,120,Tuition!I90+(Tuition!I90*0.0105),0,0),PMT(6.8%/12,120,Tuition!I90+((40500)*0.0105),0,0)+PMT(7.9%/12,120,(Tuition!I90-(40500))+((Tuition!I90-(40500))*0.042),0,0)))+(IF(Tuition!J90<(40500),PMT(6.8%/12,120,Tuition!J90+(Tuition!J90*0.0105),0,0),PMT(6.8%/12,120,Tuition!J90+((40500)*0.0105),0,0)+PMT(7.9%/12,120,(Tuition!J90-(40500))+((Tuition!J90-(40500))*0.042),0,0)))+(IF(Tuition!K90<(40500),PMT(6.8%/12,120,Tuition!K90+(Tuition!K90*0.0105),0,0),PMT(6.8%/12,120,Tuition!K90+((40500)*0.0105),0,0)+PMT(7.9%/12,120,(Tuition!K90-(40500))+((Tuition!K90-(40500))*0.042),0,0))) -> -3662.9636 | G89: =(IF(Tuition!H90<(40500),PMT(6.8%/12,300,Tuition!H90+(Tuition!H90*0.0105),0,0),PMT(6.8%/12,300,Tuition!H90+((40500)*0.0105),0,0)+PMT(7.9%/12,300,(Tuition!H90-(40500))+((Tuition!H90-(40500))*0.042),0,0)))+(IF(Tuition!I90<(40500),PMT(6.8%/12,300,Tuition!I90+(Tuition!I90*0.0105),0,0),PMT(6.8%/12,300,Tuition!I90+((40500)*0.0105),0,0)+PMT(7.9%/12,300,(Tuition!I90-(40500))+((Tuition!I90-(40500))*0.042),0,0)))+(IF(Tuition!J90<(40500),PMT(6.8%/12,300,Tuition!J90+(Tuition!J90*0.0105),0,0),PMT(6.8%/12,300,Tuition!J90+((40500)*0.0105),0,0)+PMT(7.9%/12,300,(Tuition!J90-(40500))+((Tuition!J90-(40500))*0.042),0,0)))+(IF(Tuition!K90<(40500),PMT(6.8%/12,300,Tuition!K90+(Tuition!K90*0.0105),0,0),PMT(6.8%/12,300,Tuition!K90+((40500)*0.0105),0,0)+PMT(7.9%/12,300,(Tuition!K90-(40500))+((Tuition!K90-(40500))*0.042),0,0))) -> -2237.3916 | I89: =C89*120 -> -142127.64 | J89: =D89*300 -> -214299.94 | K89: =F89*120 -> -439555.63 | L89: =G89*300 -> -671217.49
A90: University of Minnesota College of Veterinary Medicine | B90: =Tuition!E91 -> 168551.65 | C90: =(IF(Tuition!A91<(40500),PMT(6.8%/12,120,Tuition!A91+(Tuition!A91*0.0105),0,0),PMT(6.8%/12,120,Tuition!A91+((40500)*0.0105),0,0)+PMT(7.9%/12,120,(Tuition!A91-(40500))+((Tuition!A91-(40500))*0.042),0,0)))+(IF(Tuition!B91<(40500),PMT(6.8%/12,120,Tuition!B91+(Tuition!B91*0.0105),0,0),PMT(6.8%/12,120,Tuition!B91+((40500)*0.0105),0,0)+PMT(7.9%/12,120,(Tuition!B91-(40500))+((Tuition!B91-(40500))*0.042),0,0)))+(IF(Tuition!C91<(40500),PMT(6.8%/12,120,Tuition!C91+(Tuition!C91*0.0105),0,0),PMT(6.8%/12,120,Tuition!C91+((40500)*0.0105),0,0)+PMT(7.9%/12,120,(Tuition!C91-(40500))+((Tuition!C91-(40500))*0.042),0,0)))+(IF(Tuition!D91<(40500),PMT(6.8%/12,120,Tuition!D91+(Tuition!D91*0.0105),0,0),PMT(6.8%/12,120,Tuition!D91+((40500)*0.0105),0,0)+PMT(7.9%/12,120,(Tuition!D91-(40500))+((Tuition!D91-(40500))*0.042),0,0))) -> -2078.1127 | D90: =(IF(Tuition!A91<(40500),PMT(6.8%/12,300,Tuition!A91+(Tuition!A91*0.0105),0,0),PMT(6.8%/12,300,Tuition!A91+((40500)*0.0105),0,0)+PMT(7.9%/12,300,(Tuition!A91-(40500))+((Tuition!A91-(40500))*0.042),0,0)))+(IF(Tuition!B91<(40500),PMT(6.8%/12,300,Tuition!B91+(Tuition!B91*0.0105),0,0),PMT(6.8%/12,300,Tuition!B91+((40500)*0.0105),0,0)+PMT(7.9%/12,300,(Tuition!B91-(40500))+((Tuition!B91-(40500))*0.042),0,0)))+(IF(Tuition!C91<(40500),PMT(6.8%/12,300,Tuition!C91+(Tuition!C91*0.0105),0,0),PMT(6.8%/12,300,Tuition!C91+((40500)*0.0105),0,0)+PMT(7.9%/12,300,(Tuition!C91-(40500))+((Tuition!C91-(40500))*0.042),0,0)))+(IF(Tuition!D91<(40500),PMT(6.8%/12,300,Tuition!D91+(Tuition!D91*0.0105),0,0),PMT(6.8%/12,300,Tuition!D91+((40500)*0.0105),0,0)+PMT(7.9%/12,300,(Tuition!D91-(40500))+((Tuition!D91-(40500))*0.042),0,0))) -> -1256.9654 | E90: =Tuition!G91 -> 291911.76 | F90: =(IF(Tuition!H91<(40500),PMT(6.8%/12,120,Tuition!H91+(Tuition!H91*0.0105),0,0),PMT(6.8%/12,120,Tuition!H91+((40500)*0.0105),0,0)+PMT(7.9%/12,120,(Tuition!H91-(40500))+((Tuition!H91-(40500))*0.042),0,0)))+(IF(Tuition!I91<(40500),PMT(6.8%/12,120,Tuition!I91+(Tuition!I91*0.0105),0,0),PMT(6.8%/12,120,Tuition!I91+((40500)*0.0105),0,0)+PMT(7.9%/12,120,(Tuition!I91-(40500))+((Tuition!I91-(40500))*0.042),0,0)))+(IF(Tuition!J91<(40500),PMT(6.8%/12,120,Tuition!J91+(Tuition!J91*0.0105),0,0),PMT(6.8%/12,120,Tuition!J91+((40500)*0.0105),0,0)+PMT(7.9%/12,120,(Tuition!J91-(40500))+((Tuition!J91-(40500))*0.042),0,0)))+(IF(Tuition!K91<(40500),PMT(6.8%/12,120,Tuition!K91+(Tuition!K91*0.0105),0,0),PMT(6.8%/12,120,Tuition!K91+((40500)*0.0105),0,0)+PMT(7.9%/12,120,(Tuition!K91-(40500))+((Tuition!K91-(40500))*0.042),0,0))) -> -5014.1493 | G90: =(IF(Tuition!H91<(40500),PMT(6.8%/12,300,Tuition!H91+(Tuition!H91*0.0105),0,0),PMT(6.8%/12,300,Tuition!H91+((40500)*0.0105),0,0)+PMT(7.9%/12,300,(Tuition!H91-(40500))+((Tuition!H91-(40500))*0.042),0,0)))+(IF(Tuition!I91<(40500),PMT(6.8%/12,300,Tuition!I91+(Tuition!I91*0.0105),0,0),PMT(6.8%/12,300,Tuition!I91+((40500)*0.0105),0,0)+PMT(7.9%/12,300,(Tuition!I91-(40500))+((Tuition!I91-(40500))*0.042),0,0)))+(IF(Tuition!J91<(40500),PMT(6.8%/12,300,Tuition!J91+(Tuition!J91*0.0105),0,0),PMT(6.8%/12,300,Tuition!J91+((40500)*0.0105),0,0)+PMT(7.9%/12,300,(Tuition!J91-(40500))+((Tuition!J91-(40500))*0.042),0,0)))+(IF(Tuition!K91<(40500),PMT(6.8%/12,300,Tuition!K91+(Tuition!K91*0.0105),0,0),PMT(6.8%/12,300,Tuition!K91+((40500)*0.0105),0,0)+PMT(7.9%/12,300,(Tuition!K91-(40500))+((Tuition!K91-(40500))*0.042),0,0))) -> -3073.7253 | I90: =C90*120 -> -249373.52 | J90: =D90*300 -> -377089.63 | K90: =F90*120 -> -601697.91 | L90: =G90*300 -> -922117.59
A91: Mississippi State University College of Veterinary Medicine | B91: =Tuition!E92 -> 93535.362 | C91: =(IF(Tuition!A92<(40500),PMT(6.8%/12,120,Tuition!A92+(Tuition!A92*0.0105),0,0),PMT(6.8%/12,120,Tuition!A92+((40500)*0.0105),0,0)+PMT(7.9%/12,120,(Tuition!A92-(40500))+((Tuition!A92-(40500))*0.042),0,0)))+(IF(Tuition!B92<(40500),PMT(6.8%/12,120,Tuition!B92+(Tuition!B92*0.0105),0,0),PMT(6.8%/12,120,Tuition!B92+((40500)*0.0105),0,0)+PMT(7.9%/12,120,(Tuition!B92-(40500))+((Tuition!B92-(40500))*0.042),0,0)))+(IF(Tuition!C92<(40500),PMT(6.8%/12,120,Tuition!C92+(Tuition!C92*0.0105),0,0),PMT(6.8%/12,120,Tuition!C92+((40500)*0.0105),0,0)+PMT(7.9%/12,120,(Tuition!C92-(40500))+((Tuition!C92-(40500))*0.042),0,0)))+(IF(Tuition!D92<(40500),PMT(6.8%/12,120,Tuition!D92+(Tuition!D92*0.0105),0,0),PMT(6.8%/12,120,Tuition!D92+((40500)*0.0105),0,0)+PMT(7.9%/12,120,(Tuition!D92-(40500))+((Tuition!D92-(40500))*0.042),0,0))) -> -1087.7103 | D91: =(IF(Tuition!A92<(40500),PMT(6.8%/12,300,Tuition!A92+(Tuition!A92*0.0105),0,0),PMT(6.8%/12,300,Tuition!A92+((40500)*0.0105),0,0)+PMT(7.9%/12,300,(Tuition!A92-(40500))+((Tuition!A92-(40500))*0.042),0,0)))+(IF(Tuition!B92<(40500),PMT(6.8%/12,300,Tuition!B92+(Tuition!B92*0.0105),0,0),PMT(6.8%/12,300,Tuition!B92+((40500)*0.0105),0,0)+PMT(7.9%/12,300,(Tuition!B92-(40500))+((Tuition!B92-(40500))*0.042),0,0)))+(IF(Tuition!C92<(40500),PMT(6.8%/12,300,Tuition!C92+(Tuition!C92*0.0105),0,0),PMT(6.8%/12,300,Tuition!C92+((40500)*0.0105),0,0)+PMT(7.9%/12,300,(Tuition!C92-(40500))+((Tuition!C92-(40500))*0.042),0,0)))+(IF(Tuition!D92<(40500),PMT(6.8%/12,300,Tuition!D92+(Tuition!D92*0.0105),0,0),PMT(6.8%/12,300,Tuition!D92+((40500)*0.0105),0,0)+PMT(7.9%/12,300,(Tuition!D92-(40500))+((Tuition!D92-(40500))*0.042),0,0))) -> -656.01948 | E91: =Tuition!G92 -> 223366.25 | F91: =(IF(Tuition!H92<(40500),PMT(6.8%/12,120,Tuition!H92+(Tuition!H92*0.0105),0,0),PMT(6.8%/12,120,Tuition!H92+((40500)*0.0105),0,0)+PMT(7.9%/12,120,(Tuition!H92-(40500))+((Tuition!H92-(40500))*0.042),0,0)))+(IF(Tuition!I92<(40500),PMT(6.8%/12,120,Tuition!I92+(Tuition!I92*0.0105),0,0),PMT(6.8%/12,120,Tuition!I92+((40500)*0.0105),0,0)+PMT(7.9%/12,120,(Tuition!I92-(40500))+((Tuition!I92-(40500))*0.042),0,0)))+(IF(Tuition!J92<(40500),PMT(6.8%/12,120,Tuition!J92+(Tuition!J92*0.0105),0,0),PMT(6.8%/12,120,Tuition!J92+((40500)*0.0105),0,0)+PMT(7.9%/12,120,(Tuition!J92-(40500))+((Tuition!J92-(40500))*0.042),0,0)))+(IF(Tuition!K92<(40500),PMT(6.8%/12,120,Tuition!K92+(Tuition!K92*0.0105),0,0),PMT(6.8%/12,120,Tuition!K92+((40500)*0.0105),0,0)+PMT(7.9%/12,120,(Tuition!K92-(40500))+((Tuition!K92-(40500))*0.042),0,0))) -> -3362.5193 | G91: =(IF(Tuition!H92<(40500),PMT(6.8%/12,300,Tuition!H92+(Tuition!H92*0.0105),0,0),PMT(6.8%/12,300,Tuition!H92+((40500)*0.0105),0,0)+PMT(7.9%/12,300,(Tuition!H92-(40500))+((Tuition!H92-(40500))*0.042),0,0)))+(IF(Tuition!I92<(40500),PMT(6.8%/12,300,Tuition!I92+(Tuition!I92*0.0105),0,0),PMT(6.8%/12,300,Tuition!I92+((40500)*0.0105),0,0)+PMT(7.9%/12,300,(Tuition!I92-(40500))+((Tuition!I92-(40500))*0.042),0,0)))+(IF(Tuition!J92<(40500),PMT(6.8%/12,300,Tuition!J92+(Tuition!J92*0.0105),0,0),PMT(6.8%/12,300,Tuition!J92+((40500)*0.0105),0,0)+PMT(7.9%/12,300,(Tuition!J92-(40500))+((Tuition!J92-(40500))*0.042),0,0)))+(IF(Tuition!K92<(40500),PMT(6.8%/12,300,Tuition!K92+(Tuition!K92*0.0105),0,0),PMT(6.8%/12,300,Tuition!K92+((40500)*0.0105),0,0)+PMT(7.9%/12,300,(Tuition!K92-(40500))+((Tuition!K92-(40500))*0.042),0,0))) -> -2051.4278 | I91: =C91*120 -> -130525.24 | J91: =D91*300 -> -196805.85 | K91: =F91*120 -> -403502.32 | L91: =G91*300 -> -615428.35
A92: Michigan State University College of Veterinary Medicine | B92: =Tuition!E93 -> 141715.92 | C92: =(IF(Tuition!A93<(40500),PMT(6.8%/12,120,Tuition!A93+(Tuition!A93*0.0105),0,0),PMT(6.8%/12,120,Tuition!A93+((40500)*0.0105),0,0)+PMT(7.9%/12,120,(Tuition!A93-(40500))+((Tuition!A93-(40500))*0.042),0,0)))+(IF(Tuition!B93<(40500),PMT(6.8%/12,120,Tuition!B93+(Tuition!B93*0.0105),0,0),PMT(6.8%/12,120,Tuition!B93+((40500)*0.0105),0,0)+PMT(7.9%/12,120,(Tuition!B93-(40500))+((Tuition!B93-(40500))*0.042),0,0)))+(IF(Tuition!C93<(40500),PMT(6.8%/12,120,Tuition!C93+(Tuition!C93*0.0105),0,0),PMT(6.8%/12,120,Tuition!C93+((40500)*0.0105),0,0)+PMT(7.9%/12,120,(Tuition!C93-(40500))+((Tuition!C93-(40500))*0.042),0,0)))+(IF(Tuition!D93<(40500),PMT(6.8%/12,120,Tuition!D93+(Tuition!D93*0.0105),0,0),PMT(6.8%/12,120,Tuition!D93+((40500)*0.0105),0,0)+PMT(7.9%/12,120,(Tuition!D93-(40500))+((Tuition!D93-(40500))*0.042),0,0))) -> -1911.8346 | D92: =(IF(Tuition!A93<(40500),PMT(6.8%/12,300,Tuition!A93+(Tuition!A93*0.0105),0,0),PMT(6.8%/12,300,Tuition!A93+((40500)*0.0105),0,0)+PMT(7.9%/12,300,(Tuition!A93-(40500))+((Tuition!A93-(40500))*0.042),0,0)))+(IF(Tuition!B93<(40500),PMT(6.8%/12,300,Tuition!B93+(Tuition!B93*0.0105),0,0),PMT(6.8%/12,300,Tuition!B93+((40500)*0.0105),0,0)+PMT(7.9%/12,300,(Tuition!B93-(40500))+((Tuition!B93-(40500))*0.042),0,0)))+(IF(Tuition!C93<(40500),PMT(6.8%/12,300,Tuition!C93+(Tuition!C93*0.0105),0,0),PMT(6.8%/12,300,Tuition!C93+((40500)*0.0105),0,0)+PMT(7.9%/12,300,(Tuition!C93-(40500))+((Tuition!C93-(40500))*0.042),0,0)))+(IF(Tuition!D93<(40500),PMT(6.8%/12,300,Tuition!D93+(Tuition!D93*0.0105),0,0),PMT(6.8%/12,300,Tuition!D93+((40500)*0.0105),0,0)+PMT(7.9%/12,300,(Tuition!D93-(40500))+((Tuition!D93-(40500))*0.042),0,0))) -> -1161.1443 | E92: =Tuition!G93 -> 283815.7 | F92: =(IF(Tuition!H93<(40500),PMT(6.8%/12,120,Tuition!H93+(Tuition!H93*0.0105),0,0),PMT(6.8%/12,120,Tuition!H93+((40500)*0.0105),0,0)+PMT(7.9%/12,120,(Tuition!H93-(40500))+((Tuition!H93-(40500))*0.042),0,0)))+(IF(Tuition!I93<(40500),PMT(6.8%/12,120,Tuition!I93+(Tuition!I93*0.0105),0,0),PMT(6.8%/12,120,Tuition!I93+((40500)*0.0105),0,0)+PMT(7.9%/12,120,(Tuition!I93-(40500))+((Tuition!I93-(40500))*0.042),0,0)))+(IF(Tuition!J93<(40500),PMT(6.8%/12,120,Tuition!J93+(Tuition!J93*0.0105),0,0),PMT(6.8%/12,120,Tuition!J93+((40500)*0.0105),0,0)+PMT(7.9%/12,120,(Tuition!J93-(40500))+((Tuition!J93-(40500))*0.042),0,0)))+(IF(Tuition!K93<(40500),PMT(6.8%/12,120,Tuition!K93+(Tuition!K93*0.0105),0,0),PMT(6.8%/12,120,Tuition!K93+((40500)*0.0105),0,0)+PMT(7.9%/12,120,(Tuition!K93-(40500))+((Tuition!K93-(40500))*0.042),0,0))) -> -4887.1161 | G92: =(IF(Tuition!H93<(40500),PMT(6.8%/12,300,Tuition!H93+(Tuition!H93*0.0105),0,0),PMT(6.8%/12,300,Tuition!H93+((40500)*0.0105),0,0)+PMT(7.9%/12,300,(Tuition!H93-(40500))+((Tuition!H93-(40500))*0.042),0,0)))+(IF(Tuition!I93<(40500),PMT(6.8%/12,300,Tuition!I93+(Tuition!I93*0.0105),0,0),PMT(6.8%/12,300,Tuition!I93+((40500)*0.0105),0,0)+PMT(7.9%/12,300,(Tuition!I93-(40500))+((Tuition!I93-(40500))*0.042),0,0)))+(IF(Tuition!J93<(40500),PMT(6.8%/12,300,Tuition!J93+(Tuition!J93*0.0105),0,0),PMT(6.8%/12,300,Tuition!J93+((40500)*0.0105),0,0)+PMT(7.9%/12,300,(Tuition!J93-(40500))+((Tuition!J93-(40500))*0.042),0,0)))+(IF(Tuition!K93<(40500),PMT(6.8%/12,300,Tuition!K93+(Tuition!K93*0.0105),0,0),PMT(6.8%/12,300,Tuition!K93+((40500)*0.0105),0,0)+PMT(7.9%/12,300,(Tuition!K93-(40500))+((Tuition!K93-(40500))*0.042),0,0))) -> -2996.1021 | I92: =C92*120 -> -229420.15 | J92: =D92*300 -> -348343.28 | K92: =F92*120 -> -586453.93 | L92: =G92*300 -> -898830.63
A93: North Carolina State University College Veterinary Medicine NONRESx4 | B93: =Tuition!E94 -> 84327.756 | C93: =(IF(Tuition!A94<(40500),PMT(6.8%/12,120,Tuition!A94+(Tuition!A94*0.0105),0,0),PMT(6.8%/12,120,Tuition!A94+((40500)*0.0105),0,0)+PMT(7.9%/12,120,(Tuition!A94-(40500))+((Tuition!A94-(40500))*0.042),0,0)))+(IF(Tuition!B94<(40500),PMT(6.8%/12,120,Tuition!B94+(Tuition!B94*0.0105),0,0),PMT(6.8%/12,120,Tuition!B94+((40500)*0.0105),0,0)+PMT(7.9%/12,120,(Tuition!B94-(40500))+((Tuition!B94-(40500))*0.042),0,0)))+(IF(Tuition!C94<(40500),PMT(6.8%/12,120,Tuition!C94+(Tuition!C94*0.0105),0,0),PMT(6.8%/12,120,Tuition!C94+((40500)*0.0105),0,0)+PMT(7.9%/12,120,(Tuition!C94-(40500))+((Tuition!C94-(40500))*0.042),0,0)))+(IF(Tuition!D94<(40500),PMT(6.8%/12,120,Tuition!D94+(Tuition!D94*0.0105),0,0),PMT(6.8%/12,120,Tuition!D94+((40500)*0.0105),0,0)+PMT(7.9%/12,120,(Tuition!D94-(40500))+((Tuition!D94-(40500))*0.042),0,0))) -> -980.63629 | D93: =(IF(Tuition!A94<(40500),PMT(6.8%/12,300,Tuition!A94+(Tuition!A94*0.0105),0,0),PMT(6.8%/12,300,Tuition!A94+((40500)*0.0105),0,0)+PMT(7.9%/12,300,(Tuition!A94-(40500))+((Tuition!A94-(40500))*0.042),0,0)))+(IF(Tuition!B94<(40500),PMT(6.8%/12,300,Tuition!B94+(Tuition!B94*0.0105),0,0),PMT(6.8%/12,300,Tuition!B94+((40500)*0.0105),0,0)+PMT(7.9%/12,300,(Tuition!B94-(40500))+((Tuition!B94-(40500))*0.042),0,0)))+(IF(Tuition!C94<(40500),PMT(6.8%/12,300,Tuition!C94+(Tuition!C94*0.0105),0,0),PMT(6.8%/12,300,Tuition!C94+((40500)*0.0105),0,0)+PMT(7.9%/12,300,(Tuition!C94-(40500))+((Tuition!C94-(40500))*0.042),0,0)))+(IF(Tuition!D94<(40500),PMT(6.8%/12,300,Tuition!D94+(Tuition!D94*0.0105),0,0),PMT(6.8%/12,300,Tuition!D94+((40500)*0.0105),0,0)+PMT(7.9%/12,300,(Tuition!D94-(40500))+((Tuition!D94-(40500))*0.042),0,0))) -> -591.44103 | E93: =Tuition!G94 -> 202536.18 | F93: =(IF(Tuition!H94<(40500),PMT(6.8%/12,120,Tuition!H94+(Tuition!H94*0.0105),0,0),PMT(6.8%/12,120,Tuition!H94+((40500)*0.0105),0,0)+PMT(7.9%/12,120,(Tuition!H94-(40500))+((Tuition!H94-(40500))*0.042),0,0)))+(IF(Tuition!I94<(40500),PMT(6.8%/12,120,Tuition!I94+(Tuition!I94*0.0105),0,0),PMT(6.8%/12,120,Tuition!I94+((40500)*0.0105),0,0)+PMT(7.9%/12,120,(Tuition!I94-(40500))+((Tuition!I94-(40500))*0.042),0,0)))+(IF(Tuition!J94<(40500),PMT(6.8%/12,120,Tuition!J94+(Tuition!J94*0.0105),0,0),PMT(6.8%/12,120,Tuition!J94+((40500)*0.0105),0,0)+PMT(7.9%/12,120,(Tuition!J94-(40500))+((Tuition!J94-(40500))*0.042),0,0)))+(IF(Tuition!K94<(40500),PMT(6.8%/12,120,Tuition!K94+(Tuition!K94*0.0105),0,0),PMT(6.8%/12,120,Tuition!K94+((40500)*0.0105),0,0)+PMT(7.9%/12,120,(Tuition!K94-(40500))+((Tuition!K94-(40500))*0.042),0,0))) -> -2860.611 | G93: =(IF(Tuition!H94<(40500),PMT(6.8%/12,300,Tuition!H94+(Tuition!H94*0.0105),0,0),PMT(6.8%/12,300,Tuition!H94+((40500)*0.0105),0,0)+PMT(7.9%/12,300,(Tuition!H94-(40500))+((Tuition!H94-(40500))*0.042),0,0)))+(IF(Tuition!I94<(40500),PMT(6.8%/12,300,Tuition!I94+(Tuition!I94*0.0105),0,0),PMT(6.8%/12,300,Tuition!I94+((40500)*0.0105),0,0)+PMT(7.9%/12,300,(Tuition!I94-(40500))+((Tuition!I94-(40500))*0.042),0,0)))+(IF(Tuition!J94<(40500),PMT(6.8%/12,300,Tuition!J94+(Tuition!J94*0.0105),0,0),PMT(6.8%/12,300,Tuition!J94+((40500)*0.0105),0,0)+PMT(7.9%/12,300,(Tuition!J94-(40500))+((Tuition!J94-(40500))*0.042),0,0)))+(IF(Tuition!K94<(40500),PMT(6.8%/12,300,Tuition!K94+(Tuition!K94*0.0105),0,0),PMT(6.8%/12,300,Tuition!K94+((40500)*0.0105),0,0)+PMT(7.9%/12,300,(Tuition!K94-(40500))+((Tuition!K94-(40500))*0.042),0,0))) -> -1740.7653 | I93: =C93*120 -> -117676.35 | J93: =D93*300 -> -177432.31 | K93: =F93*120 -> -343273.32 | L93: =G93*300 -> -522229.58
... A114: Washington State University College of Veterinary Medicine | B114: =Tuition!E115 -> 125707.46 | C114: =(IF(Tuition!A115<(40500),PMT(6.8%/12,120,Tuition!A115+(Tuition!A115*0.0105),0,0),PMT(6.8%/12,120,Tuition!A115+((40500)*0.0105),0,0)+PMT(7.9%/12,120,(Tuition!A115-(40500))+((Tuition!A115-(40500))*0.042),0,0)))+(IF(Tuition!B115<(40500),PMT(6.8%/12,120,Tuition!B115+(Tuition!B115*0.0105),0,0),PMT(6.8%/12,120,Tuition!B115+((40500)*0.0105),0,0)+PMT(7.9%/12,120,(Tuition!B115-(40500))+((Tuition!B115-(40500))*0.042),0,0)))+(IF(Tuition!C115<(40500),PMT(6.8%/12,120,Tuition!C115+(Tuition!C115*0.0105),0,0),PMT(6.8%/12,120,Tuition!C115+((40500)*0.0105),0,0)+PMT(7.9%/12,120,(Tuition!C115-(40500))+((Tuition!C115-(40500))*0.042),0,0)))+(IF(Tuition!D115<(40500),PMT(6.8%/12,120,Tuition!D115+(Tuition!D115*0.0105),0,0),PMT(6.8%/12,120,Tuition!D115+((40500)*0.0105),0,0)+PMT(7.9%/12,120,(Tuition!D115-(40500))+((Tuition!D115-(40500))*0.042),0,0))) -> -1461.8353 | D114: =(IF(Tuition!A115<(40500),PMT(6.8%/12,300,Tuition!A115+(Tuition!A115*0.0105),0,0),PMT(6.8%/12,300,Tuition!A115+((40500)*0.0105),0,0)+PMT(7.9%/12,300,(Tuition!A115-(40500))+((Tuition!A115-(40500))*0.042),0,0)))+(IF(Tuition!B115<(40500),PMT(6.8%/12,300,Tuition!B115+(Tuition!B115*0.0105),0,0),PMT(6.8%/12,300,Tuition!B115+((40500)*0.0105),0,0)+PMT(7.9%/12,300,(Tuition!B115-(40500))+((Tuition!B115-(40500))*0.042),0,0)))+(IF(Tuition!C115<(40500),PMT(6.8%/12,300,Tuition!C115+(Tuition!C115*0.0105),0,0),PMT(6.8%/12,300,Tuition!C115+((40500)*0.0105),0,0)+PMT(7.9%/12,300,(Tuition!C115-(40500))+((Tuition!C115-(40500))*0.042),0,0)))+(IF(Tuition!D115<(40500),PMT(6.8%/12,300,Tuition!D115+(Tuition!D115*0.0105),0,0),PMT(6.8%/12,300,Tuition!D115+((40500)*0.0105),0,0)+PMT(7.9%/12,300,(Tuition!D115-(40500))+((Tuition!D115-(40500))*0.042),0,0))) -> -881.66163 | E114: =Tuition!G115 -> 286978.19 | F114: =(IF(Tuition!H115<(40500),PMT(6.8%/12,120,Tuition!H115+(Tuition!H115*0.0105),0,0),PMT(6.8%/12,120,Tuition!H115+((40500)*0.0105),0,0)+PMT(7.9%/12,120,(Tuition!H115-(40500))+((Tuition!H115-(40500))*0.042),0,0)))+(IF(Tuition!I115<(40500),PMT(6.8%/12,120,Tuition!I115+(Tuition!I115*0.0105),0,0),PMT(6.8%/12,120,Tuition!I115+((40500)*0.0105),0,0)+PMT(7.9%/12,120,(Tuition!I115-(40500))+((Tuition!I115-(40500))*0.042),0,0)))+(IF(Tuition!J115<(40500),PMT(6.8%/12,120,Tuition!J115+(Tuition!J115*0.0105),0,0),PMT(6.8%/12,120,Tuition!J115+((40500)*0.0105),0,0)+PMT(7.9%/12,120,(Tuition!J115-(40500))+((Tuition!J115-(40500))*0.042),0,0)))+(IF(Tuition!K115<(40500),PMT(6.8%/12,120,Tuition!K115+(Tuition!K115*0.0105),0,0),PMT(6.8%/12,120,Tuition!K115+((40500)*0.0105),0,0)+PMT(7.9%/12,120,(Tuition!K115-(40500))+((Tuition!K115-(40500))*0.042),0,0))) -> -4895.273 | G114: =(IF(Tuition!H115<(40500),PMT(6.8%/12,300,Tuition!H115+(Tuition!H115*0.0105),0,0),PMT(6.8%/12,300,Tuition!H115+((40500)*0.0105),0,0)+PMT(7.9%/12,300,(Tuition!H115-(40500))+((Tuition!H115-(40500))*0.042),0,0)))+(IF(Tuition!I115<(40500),PMT(6.8%/12,300,Tuition!I115+(Tuition!I115*0.0105),0,0),PMT(6.8%/12,300,Tuition!I115+((40500)*0.0105),0,0)+PMT(7.9%/12,300,(Tuition!I115-(40500))+((Tuition!I115-(40500))*0.042),0,0)))+(IF(Tuition!J115<(40500),PMT(6.8%/12,300,Tuition!J115+(Tuition!J115*0.0105),0,0),PMT(6.8%/12,300,Tuition!J115+((40500)*0.0105),0,0)+PMT(7.9%/12,300,(Tuition!J115-(40500))+((Tuition!J115-(40500))*0.042),0,0)))+(IF(Tuition!K115<(40500),PMT(6.8%/12,300,Tuition!K115+(Tuition!K115*0.0105),0,0),PMT(6.8%/12,300,Tuition!K115+((40500)*0.0105),0,0)+PMT(7.9%/12,300,(Tuition!K115-(40500))+((Tuition!K115-(40500))*0.042),0,0))) -> -3000.1453 | I114: =C114*120 -> -175420.24 | J114: =D114*300 -> -264498.49 | K114: =F114*120 -> -587432.75 | L114: =G114*300 -> -900043.59

Sheet living expenses
A1: Date: 10/02/2012
A2: % inflation | B2: 0.05 | C2: non-tuition cost of attendance | I2: 1 | J2: 2 | K2: 3 | L2: 4
B3: books/supplies | C3: room/board | D3: transportation | E3: personal expenses | F3: miscellaneous | G3: total 12-13 | I3: 12-'13 | J3: 13-'14 | K3: 14-'15 | L3: 15-'16 | M3: school | N3: 4yr cumulative total
A4: Auburn University College of Veterinary Medicine | B4: 3329 | C4: 10606 | D4: 2760 | E4: 2636 | F4: - | G4: =SUM(B4:F4) -> 19331 | I4: =G4 -> 19331 | J4: =I4*(1+$B$2) -> 20297.55 | K4: =J4*(1+$B$2) -> 21312.428 | L4: =K4*(1+$B$2) -> 22378.049 | M4: AUB | N4: =SUM(I4:L4) -> 83319.026
A5: Cornell University College of Veterinary Medicine | B5: 1000 | C5: 8600 | D5: - | E5: 7600 | F5: - | G5: =SUM(B5:F5) -> 17200 | I5: =G5 -> 17200 | J5: =I5*(1+$B$2) -> 18060 | K5: =J5*(1+$B$2) -> 18963 | L5: =K5*(1+$B$2) -> 19911.15 | M5: COR | N5: =SUM(I5:L5) -> 74134.15
A6: Colorado State University College of Veterinary Medicine | B6: 1404 | C6: 8900 | D6: - | E6: 1692 | F6: 2388 | G6: =SUM(B6:F6) -> 14384 | I6: =G6 -> 14384 | J6: =I6*(1+$B$2) -> 15103.2 | K6: =J6*(1+$B$2) -> 15858.36 | L6: =K6*(1+$B$2) -> 16651.278 | M6: CSU | N6: =SUM(I6:L6) -> 61996.838
A7: University of Florida College of Veterinary Medicine | B7: 1610 | C7: 10240 | D7: 530 | E7: 1840 | F7: 1990 | G7: =SUM(B7:F7) -> 16210 | I7: =G7 -> 16210 | J7: =I7*(1+$B$2) -> 17020.5 | K7: =J7*(1+$B$2) -> 17871.525 | L7: =K7*(1+$B$2) -> 18765.101 | M7: FLA | N7: =SUM(I7:L7) -> 69867.126
A8: University of Illinois College of Veterinary Medicine | B8: 2700 | C8: 12366 | D8: - | E8: - | F8: 2760 | G8: =SUM(B8:F8) -> 17826 | I8: =G8 -> 17826 | J8: =I8*(1+$B$2) -> 18717.3 | K8: =J8*(1+$B$2) -> 19653.165 | L8: =K8*(1+$B$2) -> 20635.823 | M8: ILL | N8: =SUM(I8:L8) -> 76832.288
A9: Iowa State University College of Veterinary Medicine | B9: 1048 | C9: 8160 | D9: - | E9: - | F9: 3320 | G9: =SUM(B9:F9) -> 12528 | I9: =G9 -> 12528 | J9: =I9*(1+$B$2) -> 13154.4 | K9: =J9*(1+$B$2) -> 13812.12 | L9: =K9*(1+$B$2) -> 14502.726 | M9: ISU | N9: =SUM(I9:L9) -> 53997.246
A10: Kansas State University College of Veterinary Medicine | B10: 1000 | C10: 7194 | D10: - | E10: - | F10: 3600 | G10: =SUM(B10:F10) -> 11794 | I10: =G10 -> 11794 | J10: =I10*(1+$B$2) -> 12383.7 | K10: =J10*(1+$B$2) -> 13002.885 | L10: =K10*(1+$B$2) -> 13653.029 | M10: KSU | N10: =SUM(I10:L10) -> 50833.614
A11: Louisiana State University College of Veterinary Medicine | B11: 2000 | C11: 7176 | D11: 829 | E11: 1612 | F11: - | G11: =SUM(B11:F11) -> 11617 | I11: =G11 -> 11617 | J11: =I11*(1+$B$2) -> 12197.85 | K11: =J11*(1+$B$2) -> 12807.743 | L11: =K11*(1+$B$2) -> 13448.13 | M11: LSU | N11: =SUM(I11:L11) -> 50070.722
A12: University of Minnesota College of Veterinary Medicine | B12: 1588 | C12: 10188 | D12: 750 | E12: 2000 | F12: - | G12: =SUM(B12:F12) -> 14526 | I12: =G12 -> 14526 | J12: =I12*(1+$B$2) -> 15252.3 | K12: =J12*(1+$B$2) -> 16014.915 | L12: =K12*(1+$B$2) -> 16815.661 | M12: MIN | N12: =SUM(I12:L12) -> 62608.876
A13: Mississippi State University College of Veterinary Medicine | B13: 1200 | C13: 10954 | D13: - | E13: 5004 | G13: =SUM(B13:F13) -> 17158 | I13: =G13 -> 17158 | J13: =I13*(1+$B$2) -> 18015.9 | K13: =J13*(1+$B$2) -> 18916.695 | L13: =K13*(1+$B$2) -> 19862.53 | M13: MIS | N13: =SUM(I13:L13) -> 73953.125
A14: Michigan State University College of Veterinary Medicine | B14: 1660 | C14: 10962 | D14: 1692 | E14: 2304 | F14: 2542 | G14: =SUM(B14:F14) -> 19160 | I14: =G14 -> 19160 | J14: =I14*(1+$B$2) -> 20118 | K14: =J14*(1+$B$2) -> 21123.9 | L14: =K14*(1+$B$2) -> 22180.095 | M14: MSU | N14: =SUM(I14:L14) -> 82581.995
A15: North Carolina State University College of Veterinary Medicine | B15: 2260 | C15: 12154 | D15: - | E15: 4750 | F15: 1418 | G15: =SUM(B15:F15) -> 20582 | I15: =G15 -> 20582 | J15: =I15*(1+$B$2) -> 21611.1 | K15: =J15*(1+$B$2) -> 22691.655 | L15: =K15*(1+$B$2) -> 23826.238 | M15: NCSU | N15: =SUM(I15:L15) -> 88710.993
A16: Oklahoma State University College of Veterinary Medicine | B16: 2780 | C16: 8350 | D16: 1990 | E16: 3480 | F16: - | G16: =SUM(B16:F16) -> 16600 | I16: =G16 -> 16600 | J16: =I16*(1+$B$2) -> 17430 | K16: =J16*(1+$B$2) -> 18301.5 | L16: =K16*(1+$B$2) -> 19216.575 | M16: OKL | N16: =SUM(I16:L16) -> 71548.075
A17: Oregon State University College of Veterinary Medicine | B17: 1908 | C17: 10074 | D17: - | E17: 2616 | F17: - | G17: =SUM(B17:F17) -> 14598 | I17: =G17 -> 14598 | J17: =I17*(1+$B$2) -> 15327.9 | K17: =J17*(1+$B$2) -> 16094.295 | L17: =K17*(1+$B$2) -> 16899.01 | M17: ORE | N17: =SUM(I17:L17) -> 62919.205
A18: The Ohio State University College of Veterinary Medicine | B18: 5058 | C18: 8778 | D18: 2448 | E18: 2916 | F18: 2988 | G18: 21948 | I18: =G18 -> 21948 | J18: =I18*(1+$B$2) -> 23045.4 | K18: =J18*(1+$B$2) -> 24197.67 | L18: =K18*(1+$B$2) -> 25407.554 | M18: OSU | N18: =SUM(I18:L18) -> 94598.624
A19: University of Pennsylvania School of Veterinary Medicine | B19: 4000 | C19: 17850 | D19: - | E19: - | F19: 7000 | G19: =SUM(B19:F19) -> 28850 | I19: =G19 -> 28850 | J19: =I19*(1+$B$2) -> 30292.5 | K19: =J19*(1+$B$2) -> 31807.125 | L19: =K19*(1+$B$2) -> 33397.481 | M19: PENN | N19: =SUM(I19:L19) -> 124347.11
A20: Purdue University School of Veterinary Medicine | B20: 1320 | C20: 10378 | D20: 1640 | E20: 1560 | F20: - | G20: =SUM(B20:F20) -> 14898 | I20: =G20 -> 14898 | J20: =I20*(1+$B$2) -> 15642.9 | K20: =J20*(1+$B$2) -> 16425.045 | L20: =K20*(1+$B$2) -> 17246.297 | M20: PUR | N20: =SUM(I20:L20) -> 64212.242
A21: Texas A&M University College of Veterinary Medicine | B21: 1600 | C21: 10500 | D21: 1000 | E21: 2234 | F21: - | G21: =SUM(B21:F21) -> 15334 | I21: =G21 -> 15334 | J21: =I21*(1+$B$2) -> 16100.7 | K21: =J21*(1+$B$2) -> 16905.735 | L21: =K21*(1+$B$2) -> 17751.022 | M21: TAMU | N21: =SUM(I21:L21) -> 66091.457
A22: University of Tennessee College of Veterinary Medicine | B22: 3274 | C22: 11522 | D22: 1638 | E22: 4256 | F22: - | G22: =SUM(B22:F22) -> 20690 | I22: =G22 -> 20690 | J22: =I22*(1+$B$2) -> 21724.5 | K22: =J22*(1+$B$2) -> 22810.725 | L22: =K22*(1+$B$2) -> 23951.261 | M22: TENN | N22: =SUM(I22:L22) -> 89176.486
A23: Tufts University Cummings School of Veterinary Medicine | B23: 775 | C23: 12150 | D23: - | E23: - | F23: 3650 | G23: =SUM(B23:F23) -> 16575 | I23: =G23 -> 16575 | J23: =I23*(1+$B$2) -> 17403.75 | K23: =J23*(1+$B$2) -> 18273.938 | L23: =K23*(1+$B$2) -> 19187.634 | M23: TUF | N23: =SUM(I23:L23) -> 71440.322
A24: Tuskegee University School of Veterinary Medicine | B24: 3329 | C24: 10606 | D24: 2760 | E24: 2636 | F24: - | G24: =SUM(B24:F24) -> 19331 | I24: =G24 -> 19331 | J24: =I24*(1+$B$2) -> 20297.55 | K24: =J24*(1+$B$2) -> 21312.428 | L24: =K24*(1+$B$2) -> 22378.049 | M24: TUS | N24: =SUM(I24:L24) -> 83319.026
A25: University of California, Davis School of Veterinary Medicine | B25: 3856 | C25: 13318 | D25: 1850 | E25: 2444 | G25: =SUM(B25:F25) -> 21468 | I25: =G25 -> 21468 | J25: =I25*(1+$B$2) -> 22541.4 | K25: =J25*(1+$B$2) -> 23668.47 | L25: =K25*(1+$B$2) -> 24851.894 | M25: UCD | N25: =SUM(I25:L25) -> 92529.764
A26: University of Georgia College of Veterinary Medicine | B26: 1400 | C26: 11190 | D26: 1230 | E26: - | F26: 2530 | G26: =SUM(B26:F26) -> 16350 | I26: =G26 -> 16350 | J26: =I26*(1+$B$2) -> 17167.5 | K26: =J26*(1+$B$2) -> 18025.875 | L26: =K26*(1+$B$2) -> 18927.169 | M26: UGA | N26: =SUM(I26:L26) -> 70470.544
A27: University of Missouri College of Veterinary Medicine | B27: 1634 | C27: 10612 | D27: - | E27: 6670 | G27: =SUM(B27:F27) -> 18916 | I27: =G27 -> 18916 | J27: =I27*(1+$B$2) -> 19861.8 | K27: =J27*(1+$B$2) -> 20854.89 | L27: =K27*(1+$B$2) -> 21897.635 | M27: UMO | N27: =SUM(I27:L27) -> 81530.325
A28: Virginia-Maryland Regional College of Veterinary Medicine | B28: - | C28: - | D28: - | E28: - | F28: - | G28: 11000 | I28: =G28 -> 11000 | J28: =I28*(1+$B$2) -> 11550 | K28: =J28*(1+$B$2) -> 12127.5 | L28: =K28*(1+$B$2) -> 12733.875 | M28: VMR | N28: =SUM(I28:L28) -> 47411.375
A29: Western University of Health Sciences College of Veterinary Medicine | B29: 2105 | C29: 11825 | D29: 3413 | E29: 4972 | F29: 76 | G29: =SUM(B29:F29) -> 22391 | I29: =G29 -> 22391 | J29: =I29*(1+$B$2) -> 23510.55 | K29: =J29*(1+$B$2) -> 24686.077 | L29: =K29*(1+$B$2) -> 25920.381 | M29: WES | N29: =SUM(I29:L29) -> 96508.009
A30: University of Wisconsin at Madison School of Veterinary Medicine | B30: 1470 | C30: 9790 | D30: 830 | E30: - | F30: 4800 | G30: =SUM(B30:F30) -> 16890 | I30: =G30 -> 16890 | J30: =I30*(1+$B$2) -> 17734.5 | K30: =J30*(1+$B$2) -> 18621.225 | L30: =K30*(1+$B$2) -> 19552.286 | M30: WIS | N30: =SUM(I30:L30) -> 72798.011
A31: Washington State University College of Veterinary Medicine | B31: 1200 | C31: 10890 | D31: 1434 | E31: - | F31: 2108 | G31: =SUM(B31:F31) -> 15632 | I31: =G31 -> 15632 | J31: =I31*(1+$B$2) -> 16413.6 | K31: =J31*(1+$B$2) -> 17234.28 | L31: =K31*(1+$B$2) -> 18095.994 | M31: WSU | N31: =SUM(I31:L31) -> 67375.874
A34: Ross University School of Veterinary Medicine | B34: 970 | C34: 12552 | D34: 2248 | E34: 7970 | F34: - | G34: =SUM(B34:F34) -> 23740 | I34: =G34 -> 23740 | J34: =I34*(1+$B$2) -> 24927 | K34: =J34*(1+$B$2) -> 26173.35 | L34: =K34*(1+$B$2) -> 27482.018 | M34: ROS | N34: =SUM(I34:L34) -> 102322.37
A35: St. George's University School of Veterinary Medicine | B35: 970 | C35: 12552 | D35: 2248 | E35: 7970 | F35: - | G35: =SUM(B35:F35) -> 23740 | I35: =G35 -> 23740 | J35: =I35*(1+$B$2) -> 24927 | K35: =J35*(1+$B$2) -> 26173.35 | L35: =K35*(1+$B$2) -> 27482.018 | M35: SGU | N35: =SUM(I35:L35) -> 102322.37
A36: St. Matthews University School of Veterinary Medicine | B36: 970 | C36: 12552 | D36: 2248 | E36: 7970 | F36: - | G36: =SUM(B36:F36) -> 23740 | I36: =G36 -> 23740 | J36: =I36*(1+$B$2) -> 24927 | K36: =J36*(1+$B$2) -> 26173.35 | L36: =K36*(1+$B$2) -> 27482.018 | M36: SMU | N36: =SUM(I36:L36) -> 102322.37
I37: =G37 -> 0
A38: University of Prince Edward Island, Atlantic Veterinary College[48] | B38: 3000 | C38: 15600 | D38: - | E38: - | F38: 1800 | G38: =SUM(B38:F38) -> 20400 | I38: =G38 -> 20400 | J38: =I38*(1+$B$2) -> 21420 | K38: =J38*(1+$B$2) -> 22491 | L38: =K38*(1+$B$2) -> 23615.55 | M38: PEI | N38: =SUM(I38:L38) -> 87926.55
A39: University of Calgary Faculty of Veterinary Medicine[45] | B39: 1752 | C39: 11292 | G39: =SUM(B39:F39) -> 13044 | I39: =G39 -> 13044 | J39: =I39*(1+$B$2) -> 13696.2 | K39: =J39*(1+$B$2) -> 14381.01 | L39: =K39*(1+$B$2) -> 15100.061 | M39: Calgary | N39: =SUM(I39:L39) -> 56221.271
A40: University of Guelph, Ontario Veterinary College[46] | B40: 1800 | C40: 14385 | D40: 1200 | E40: 2500 | F40: - | G40: =SUM(B40:F40) -> 19885 | I40: =G40 -> 19885 | J40: =I40*(1+$B$2) -> 20879.25 | K40: =J40*(1+$B$2) -> 21923.213 | L40: =K40*(1+$B$2) -> 23019.373 | M40: Guelph | N40: =SUM(I40:L40) -> 85706.836
A41: University of Saskatchewan, Western College of Veterinary Medicine[49] | B41: 1000 | C41: 7031 | D41: - | E41: - | F41: 1450 | G41: =SUM(B41:F41) -> 9481 | I41: =G41 -> 9481 | J41: =I41*(1+$B$2) -> 9955.05 | K41: =J41*(1+$B$2) -> 10452.803 | L41: =K41*(1+$B$2) -> 10975.443 | M41: Saskatoon | N41: =SUM(I41:L41) -> 40864.295
A42: University of Montreal, Faculty of Veterinary Medicine[47] | B42: 600 | C42: 10680 | D42: 720 | E42: 2616 | F42: 1800 | G42: =SUM(B42:F42) -> 16416 | I42: =G42 -> 16416 | J42: =I42*(1+$B$2) -> 17236.8 | K42: =J42*(1+$B$2) -> 18098.64 | L42: =K42*(1+$B$2) -> 19003.572 | M42: Montreal | N42: =SUM(I42:L42) -> 70755.012
